Workbook
Name a: #REF!
Name a: #REF!
Name a: #REF!
Name a: #REF!
Name a: #REF!
Name a: #REF!
Name a: #REF!
Name a: #REF!
Name a: #REF!
Name a: #REF!
Name a: #REF!
Name a: #REF!
Name a: #REF!
Name a: #REF!
Name a: #REF!
Name a: #REF!
Name a: #REF!
Name a: #REF!
Name a: #REF!
Name a: #REF!
Name a: #REF!
Name a: #REF!
Name a: #REF!
Name a: #REF!
Name a: #REF!
Name a: #REF!
Name a: #REF!
Name a: #REF!
Name a: #REF!
Name a: #REF!
Name a: #REF!
Name a: #REF!
Name a: #REF!
Name aa: #REF!
Name aa: #REF!
Name aa: #REF!
Name aa: #REF!
Name aa: #REF!
Name aa: #REF!
Name aa: #REF!
Name aa: #REF!
Name aa: #REF!
Name aa: #REF!
Name aa: #REF!
Name aa: #REF!
Name aa: #REF!
Name aa: #REF!
Name aa: #REF!
Name aa: #REF!
Name aa: #REF!
Name aa: #REF!
Name aa: #REF!
Name aa: #REF!
Name aa: #REF!
Name aa: #REF!
Name aa: #REF!
Name aa: #REF!
Name aa: #REF!
Name aa: #REF!
Name aa: #REF!

Sheet 封面
A2: 返回索引页
A3: =(F9&"-"&H9&"-"&J9)*1 -> 42200
D4: 资产评估明细表申报系统
D5: 填表前请先阅读填表说明
F6: 请填写以下内容：
D7: 被评估方：
D9: 评估基准日： | F9: 2015 | G9: 年 | H9: 07 | I9: 月 | J9: 15 | K9: 日
D11: 被评估方填表人：王昀
D13: 填表日期： | G13: 年 | I13: 月 | K13: 日
D14: 以下由评估机构填写
D15: 评估机构： | F15: 山西元通天成资产评估有限公司
D16: 流资类评估人员：
D17: 房屋类评估人员：
D18: 设备类评估人员：

Sheet 索引
A1: 资产评估明细表索引目录
B2: 评估申报表说明（填表前请先阅读）
B3: 评估申报表封面 | D3: 结果汇总(万元表)
B5: 分类汇总(资) | C5: 流动资产 | D5: 货币资金 | F5: 现金 | G5: 分类汇总(负) | H5: 流动负债 | I5: 短期借款
D6: 交易性金融资产 | E6: 股票投资 | F6: 银行存款 | I6: 交易性金融负债
D7: 应收票据 | E7: 债券投资 | F7: 其他货币资金 | I7: 应付票据
D8: 应收账款 | E8: 基金投资 | I8: 应付账款
D9: 预付账款 | E9: 原材料 | I9: 预收账款
D10: 应收股息 | E10: 材料采购（在途物资） | I10: 应付职工薪酬
D11: 应收股利 | E11: 在库周转材料 | I11: 应交税费
D12: 其他应收款 | E12: 委托加工材料 | I12: 应付利息
D13: 存货 | E13: 产成品（库存商品） | I13: 应付利润
D14: 一年内到期的非流动资产 | E14: 在产品（自制半成品） | I14: 其他应付款
D15: 其他流动资产 | E15: 发出商品 | I15: 一年内到期的非流动负债
E16: 在用周转材料 | I16: 其它流动负债
C18: 非流动资产 | D18: 可供出售金融资产 | F18: 股票投资
D19: 持有至到期投资 | E19: 房屋(成本) | F19: 债券投资 | H19: 非流动负债 | I19: 长期借款
D20: 长期应收款 | E20: 房屋(公允价值) | F20: 其他投资 | I20: 应付债券
D21: 长期股权投资 | E21: 土地(成本) | I21: 长期应付款
D22: 投资性房地产 | E22: 土地(公允价值) | F22: 房屋建筑物 | I22: 专项应付款
D23: 固定资产 | F23: 构筑物及其他辅助设施 | I23: 预计负债
D24: 工程物资 | F24: 管道及沟槽 | I24: 递延所得税负债
D25: 在建工程 | E25: 土建工程 | F25: 机器设备 | I25: 其他非流动负债
D26: 固定资产清理 | E26: 设备安装工程 | F26: 车辆
D27: 生产性生物资产 | F27: 电子设备
D28: 油气资产
D29: 无形资产 | E29: 土地使用权
D30: 开发支出 | E30: 矿业权
D31: 商誉 | E31: 其他无形资产
D32: 长期待摊费用
D33: 递延所得税资产
D34: 其他非流动资产

Sheet 填表说明
A1: 评估明细表申报系统使用说明
A2: 返回索引页
A3: 1、 | B3: 本工作簿用于资产评估委托方或资产占有方对评估基准日下的委估资产及负债的账面价值的申报；
B4: 请贵单位填表人员按要求对工作表中涂黄的档次或项目据实填写；
A6: 2、 | B6: 此表各科目明细的合计数，应与本次资产评估范围内的资产评估基准日的资产负债表的数据相符；
A8: 3、 | B8: 如有债权、债务性资产的未达、坏帐及实物性资产的毁损、报废等的项目应在其备注中说明；
A10: 4、 | B10: 明细表中如有日期档，除各明细表中有具体要求外，其格式应为“XXXX-XX”；
B11: 例：“2000年09月10日”应填为“2000-09”
B12: 如无法确定具体月份，请将月份填为01月；
B13: 例：“2000年”应填为“2000-01”
B14: 如为累计发生的业务，请将发生日期填为最后一笔业务的发生日期；
A16: 5、 | B16: 如明细表的行数不够时，请填表人员在“合计”的上两行进行插入行，以免汇总表的公式链接被破坏。
A18: 6、 | B18: 填表人可通过“索引目录”来选择要查看或修改的科目,通过“返回索引页”按纽可返回“选择目录”
A20: 7、 | B20: 填表人可通过点击各汇总表中的“科目名称”进入各明细表，再通过点击各工作表左上角的“返回”来返回上一级科目表。
A22: 注： | B22: 除以上要求企业填写的或按具体情况评估人员另作要求填写的档或项，企业不应对此套表的其它部分
B23: 作任何修改变动，谢谢合作！

Sheet 3-1-1现金
A1: 货币资金-现金评估明细表
A2: 返回 | B2: 返回索引页 | J2: 表3-1-1
A3: =#REF! -> #REF!
A4: =封面!D7&封面!F7 -> 被评估方： | J4: 金额单位：人民币元
A5: 序号 | B5: 存放部门（单位） | C5: 币种 | D5: 外币帐面金额 | E5: 评估基准日汇率 | F5: 帐面价值 | G5: 评估价值 | H5: 增减值 | I5: 增值率% | J5: 备注
B6: 财务室 | C6: 人民币 | F6: 8400.43 | G6: 8400.43 | H6: =G6-F6 -> 0 | I6: =IF(OR(F6<=0,F6=""),"",(G6-F6)/F6*100) -> 0
H7: =G7-F7 -> 0 | I7: =IF(OR(F7<=0,F7=""),"",(G7-F7)/F7*100)
H8: =G8-F8 -> 0 | I8: =IF(OR(F8<=0,F8=""),"",(G8-F8)/F8*100)
H9: =G9-F9 -> 0 | I9: =IF(OR(F9<=0,F9=""),"",(G9-F9)/F9*100)
H10: =G10-F10 -> 0 | I10: =IF(OR(F10<=0,F10=""),"",(G10-F10)/F10*100)
H11: =G11-F11 -> 0 | I11: =IF(OR(F11<=0,F11=""),"",(G11-F11)/F11*100)
H12: =G12-F12 -> 0 | I12: =IF(OR(F12<=0,F12=""),"",(G12-F12)/F12*100)
H13: =G13-F13 -> 0 | I13: =IF(OR(F13<=0,F13=""),"",(G13-F13)/F13*100)
H14: =G14-F14 -> 0 | I14: =IF(OR(F14<=0,F14=""),"",(G14-F14)/F14*100)
H15: =G15-F15 -> 0 | I15: =IF(OR(F15<=0,F15=""),"",(G15-F15)/F15*100)
H16: =G16-F16 -> 0 | I16: =IF(OR(F16<=0,F16=""),"",(G16-F16)/F16*100)
H17: =G17-F17 -> 0 | I17: =IF(OR(F17<=0,F17=""),"",(G17-F17)/F17*100)
H18: =G18-F18 -> 0 | I18: =IF(OR(F18<=0,F18=""),"",(G18-F18)/F18*100)
... H30: =G30-F30 -> 0 | I30: =IF(OR(F30<=0,F30=""),"",(G30-F30)/F30*100)
A31: 合 计 | F31: =SUM(F6:F30) -> 8400.43 | G31: =SUM(G6:G30) -> 8400.43 | H31: =SUM(H6:H30) -> 0 | I31: =IF(OR(F31<=0,F31=""),"",(G31-F31)/F31*100) -> 0

Sheet 3-1-2银行存款
A1: 货币资金-银行存款评估明细表
A2: 返回 | B2: 返回索引页 | K2: 表3-1-2
A3: =#REF! -> #REF!
A4: =封面!D7&封面!F7 -> 被评估方： | K4: 金额单位：人民币元
A5: 序号 | B5: 开户银行 | C5: 帐号 | D5: 币种 | E5: 外币帐面金额 | F5: 评估基准日汇率 | G5: 帐面价值 | H5: 评估价值 | I5: 增减值 | J5: 增值率% | K5: 备注
A6: 1 | B6: 中国银行 | C6: 01-144219348738 | D6: 人民币 | E6: 6144.94 | F6: 6144.94 | G6: 6144.94 | H6: 6144.94 | I6: =H6-G6 -> 0 | J6: =IF(OR(G6<=0,G6=""),"",(H6-G6)/G6*100) -> 0
A7: 2 | B7: 中国工商银行应县支行营业部 | C7: 05070485192000218902 | D7: 人民币 | E7: 3969.1 | F7: 3969.1 | G7: 3969.1 | H7: 3969.1 | I7: =H7-G7 -> 0 | J7: =IF(OR(G7<=0,G7=""),"",(H7-G7)/G7*100) -> 0
A8: 3 | B8: 中国工商银行神头支行营业部 | C8: 0507047619200047094 | D8: 人民币 | E8: 40103.4 | F8: 40103.4 | G8: 40103.4 | H8: 40103.4 | I8: =H8-G8 -> 0 | J8: =IF(OR(G8<=0,G8=""),"",(H8-G8)/G8*100) -> 0
A9: 4 | B9: 太原民生银行 | C9: 0905014170018259 | D9: 人民币 | E9: 1812.26 | F9: 1812.26 | G9: 1812.26 | H9: 1812.26 | I9: =H9-G9 -> 0 | J9: =IF(OR(G9<=0,G9=""),"",(H9-G9)/G9*100) -> 0
A10: 5 | B10: 浦发银行 | C10: 68060154800001131 | D10: 人民币 | E10: 16.9 | F10: 16.9 | G10: 16.9 | H10: 16.9 | I10: =H10-G10 -> 0 | J10: =IF(OR(G10<=0,G10=""),"",(H10-G10)/G10*100) -> 0
A11: 6 | B11: 怀仁县信用社 | C11: 24002501900000003312 | D11: 人民币 | E11: 4780 | F11: 4780 | G11: 4780 | H11: 4780 | I11: =H11-G11 -> 0 | J11: =IF(OR(G11<=0,G11=""),"",(H11-G11)/G11*100) -> 0
A12: 7 | B12: 怀仁县信用社 | C12: 204103010300000040189 | D12: 人民币 | E12: 1266289.8 | F12: 1266289.8 | G12: 1266289.8 | H12: 1266289.8 | I12: =H12-G12 -> 0 | J12: =IF(OR(G12<=0,G12=""),"",(H12-G12)/G12*100) -> 0
I13: =H13-G13 -> 0 | J13: =IF(OR(G13<=0,G13=""),"",(H13-G13)/G13*100)
I14: =H14-G14 -> 0 | J14: =IF(OR(G14<=0,G14=""),"",(H14-G14)/G14*100)
I15: =H15-G15 -> 0 | J15: =IF(OR(G15<=0,G15=""),"",(H15-G15)/G15*100)
I16: =H16-G16 -> 0 | J16: =IF(OR(G16<=0,G16=""),"",(H16-G16)/G16*100)
I17: =H17-G17 -> 0 | J17: =IF(OR(G17<=0,G17=""),"",(H17-G17)/G17*100)
I18: =H18-G18 -> 0 | J18: =IF(OR(G18<=0,G18=""),"",(H18-G18)/G18*100)
I19: =H19-G19 -> 0 | J19: =IF(OR(G19<=0,G19=""),"",(H19-G19)/G19*100)
I20: =H20-G20 -> 0 | J20: =IF(OR(G20<=0,G20=""),"",(H20-G20)/G20*100)
I21: =H21-G21 -> 0 | J21: =IF(OR(G21<=0,G21=""),"",(H21-G21)/G21*100)
I22: =H22-G22 -> 0 | J22: =IF(OR(G22<=0,G22=""),"",(H22-G22)/G22*100)
I23: =H23-G23 -> 0 | J23: =IF(OR(G23<=0,G23=""),"",(H23-G23)/G23*100)
I24: =H24-G24 -> 0 | J24: =IF(OR(G24<=0,G24=""),"",(H24-G24)/G24*100)
... I29: =H29-G29 -> 0 | J29: =IF(OR(G29<=0,G29=""),"",(H29-G29)/G29*100)
A30: 合 计 | G30: =SUM(G6:G29) -> 1323116.4 | H30: =SUM(H6:H29) -> 1323116.4 | I30: =SUM(I6:I29) -> 0 | J30: =IF(OR(G30<=0,G30=""),"",(H30-G30)/G30*100) -> 0

Sheet 3-1-3其他货币
A1: 货币资金-其他货币资金评估明细表
A2: 返回 | B2: 返回索引页 | K2: 表3-1-3
A3: =#REF! -> #REF!
A4: =封面!D7&封面!F7 -> 被评估方： | K4: 金额单位：人民币元
A5: 序号 | B5: 名称及内容 | C5: 用途 | D5: 币种 | E5: 外币帐面金额 | F5: 评估基准日汇率 | G5: 帐面价值 | H5: 评估价值 | I5: 增减值 | J5: 增值率% | K5: 备注
B6: 内部银行 | D6: 人民币 | G6: 10000 | H6: 10000 | I6: =H6-G6 -> 0 | J6: =IF(OR(G6<=0,G6=""),"",(H6-G6)/G6*100) -> 0
I7: =H7-G7 -> 0 | J7: =IF(OR(G7<=0,G7=""),"",(H7-G7)/G7*100)
I8: =H8-G8 -> 0 | J8: =IF(OR(G8<=0,G8=""),"",(H8-G8)/G8*100)
I9: =H9-G9 -> 0 | J9: =IF(OR(G9<=0,G9=""),"",(H9-G9)/G9*100)
I10: =H10-G10 -> 0 | J10: =IF(OR(G10<=0,G10=""),"",(H10-G10)/G10*100)
I11: =H11-G11 -> 0 | J11: =IF(OR(G11<=0,G11=""),"",(H11-G11)/G11*100)
I12: =H12-G12 -> 0 | J12: =IF(OR(G12<=0,G12=""),"",(H12-G12)/G12*100)
I13: =H13-G13 -> 0 | J13: =IF(OR(G13<=0,G13=""),"",(H13-G13)/G13*100)
I14: =H14-G14 -> 0 | J14: =IF(OR(G14<=0,G14=""),"",(H14-G14)/G14*100)
I15: =H15-G15 -> 0 | J15: =IF(OR(G15<=0,G15=""),"",(H15-G15)/G15*100)
I16: =H16-G16 -> 0 | J16: =IF(OR(G16<=0,G16=""),"",(H16-G16)/G16*100)
I17: =H17-G17 -> 0 | J17: =IF(OR(G17<=0,G17=""),"",(H17-G17)/G17*100)
I18: =H18-G18 -> 0 | J18: =IF(OR(G18<=0,G18=""),"",(H18-G18)/G18*100)
... I30: =H30-G30 -> 0 | J30: =IF(OR(G30<=0,G30=""),"",(H30-G30)/G30*100)
A31: 合 计 | G31: =SUM(G6:G30) -> 10000 | H31: =SUM(H6:H30) -> 10000 | I31: =SUM(I6:I30) -> 0 | J31: =IF(OR(G31<=0,G31=""),"",(H31-G31)/G31*100) -> 0

Sheet 表3-2交易性汇总
A1: 交易性金融资产评估汇总表
A2: 返回 | B2: 返回索引页 | F2: 表3-2
A3: 评估基准日：2007年03月31日
A4: =封面!D7&封面!F7 -> 被评估方： | F4: 金额单位：人民币元
A5: 编号 | B5: 科目名称 | C5: 账面价值 | D5: 评估价值 | E5: 增值额 | F5: 增值率%
A6: 3-2-1 | B6: 交易性金融资产-股票投资 | C6: ='3-2-1交易性-股票'!G30 -> 0 | D6: ='3-2-1交易性-股票'!I30 -> 0 | E6: =D6-C6 -> 0 | F6: =IF(OR(C6<=0,C6=""),"",E6/C6*100)
A7: 3-2-2 | B7: 交易性金融资产-债券投资 | C7: ='3-2-2交易性-债券'!H30 -> 0 | D7: ='3-2-2交易性-债券'!I30 -> 0 | E7: =D7-C7 -> 0 | F7: =IF(OR(C7<=0,C7=""),"",E7/C7*100)
A8: 3-2-3 | B8: 交易性金融资产-基金投资 | C8: ='3-2-3交易性-基金'!G30 -> 0 | D8: ='3-2-3交易性-基金'!I30 -> 0 | E8: =D8-C8 -> 0 | F8: =IF(OR(C8<=0,C8=""),"",E8/C8*100)
A25: 3-2 | B25: 交易性金融资产合计 | C25: =SUM(C6:C8) -> 0 | D25: =SUM(D6:D8) -> 0 | E25: =D25-C25 -> 0 | F25: =IF(OR(C25<=0,C25=""),"",E25/C25*100)
A26: =封面!D11&封面!F11 -> 被评估方填表人：王昀 | C26: 共1页第1页 | F26: ="评估人员："&封面!F16 -> 评估人员：
A27: =封面!D13&封面!F13&封面!G13&封面!H13&封面!I13&封面!J13&封面!K13 -> 填表日期：年月日

Sheet 3-2-1交易性-股票
A1: 交易性金融资产-股票投资评估明细表
A2: 返回 | B2: 返回索引页 | L2: 表3-2-1
A3: =#REF! -> #REF!
A4: =封面!D7&封面!F7 -> 被评估方： | K4: 金额单位：人民币元
A5: 序号 | B5: 被投资单位名称 | C5: 股票名称 | D5: 投资日期 | E5: 持股数量 | F5: 成 本 | G5: 账面价值 | H5: 基准日收盘价元/股 | I5: 评估价值 | J5: 增减值 | K5: 增值率% | L5: 备注
K6: =IF(OR(G6<=0,G6=""),"",(I6-G6)/G6*100)
K7: =IF(OR(G7<=0,G7=""),"",(I7-G7)/G7*100)
K8: =IF(OR(G8<=0,G8=""),"",(I8-G8)/G8*100)
K9: =IF(OR(G9<=0,G9=""),"",(I9-G9)/G9*100)
K10: =IF(OR(G10<=0,G10=""),"",(I10-G10)/G10*100)
K11: =IF(OR(G11<=0,G11=""),"",(I11-G11)/G11*100)
K12: =IF(OR(G12<=0,G12=""),"",(I12-G12)/G12*100)
K13: =IF(OR(G13<=0,G13=""),"",(I13-G13)/G13*100)
K14: =IF(OR(G14<=0,G14=""),"",(I14-G14)/G14*100)
K15: =IF(OR(G15<=0,G15=""),"",(I15-G15)/G15*100)
K16: =IF(OR(G16<=0,G16=""),"",(I16-G16)/G16*100)
K17: =IF(OR(G17<=0,G17=""),"",(I17-G17)/G17*100)
... K29: =IF(OR(G29<=0,G29=""),"",(I29-G29)/G29*100)
A30: 合 计 | G30: =SUM(G6:G29) -> 0 | I30: =SUM(I6:I29) -> 0 | J30: =SUM(J6:J29) -> 0 | K30: =IF(OR(G30<=0,G30=""),"",(I30-G30)/G30*100)

Sheet 3-2-2交易性-债券
A1: 交易性金融资产-债券投资评估明细表
A2: 返回 | B2: 返回索引页 | L2: 表3-2-2
A3: =#REF! -> #REF!
A4: =封面!D7&封面!F7 -> 被评估方： | K4: 金额单位：人民币元
A5: 序号 | B5: 被投资单位名称 | C5: 债券名称 | D5: 发行日期 | E5: 投资日期 | F5: 票面利率% | G5: 成 本 | H5: 账面价值 | I5: 评估价值 | J5: 增减值 | K5: 增值率% | L5: 备注
K6: =IF(OR(H6<=0,H6=""),"",(I6-H6)/H6*100)
K7: =IF(OR(H7<=0,H7=""),"",(I7-H7)/H7*100)
K8: =IF(OR(H8<=0,H8=""),"",(I8-H8)/H8*100)
K9: =IF(OR(H9<=0,H9=""),"",(I9-H9)/H9*100)
K10: =IF(OR(H10<=0,H10=""),"",(I10-H10)/H10*100)
K11: =IF(OR(H11<=0,H11=""),"",(I11-H11)/H11*100)
K12: =IF(OR(H12<=0,H12=""),"",(I12-H12)/H12*100)
K13: =IF(OR(H13<=0,H13=""),"",(I13-H13)/H13*100)
K14: =IF(OR(H14<=0,H14=""),"",(I14-H14)/H14*100)
K15: =IF(OR(H15<=0,H15=""),"",(I15-H15)/H15*100)
K16: =IF(OR(H16<=0,H16=""),"",(I16-H16)/H16*100)
K17: =IF(OR(H17<=0,H17=""),"",(I17-H17)/H17*100)
... K29: =IF(OR(H29<=0,H29=""),"",(I29-H29)/H29*100)
A30: 合 计 | H30: =SUM(H6:H29) -> 0 | I30: =SUM(I6:I29) -> 0 | J30: =SUM(J6:J29) -> 0 | K30: =IF(OR(H30<=0,H30=""),"",(I30-H30)/H30*100)

Sheet 3-2-3交易性-基金
A1: 交易性金融资产-基金投资评估明细表
A2: 返回 | B2: 返回索引页 | L2: 表3-2-3
A3: =#REF! -> #REF!
A4: =封面!D7&封面!F7 -> 被评估方： | K4: 金额单位：人民币元
A5: 序号 | B5: 基金发行单位 | C5: 基金名称 | D5: 基金类型 | E5: 投资日期 | F5: 成 本 | G5: 账面价值 | H5: 基准日净值/份 | I5: 评估价值 | J5: 增减值 | K5: 增值率% | L5: 备注
K6: =IF(OR(G6<=0,G6=""),"",(I6-G6)/G6*100)
K7: =IF(OR(G7<=0,G7=""),"",(I7-G7)/G7*100)
K8: =IF(OR(G8<=0,G8=""),"",(I8-G8)/G8*100)
K9: =IF(OR(G9<=0,G9=""),"",(I9-G9)/G9*100)
K10: =IF(OR(G10<=0,G10=""),"",(I10-G10)/G10*100)
K11: =IF(OR(G11<=0,G11=""),"",(I11-G11)/G11*100)
K12: =IF(OR(G12<=0,G12=""),"",(I12-G12)/G12*100)
K13: =IF(OR(G13<=0,G13=""),"",(I13-G13)/G13*100)
K14: =IF(OR(G14<=0,G14=""),"",(I14-G14)/G14*100)
K15: =IF(OR(G15<=0,G15=""),"",(I15-G15)/G15*100)
K16: =IF(OR(G16<=0,G16=""),"",(I16-G16)/G16*100)
K17: =IF(OR(G17<=0,G17=""),"",(I17-G17)/G17*100)
... K29: =IF(OR(G29<=0,G29=""),"",(I29-G29)/G29*100)
A30: 合 计 | G30: =SUM(G6:G29) -> 0 | I30: =SUM(I6:I29) -> 0 | J30: =SUM(J6:J29) -> 0 | K30: =IF(OR(G30<=0,G30=""),"",(I30-G30)/G30*100)

Sheet 3-3应收票据
A1: 应收票据明细评估明细表
A2: 返回 | B2: 返回索引页 | J2: 表3-3
A3: =#REF! -> #REF!
A4: =封面!D7&封面!F7 -> 被评估方： | J4: 金额单位：人民币元
A5: 序号 | B5: 户名（结算对象） | C5: 出票日期 | D5: 到期日期 | E5: 票面利率% | F5: 帐面价值 | G5: 评估价值 | H5: 增减值 | I5: 增值率% | J5: 备注
H6: =G6-F6 -> 0 | I6: =IF(OR(F6<=0,F6=""),"",(G6-F6)/F6*100)
H7: =G7-F7 -> 0 | I7: =IF(OR(F7<=0,F7=""),"",(G7-F7)/F7*100)
H8: =G8-F8 -> 0 | I8: =IF(OR(F8<=0,F8=""),"",(G8-F8)/F8*100)
H9: =G9-F9 -> 0 | I9: =IF(OR(F9<=0,F9=""),"",(G9-F9)/F9*100)
H10: =G10-F10 -> 0 | I10: =IF(OR(F10<=0,F10=""),"",(G10-F10)/F10*100)
H11: =G11-F11 -> 0 | I11: =IF(OR(F11<=0,F11=""),"",(G11-F11)/F11*100)
H12: =G12-F12 -> 0 | I12: =IF(OR(F12<=0,F12=""),"",(G12-F12)/F12*100)
H13: =G13-F13 -> 0 | I13: =IF(OR(F13<=0,F13=""),"",(G13-F13)/F13*100)
H14: =G14-F14 -> 0 | I14: =IF(OR(F14<=0,F14=""),"",(G14-F14)/F14*100)
H15: =G15-F15 -> 0 | I15: =IF(OR(F15<=0,F15=""),"",(G15-F15)/F15*100)
H16: =G16-F16 -> 0 | I16: =IF(OR(F16<=0,F16=""),"",(G16-F16)/F16*100)
H17: =G17-F17 -> 0 | I17: =IF(OR(F17<=0,F17=""),"",(G17-F17)/F17*100)
... H30: =G30-F30 -> 0 | I30: =IF(OR(F30<=0,F30=""),"",(G30-F30)/F30*100)
A31: 合 计 | F31: =SUM(F6:F30) -> 0 | G31: =SUM(G6:G30) -> 0 | H31: =SUM(H6:H30) -> 0 | I31: =IF(OR(F31<=0,F31=""),"",(G31-F31)/F31*100)

Sheet 3-4应收账款
A1: 应收账款评估明细表
A2: 返回 | B2: 返回索引页 | J2: 表3-4
A3: =#REF! -> #REF!
A4: =封面!D7&封面!F7 -> 被评估方： | J4: 金额单位：人民币元
A5: 序号 | B5: 欠款单位名称（结算对象） | C5: 业务内容 | D5: 发生日期 | E5: 帐龄(月) | F5: 帐面价值 | G5: 评估价值 | H5: 增减值 | I5: 增值率% | J5: 备注 | K5: 备注
A6: 1 | H6: =G6-F6 -> 0 | I6: =IF(OR(F6<=0,F6=""),"",(G6-F6)/F6*100)
A7: 2 | H7: =G7-F7 -> 0 | I7: =IF(OR(F7<=0,F7=""),"",(G7-F7)/F7*100)
A8: 3 | H8: =G8-F8 -> 0 | I8: =IF(OR(F8<=0,F8=""),"",(G8-F8)/F8*100)
A9: 4 | H9: =G9-F9 -> 0 | I9: =IF(OR(F9<=0,F9=""),"",(G9-F9)/F9*100)
A10: 5 | H10: =G10-F10 -> 0 | I10: =IF(OR(F10<=0,F10=""),"",(G10-F10)/F10*100)
A11: 6 | H11: =G11-F11 -> 0 | I11: =IF(OR(F11<=0,F11=""),"",(G11-F11)/F11*100)
A12: 7 | H12: =G12-F12 -> 0 | I12: =IF(OR(F12<=0,F12=""),"",(G12-F12)/F12*100)
A13: 8 | H13: =G13-F13 -> 0 | I13: =IF(OR(F13<=0,F13=""),"",(G13-F13)/F13*100)
A14: 9 | H14: =G14-F14 -> 0 | I14: =IF(OR(F14<=0,F14=""),"",(G14-F14)/F14*100)
A15: 10 | H15: =G15-F15 -> 0 | I15: =IF(OR(F15<=0,F15=""),"",(G15-F15)/F15*100)
A16: 11 | H16: =G16-F16 -> 0 | I16: =IF(OR(F16<=0,F16=""),"",(G16-F16)/F16*100)
A17: 12 | H17: =G17-F17 -> 0 | I17: =IF(OR(F17<=0,F17=""),"",(G17-F17)/F17*100)
... A32: 27 | H32: =G32-F32 -> 0 | I32: =IF(OR(F32<=0,F32=""),"",(G32-F32)/F32*100)
A33: 合 计 | F33: =SUM(F6:F32) -> 0 | G33: =SUM(G6:G26) -> 0 | H33: =SUM(H26:H26) -> 0 | I33: =IF(OR(F33<=0,F33=""),"",(G33-F33)/F33*100)
A34: 减：应收账款坏账准备 | H34: =G34-F34 -> 0 | I34: =IF(OR(F34<=0,F34=""),"",(G34-F34)/F34*100)
A35: 应收账款净额 | F35: =F33-F34 -> 0 | G35: =G33-G34 -> 0 | H35: =H33-H34 -> 0 | I35: =IF(OR(F35<=0,F35=""),"",(G35-F35)/F35*100)

Sheet 3-5预付账款
A1: 预付账款评估明细表
A2: 返回 | B2: 返回索引页 | J2: 表3-5
A3: =#REF! -> #REF!
A4: =封面!D7&封面!F7 -> 被评估方： | J4: 金额单位：人民币元
A5: 序号 | B5: 收款单位名称（结算对象） | C5: 业务内容 | D5: 发生日期 | E5: 帐龄(月) | F5: 帐面价值 | G5: 评估价值 | H5: 增减值 | I5: 增值率% | J5: 备注
B6: 太原高新区汇源煤炭信 | E6: 3年以上 | F6: 35000 | G6: 35000 | H6: =G6-F6 -> 0 | I6: =IF(OR(F6<=0,F6=""),"",(G6-F6)/F6*100) -> 0
B7: 大同工程公司 | E7: 3年以上 | F7: 200000 | G7: 200000 | H7: =G7-F7 -> 0 | I7: =IF(OR(F7<=0,F7=""),"",(G7-F7)/F7*100) -> 0
B8: 山西同地源地质矿产技 | E8: 1年以内 | F8: 56000 | G8: 56000 | H8: =G8-F8 -> 0 | I8: =IF(OR(F8<=0,F8=""),"",(G8-F8)/F8*100) -> 0
B9: 怀仁县民用爆破器材专 | E9: 1年以内 | F9: 229729.99 | G9: 229729.99 | H9: =G9-F9 -> 0 | I9: =IF(OR(F9<=0,F9=""),"",(G9-F9)/F9*100) -> 0
B10: 山西省财政厅 | E10: 1年以内 | F10: 1245200 | G10: 1245200 | H10: =G10-F10 -> 0 | I10: =IF(OR(F10<=0,F10=""),"",(G10-F10)/F10*100) -> 0
B11: 山西省源通煤矿工程设 | E11: 1年以内 | F11: 800000 | G11: 800000 | H11: =G11-F11 -> 0 | I11: =IF(OR(F11<=0,F11=""),"",(G11-F11)/F11*100) -> 0
B12: 太原迈世达 | E12: 3年以上 | F12: 80000 | G12: 80000 | H12: =G12-F12 -> 0 | I12: =IF(OR(F12<=0,F12=""),"",(G12-F12)/F12*100) -> 0
B13: 中国有色金属工业第十 | E13: 1年以内 | F13: 100000 | G13: 100000 | H13: =G13-F13 -> 0 | I13: =IF(OR(F13<=0,F13=""),"",(G13-F13)/F13*100) -> 0
B14: 中国有色金属工业第十四冶金建设公司 | E14: 1-2年 | F14: 100000 | G14: 100000 | H14: =G14-F14 -> 0 | I14: =IF(OR(F14<=0,F14=""),"",(G14-F14)/F14*100) -> 0
B15: 大同市龙煤煤矿机械销售有限公司 | E15: 1-2年 | F15: 3000000 | G15: 3000000 | H15: =G15-F15 -> 0 | I15: =IF(OR(F15<=0,F15=""),"",(G15-F15)/F15*100) -> 0
B16: 山西鹏跃送变电工程有限公司 | E16: 3年以上 | F16: 315500 | G16: 315500 | H16: =G16-F16 -> 0 | I16: =IF(OR(F16<=0,F16=""),"",(G16-F16)/F16*100) -> 0
B17: 怀仁县供电支公司 | E17: 1-2年 | F17: 776130.45 | G17: 776130.45 | H17: =G17-F17 -> 0 | I17: =IF(OR(F17<=0,F17=""),"",(G17-F17)/F17*100) -> 0
B18: 营口燕南石化设备有限公司 | E18: 1年以内 | F18: 6580000 | G18: 6580000 | H18: =G18-F18 -> 0 | I18: =IF(OR(F18<=0,F18=""),"",(G18-F18)/F18*100) -> 0
B19: 山西煤矿设备安全技术检测中心 | F19: 26600 | G19: 26600 | H19: =G19-F19 -> 0 | I19: =IF(OR(F19<=0,F19=""),"",(G19-F19)/F19*100) -> 0
B20: 山西地宝能源有限公司 | E20: 1年以内 | F20: 610000 | G20: 610000 | H20: =G20-F20 -> 0 | I20: =IF(OR(F20<=0,F20=""),"",(G20-F20)/F20*100) -> 0
B21: 山西中安科贸有限公司 | E21: 2-3年 | F21: 1000000 | G21: 1000000 | H21: =G21-F21 -> 0 | I21: =IF(OR(F21<=0,F21=""),"",(G21-F21)/F21*100) -> 0
B22: 山西智德安全工程技术有限公司 | E22: 2-3年 | F22: 120000 | G22: 120000 | H22: =G22-F22 -> 0 | I22: =IF(OR(F22<=0,F22=""),"",(G22-F22)/F22*100) -> 0
B23: 山西科环环境工程监理咨询有限公司 | E23: 1年以内 | F23: 300000 | G23: 300000 | H23: =G23-F23 -> 0 | I23: =IF(OR(F23<=0,F23=""),"",(G23-F23)/F23*100) -> 0
B24: 朔州市远阳科技文化有限公司 | E24: 1年以内 | F24: 164019.4 | G24: 164019.4 | H24: =G24-F24 -> 0 | I24: =IF(OR(F24<=0,F24=""),"",(G24-F24)/F24*100) -> 0
B25: 山西贤峰机械设备有限公司 | E25: 1年以内 | F25: 100000 | G25: 100000 | H25: =G25-F25 -> 0 | I25: =IF(OR(F25<=0,F25=""),"",(G25-F25)/F25*100) -> 0
E26: =IF(OR(D26="",封面!$A$3=""),"",(YEAR(封面!$A$3)-YEAR(D26))*12+(MONTH(封面!$A$3)-MONTH(D26))) | I26: =IF(OR(F26<=0,F26=""),"",(G26-F26)/F26*100)
E27: =IF(OR(D27="",封面!$A$3=""),"",(YEAR(封面!$A$3)-YEAR(D27))*12+(MONTH(封面!$A$3)-MONTH(D27))) | I27: =IF(OR(F27<=0,F27=""),"",(G27-F27)/F27*100)
E28: =IF(OR(D28="",封面!$A$3=""),"",(YEAR(封面!$A$3)-YEAR(D28))*12+(MONTH(封面!$A$3)-MONTH(D28))) | I28: =IF(OR(F28<=0,F28=""),"",(G28-F28)/F28*100)
A29: 合 计 | E29: =IF(OR(D29="",封面!$A$3=""),"",(YEAR(封面!$A$3)-YEAR(D29))*12+(MONTH(封面!$A$3)-MONTH(D29))) | F29: =SUM(F6:F28) -> 15838180 | G29: =SUM(G6:G28) -> 15838180 | H29: =SUM(H6:H28) -> 0 | I29: =IF(OR(F29<=0,F29=""),"",(G29-F29)/F29*100) -> 0
A30: 减：预付账款坏账准备 | E30: =IF(OR(D30="",封面!$A$3=""),"",(YEAR(封面!$A$3)-YEAR(D30))*12+(MONTH(封面!$A$3)-MONTH(D30))) | H30: =G30-F30 -> 0 | I30: =IF(OR(F30<=0,F30=""),"",(G30-F30)/F30*100)
A31: 预付账款净额 | F31: =F29-F30 -> 15838180 | G31: =G29-G30 -> 15838180 | H31: =H29-H30 -> 0 | I31: =IF(OR(F31<=0,F31=""),"",(G31-F31)/F31*100) -> 0

Sheet 3-6应收利息
A1: 应收利息评估明细表
A2: 返回 | B2: 返回索引页 | K2: 表3-6
A3: =#REF! -> #REF!
A4: =封面!D7&封面!F7 -> 被评估方： | K4: 金额单位：人民币元
A5: 序号 | B5: 欠款单位名称（结算对象） | C5: 发生日期 | D5: 本金 | E5: 利息所属期间 | F5: 利息率 | G5: 帐面价值 | H5: 评估价值 | I5: 增减值 | J5: 增值率% | K5: 备注
I6: =H6-G6 -> 0 | J6: =IF(OR(G6<=0,G6=""),"",(H6-G6)/G6*100)
I7: =H7-G7 -> 0 | J7: =IF(OR(G7<=0,G7=""),"",(H7-G7)/G7*100)
I8: =H8-G8 -> 0 | J8: =IF(OR(G8<=0,G8=""),"",(H8-G8)/G8*100)
I9: =H9-G9 -> 0 | J9: =IF(OR(G9<=0,G9=""),"",(H9-G9)/G9*100)
I10: =H10-G10 -> 0 | J10: =IF(OR(G10<=0,G10=""),"",(H10-G10)/G10*100)
I11: =H11-G11 -> 0 | J11: =IF(OR(G11<=0,G11=""),"",(H11-G11)/G11*100)
I12: =H12-G12 -> 0 | J12: =IF(OR(G12<=0,G12=""),"",(H12-G12)/G12*100)
I13: =H13-G13 -> 0 | J13: =IF(OR(G13<=0,G13=""),"",(H13-G13)/G13*100)
I14: =H14-G14 -> 0 | J14: =IF(OR(G14<=0,G14=""),"",(H14-G14)/G14*100)
I15: =H15-G15 -> 0 | J15: =IF(OR(G15<=0,G15=""),"",(H15-G15)/G15*100)
I16: =H16-G16 -> 0 | J16: =IF(OR(G16<=0,G16=""),"",(H16-G16)/G16*100)
I17: =H17-G17 -> 0 | J17: =IF(OR(G17<=0,G17=""),"",(H17-G17)/G17*100)
... I30: =H30-G30 -> 0 | J30: =IF(OR(G30<=0,G30=""),"",(H30-G30)/G30*100)
A31: 合 计 | G31: =SUM(G6:G30) -> 0 | H31: =SUM(H6:H30) -> 0 | I31: =SUM(I6:I30) -> 0 | J31: =IF(OR(G31<=0,G31=""),"",(H31-G31)/G31*100)

Sheet 3-7应收股利
A1: 应收股利（应收利润）评估明细表
A2: 返回 | B2: 返回索引页 | I2: 表3-7
A3: =#REF! -> #REF!
A4: =封面!D7&封面!F7 -> 被评估方： | I4: 金额单位：人民币元
A5: 序号 | B5: 户名（结算对象） | C5: 发生日期 | D5: 股利（利润）所属期间 | E5: 帐面价值 | F5: 评估价值 | G5: 增减值 | H5: 增值率% | I5: 备注
G6: =F6-E6 -> 0 | H6: =IF(OR(E6<=0,E6=""),"",(F6-E6)/E6*100)
G7: =F7-E7 -> 0 | H7: =IF(OR(E7<=0,E7=""),"",(F7-E7)/E7*100)
G8: =F8-E8 -> 0 | H8: =IF(OR(E8<=0,E8=""),"",(F8-E8)/E8*100)
G9: =F9-E9 -> 0 | H9: =IF(OR(E9<=0,E9=""),"",(F9-E9)/E9*100)
G10: =F10-E10 -> 0 | H10: =IF(OR(E10<=0,E10=""),"",(F10-E10)/E10*100)
G11: =F11-E11 -> 0 | H11: =IF(OR(E11<=0,E11=""),"",(F11-E11)/E11*100)
G12: =F12-E12 -> 0 | H12: =IF(OR(E12<=0,E12=""),"",(F12-E12)/E12*100)
G13: =F13-E13 -> 0 | H13: =IF(OR(E13<=0,E13=""),"",(F13-E13)/E13*100)
G14: =F14-E14 -> 0 | H14: =IF(OR(E14<=0,E14=""),"",(F14-E14)/E14*100)
G15: =F15-E15 -> 0 | H15: =IF(OR(E15<=0,E15=""),"",(F15-E15)/E15*100)
G16: =F16-E16 -> 0 | H16: =IF(OR(E16<=0,E16=""),"",(F16-E16)/E16*100)
G17: =F17-E17 -> 0 | H17: =IF(OR(E17<=0,E17=""),"",(F17-E17)/E17*100)
... G30: =F30-E30 -> 0 | H30: =IF(OR(E30<=0,E30=""),"",(F30-E30)/E30*100)
A31: 合 计 | E31: =SUM(E6:E30) -> 0 | F31: =SUM(F6:F30) -> 0 | G31: =SUM(G6:G30) -> 0 | H31: =IF(OR(E31<=0,E31=""),"",(F31-E31)/E31*100)

Sheet 3-8其他应收
A1: 其他应收款评估明细表
A2: 返回 | B2: 返回索引页 | J2: 表3-8
A3: =#REF! -> #REF!
A4: =封面!D7&封面!F7 -> 被评估方： | J4: 金额单位：人民币元
A5: 序号 | B5: 欠款单位（人）名称 | C5: 业务内容 | D5: 发生日期 | E5: 帐龄(月) | F5: 帐面价值 | G5: 评估价值 | H5: 增减值 | I5: 增值率% | J5: 备注
A6: 2 | B6: 周文武装卸搬运队 | C6: 款已付，发票未收回 | E6: 3年以上 | F6: 192615.53 | G6: =F6 -> 192615.53 | H6: =G6-F6 -> 0 | I6: =IF(OR(F6<=0,F6=""),"",(G6-F6)/F6*100) -> 0
A7: 3 | B7: 县煤管局 | C7: 风险抵押金 | E7: 3年以上 | F7: 797400 | G7: =F7 -> 797400 | H7: =G7-F7 -> 0 | I7: =IF(OR(F7<=0,F7=""),"",(G7-F7)/F7*100) -> 0
A8: 4 | B8: 怀仁县新建路信用社 | C8: 款已付，利息单未收回 | E8: 3年以上 | F8: 100000 | G8: =F8 -> 100000 | H8: =G8-F8 -> 0 | I8: =IF(OR(F8<=0,F8=""),"",(G8-F8)/F8*100) -> 0
A9: 5 | B9: 县公安局 | C9: 借款 | E9: 1年以上 | F9: 130000 | G9: =F9 -> 130000 | H9: =G9-F9 -> 0 | I9: =IF(OR(F9<=0,F9=""),"",(G9-F9)/F9*100) -> 0
A10: 6 | B10: 机关后勤中心 | C10: 借款 | E10: 1年以上 | F10: 30000 | G10: =F10 -> 30000 | H10: =G10-F10 -> 0 | I10: =IF(OR(F10<=0,F10=""),"",(G10-F10)/F10*100) -> 0
A11: 7 | B11: 吴家窑人民政府 | C11: 借款 | E11: 1年以上 | F11: 1800000 | G11: =F11 -> 1800000 | H11: =G11-F11 -> 0 | I11: =IF(OR(F11<=0,F11=""),"",(G11-F11)/F11*100) -> 0
A12: 8 | B12: 怀仁县吴家窑镇人民政 | C12: 借款 | E12: 1年以上 | F12: 200000 | G12: =F12 -> 200000 | H12: =G12-F12 -> 0 | I12: =IF(OR(F12<=0,F12=""),"",(G12-F12)/F12*100) -> 0
A13: 9 | B13: 铺龙湾村 | C13: 借款 | E13: 1年以上 | F13: 50000 | G13: =F13 -> 50000 | H13: =G13-F13 -> 0 | I13: =IF(OR(F13<=0,F13=""),"",(G13-F13)/F13*100) -> 0
A14: 11 | B14: 安全风险抵押 | C14: 单位安全风险抵押金，已回函 | E14: 3年以上 | F14: 600000 | G14: =F14 -> 600000 | H14: =G14-F14 -> 0 | I14: =IF(OR(F14<=0,F14=""),"",(G14-F14)/F14*100) -> 0
A15: 12 | B15: 李高鹏 | C15: 借款 | E15: 1年以上 | F15: 10000 | G15: =F15 -> 10000 | H15: =G15-F15 -> 0 | I15: =IF(OR(F15<=0,F15=""),"",(G15-F15)/F15*100) -> 0
A16: 13 | B16: 张玉堂 | C16: 借款 | E16: 1年以上 | F16: 2592 | G16: =F16 -> 2592 | H16: =G16-F16 -> 0 | I16: =IF(OR(F16<=0,F16=""),"",(G16-F16)/F16*100) -> 0
A17: 14 | B17: 刘凤山 | C17: 借款 | E17: 1年以上 | F17: 112513.44 | G17: =F17 -> 112513.44 | H17: =G17-F17 -> 0 | I17: =IF(OR(F17<=0,F17=""),"",(G17-F17)/F17*100) -> 0
... A23: 20 | B23: 连红梅 | C23: 借款 | E23: 1年以上 | F23: 1640 | G23: =F23 -> 1640 | H23: =G23-F23 -> 0 | I23: =IF(OR(F23<=0,F23=""),"",(G23-F23)/F23*100) -> 0
A24: 21 | B24: 王富强 | C24: 借款 | E24: 1年以上 | F24: 50000 | G24: =F24 -> 50000 | H24: =G24-F24 -> 0
A25: 22 | B25: 杨晓峰 | C25: 借款 | E25: 1年以上 | F25: 5000 | G25: =F25 -> 5000 | H25: =G25-F25 -> 0
A26: 23 | B26: 周义 | C26: 借款 | E26: 1年以上 | F26: 28292 | G26: =F26 -> 28292 | H26: =G26-F26 -> 0
A27: 35 | B27: 怀仁县鸿达综合经销部 | C27: 款已付发票未收回 | E27: 3年以上 | F27: 50000 | G27: =F27 -> 50000 | H27: =G27-F27 -> 0
A28: 36 | B28: 怀仁县全福液氧化气经销门市 | C28: 款已付发票未收回 | E28: 3年以上 | F28: 5185 | G28: =F28 -> 5185 | H28: =G28-F28 -> 0
A29: 37 | B29: 大同翔宇商贸有限责任公司 | C29: 款已付发票未收回 | E29: 1年以上 | F29: 50000 | G29: =F29 -> 50000 | H29: =G29-F29 -> 0
A30: 38 | B30: 怀仁县地方国营沙石煤矿 | C30: 本公司旧名称银行帐户 | E30: 1年以上 | F30: 724.33 | G30: =F30 -> 724.33 | H30: =G30-F30 -> 0
A31: 39 | B31: 怀仁县恒亿通洗煤有限责任公司 | C31: 多开发票 | E31: 1-2年 | F31: 200000 | G31: =F31 -> 200000 | H31: =G31-F31 -> 0
A32: 40 | B32: 棚户区 | C32: 建棚户区已付的设计费等 | E32: 1年以上 | F32: 270000 | G32: =F32 -> 270000 | H32: =G32-F32 -> 0
A33: 41 | H33: =G33-F33 -> 0
A34: 42 | H34: =G34-F34 -> 0
A35: 43 | H35: =G35-F35 -> 0
A36: 44 | H36: =G36-F36 -> 0
A37: 45 | H37: =G37-F37 -> 0
A38: 46 | H38: =G38-F38 -> 0
A39: 47 | H39: =G39-F39 -> 0
A40: 48 | H40: =G40-F40 -> 0
A41: 49 | H41: =G41-F41 -> 0
A42: 50 | H42: =G42-F42 -> 0
A43: 51 | H43: =G43-F43 -> 0
A44: 52 | H44: =G44-F44 -> 0 | I44: =IF(OR(F44<=0,F44=""),"",(G44-F44)/F44*100)
B45: 预计风险损失
A46: 合 计 | F46: =SUM(F6:F45) -> 4874972.8 | G46: =SUM(G6:G45) -> 4874972.8 | H46: =G46-F46 -> 0
A47: 减：其他应收款坏账准备 | H47: =G47-F47 -> 0
A48: 其他应收款净额 | F48: =F46-F47 -> 4874972.8 | G48: =F48 -> 4874972.8 | H48: =G48-F48 -> 0

Sheet 表3-9存货汇总
A1: 存货评估汇总表
A2: 返回 | B2: 返回索引页 | F2: 表3-9
A3: =#REF! -> #REF!
A4: =封面!D7&封面!F7 -> 被评估方： | F4: 金额单位：人民币元
A5: 编号 | B5: 科目名称 | C5: 帐面价值 | D5: 评估价值 | E5: 增值额 | F5: 增值率%
A6: 3-9-1 | B6: 原材料 | C6: ='3-9-1原材料'!G3336 -> 0 | D6: ='3-9-1原材料'!J3336 -> 0 | E6: =D6-C6 -> 0 | F6: =IF(OR(C6<=0,C6=""),"",E6/C6*100) | G6: =C6/$C$23 -> 0
A7: 3-9-2 | B7: 材料采购（在途物资） | C7: ='3-9-2材料采购'!F31 -> 0 | D7: ='3-9-2材料采购'!I31 -> 0 | E7: =D7-C7 -> 0 | F7: =IF(OR(C7<=0,C7=""),"",E7/C7*100) | G7: =C7/$C$23 -> 0
A8: 3-9-3 | B8: 在库周转材料 | C8: ='3-9-3在库周转'!G31 -> 0 | D8: ='3-9-3在库周转'!K31 -> 0 | E8: =D8-C8 -> 0 | F8: =IF(OR(C8<=0,C8=""),"",E8/C8*100) | G8: =C8/$C$23 -> 0
A9: 3-9-4 | B9: 委托加工材料 | C9: ='3-9-4委托加工'!G31 -> 0 | D9: ='3-9-4委托加工'!J31 -> 0 | E9: =D9-C9 -> 0 | F9: =IF(OR(C9<=0,C9=""),"",E9/C9*100) | G9: =C9/$C$23 -> 0
A10: 3-9-5 | B10: 产成品（库存商品） | C10: ='3-9-5产成品'!H31 -> 21032458 | D10: ='3-9-5产成品'!M31 -> 0 | E10: =D10-C10 -> -21032458 | F10: =IF(OR(C10<=0,C10=""),"",E10/C10*100) -> -100 | G10: =C10/$C$23 -> 1
A11: 3-9-6 | B11: 在产品（自制半成品） | C11: ='3-9-6在产品'!F31 -> 0 | D11: ='3-9-6在产品'!I31 -> 0 | E11: =D11-C11 -> 0 | F11: =IF(OR(C11<=0,C11=""),"",E11/C11*100) | G11: =C11/$C$23 -> 0
A12: 3-9-7 | B12: 发出商品 | C12: ='3-9-7发出商品'!G31 -> 0 | D12: ='3-9-7发出商品'!J31 -> 0 | E12: =D12-C12 -> 0 | F12: =IF(OR(C12<=0,C12=""),"",E12/C12*100) | G12: =C12/$C$23 -> 0
A13: 3-9-8 | B13: 在用周转材料 | C13: ='3-9-8在用周转'!G31 -> 0 | D13: ='3-9-8在用周转'!K31 -> 0 | E13: =D13-C13 -> 0 | F13: =IF(OR(C13<=0,C13=""),"",E13/C13*100) | G13: =C13/$C$23 -> 0
B23: 存货合计 | C23: =SUM(C6:C15) -> 21032458 | D23: =SUM(D6:D15) -> 0 | E23: =D23-C23 -> -21032458 | F23: =IF(OR(C23<=0,C23=""),"",E23/C23*100) -> -100
B24: 减：存货跌价准备 | E24: =D24-C24 -> 0 | F24: =IF(OR(C24<=0,C24=""),"",E24/C24*100)
A25: 3-9 | B25: 存货净额 | C25: =C23-C24 -> 21032458 | D25: =D23-D24 -> 0 | E25: =D25-C25 -> -21032458 | F25: =IF(OR(C25<=0,C25=""),"",E25/C25*100) -> -100
A26: =封面!D11&封面!F11 -> 被评估方填表人：王昀 | C26: 共1页第1页 | F26: ="评估人员："&封面!F16 -> 评估人员：
A27: =封面!D13&封面!F13&封面!G13&封面!H13&封面!I13&封面!J13&封面!K13 -> 填表日期：年月日

Sheet 3-9-1原材料
A1: 存货-原材料评估明细表
A2: 返回 | B2: 返回索引页 | M2: 表3-9-1
A3: =#REF! -> #REF!
A4: =封面!D7&封面!F7 -> 被评估方： | M4: 金额单位：人民币元
A5: 序号 | B5: 名称 | C5: 规格型号 | D5: 计量单位 | E5: 帐面价值 | H5: 评估价值 | K5: 增减值 | L5: 增值率% | M5: 备注（残次冷背） | N5: 不含税售价
E6: 数量 | F6: 单价 | G6: 金额 | H6: 实际数量 | I6: 评估单价 | J6: 金额
A7: 1 | B7: 潜水泵 | C7: 4寸/660V | D7: 台 | E7: 2 | F7: =G7/E7 -> 2650 | G7: 5300 | K7: =J7-G7 -> -5300 | L7: =IF(OR(G7<=0,G7=""),"",(J7-G7)/G7*100) -> -100
A8: 2 | B8: 潜水泵 | C8: 1.5/220 | D8: 台 | E8: 1 | F8: =G8/E8 -> 2600 | G8: 2600 | K8: =J8-G8 -> -2600 | L8: =IF(OR(G8<=0,G8=""),"",(J8-G8)/G8*100) -> -100
A9: 3 | B9: 潜水泵 | C9: 3寸/2.2KW | D9: 台 | E9: 1 | F9: =G9/E9 -> 1900 | G9: 1900 | K9: =J9-G9 -> -1900 | L9: =IF(OR(G9<=0,G9=""),"",(J9-G9)/G9*100) -> -100
A10: 4 | B10: 潜污水泵 | C10: 4寸13千瓦 | D10: 台 | E10: 0 | F10: =G10/E10 -> #DIV/0! | G10: 0 | K10: =J10-G10 -> 0 | L10: =IF(OR(G10<=0,G10=""),"",(J10-G10)/G10*100)
A11: 5 | B11: 潜污水泵 | C11: 3寸/4KW | D11: 台 | E11: 3 | F11: =G11/E11 -> 1840 | G11: 5520 | K11: =J11-G11 -> -5520 | L11: =IF(OR(G11<=0,G11=""),"",(J11-G11)/G11*100) -> -100
A12: 6 | B12: 污水泵 | C12: 4寸-18.5KW | D12: 台 | E12: 1 | F12: =G12/E12 -> 7200 | G12: 7200 | K12: =J12-G12 -> -7200 | L12: =IF(OR(G12<=0,G12=""),"",(J12-G12)/G12*100) -> -100
A13: 7 | B13: 污水泵 | C13: 4寸/13KW | D13: 台 | E13: 1 | F13: =G13/E13 -> 6750 | G13: 6750 | K13: =J13-G13 -> -6750 | L13: =IF(OR(G13<=0,G13=""),"",(J13-G13)/G13*100) -> -100
A14: 8 | B14: 离心式液下泥浆泵 | C14: 80NYL-50-20 | D14: 台 | E14: 2 | F14: =G14/E14 -> 36500 | G14: 73000 | K14: =J14-G14 -> -73000 | L14: =IF(OR(G14<=0,G14=""),"",(J14-G14)/G14*100) -> -100
A15: 9 | B15: 防爆污水泵 | C15: WQ70/40-13/660V | D15: 台 | E15: 5 | F15: =G15/E15 -> 9160 | G15: 45800 | K15: =J15-G15 -> -45800 | L15: =IF(OR(G15<=0,G15=""),"",(J15-G15)/G15*100) -> -100
A16: 10 | B16: 防爆污水泵 | C16: WQ70/25-2.2/660V | D16: 台 | E16: 19 | F16: =G16/E16 -> 3960 | G16: 75240 | K16: =J16-G16 -> -75240 | L16: =IF(OR(G16<=0,G16=""),"",(J16-G16)/G16*100) -> -100
A17: 11 | B17: 污水泵 | C17: 2.2KW | D17: 台 | E17: 1 | F17: =G17/E17 -> 2180 | G17: 2180 | K17: =J17-G17 -> -2180 | L17: =IF(OR(G17<=0,G17=""),"",(J17-G17)/G17*100) -> -100
A18: 12 | B18: 污水泵 | C18: 3寸/15KW | D18: 台 | E18: 2 | F18: =G18/E18 -> 8780 | G18: 17560 | K18: =J18-G18 -> -17560 | L18: =IF(OR(G18<=0,G18=""),"",(J18-G18)/G18*100) -> -100
... A38: 32 | B38: 循环泵叶轮 | C38: [个] | D38: 个 | E38: 3 | F38: =G38/E38 -> 75 | G38: 225 | K38: =J38-G38 -> -225 | L38: =IF(OR(G38<=0,G38=""),"",(J38-G38)/G38*100) -> -100
A39: 33 | B39: 电机泵板 | D39: 块 | E39: 1 | F39: =G39/E39 -> 4800 | G39: 4800 | K39: =J39-G39 -> -4800 | L39: =IF(OR(G39<=0,G39=""),"",(J39-G39)/G39*100) -> -100
A40: 34 | B40: 三相异步电动机 | C40: TYPE Y132M2-6 | D40: 台 | E40: 1 | F40: =G40/E40 -> 16000 | G40: 16000 | K40: =J40-G40 -> -16000 | L40: =IF(OR(G40<=0,G40=""),"",(J40-G40)/G40*100) -> -100
A41: 35 | B41: 轴流式通风机 | C41: YBT-22KW | D41: 台 | E41: 1 | F41: =G41/E41 -> 10000 | G41: 10000 | K41: =J41-G41 -> -10000 | L41: =IF(OR(G41<=0,G41=""),"",(J41-G41)/G41*100) -> -100
A42: 36 | B42: 防爆轴流风机 | C42: 5.5KW | D42: 台 | E42: 5 | F42: =G42/E42 -> 3850 | G42: 19250 | K42: =J42-G42 -> -19250 | L42: =IF(OR(G42<=0,G42=""),"",(J42-G42)/G42*100) -> -100
A43: 37 | B43: 电动滚筒端盖 | C43: 30KW | D43: 套 | E43: 1 | F43: =G43/E43 -> 4850 | G43: 4850 | K43: =J43-G43 -> -4850 | L43: =IF(OR(G43<=0,G43=""),"",(J43-G43)/G43*100) -> -100
A44: 38 | B44: 刮板机电机 | C44: YBSDS-250/125-4/8 | D44: 台 | E44: 1 | F44: =G44/E44 -> 348600 | G44: 348600 | K44: =J44-G44 -> -348600 | L44: =IF(OR(G44<=0,G44=""),"",(J44-G44)/G44*100) -> -100
A45: 39 | B45: 牵引电动机] | C45: MG300/700MG | D45: 台 | E45: 1 | F45: =G45/E45 -> 346800 | G45: 346800 | K45: =J45-G45 -> -346800 | L45: =IF(OR(G45<=0,G45=""),"",(J45-G45)/G45*100) -> -100
A46: 40 | B46: 液压锚杆机马达总成 | C46: MYT-125/400N | D46: 个 | E46: 3 | F46: =G46/E46 -> 8300 | G46: 24900 | K46: =J46-G46 -> -24900 | L46: =IF(OR(G46<=0,G46=""),"",(J46-G46)/G46*100) -> -100
A47: 41 | B47: 采煤机滚筒 | C47: 1800*800 | D47: 个 | E47: 1 | F47: =G47/E47 -> 188034.19 | G47: 188034.19 | K47: =J47-G47 -> -188034.19 | L47: =IF(OR(G47<=0,G47=""),"",(J47-G47)/G47*100) -> -100
A48: 42 | B48: 4KW煤综保 | C48: 4KW | D48: 台 | E48: 1 | F48: =G48/E48 -> 3840 | G48: 3840 | K48: =J48-G48 -> -3840 | L48: =IF(OR(G48<=0,G48=""),"",(J48-G48)/G48*100) -> -100
A49: 43 | B49: 120综合保护装置 | C49: 120 | D49: 个 | E49: 9 | F49: =G49/E49 -> 160 | G49: 1440 | K49: =J49-G49 -> -1440 | L49: =IF(OR(G49<=0,G49=""),"",(J49-G49)/G49*100) -> -100
A50: 44 | B50: 80综合保护装置 | C50: 80 | D50: 个 | E50: 6 | F50: =G50/E50 -> 150 | G50: 900 | K50: =J50-G50 -> -900 | L50: =IF(OR(G50<=0,G50=""),"",(J50-G50)/G50*100) -> -100
A51: 45 | B51: 馈电智能保护装置 | C51: WXK-T01 | D51: 件 | E51: 1 | F51: =G51/E51 -> 4300 | G51: 4300 | K51: =J51-G51 -> -4300 | L51: =IF(OR(G51<=0,G51=""),"",(J51-G51)/G51*100) -> -100
A52: 46 | B52: 馈电保护装置 | C52: PR-800 | D52: 台 | E52: 1 | F52: =G52/E52 -> 4000 | G52: 4000 | K52: =J52-G52 -> -4000 | L52: =IF(OR(G52<=0,G52=""),"",(J52-G52)/G52*100) -> -100
A53: 47 | B53: 4KW煤综保本体 | C53: 4KW | D53: 套 | E53: 15 | F53: =G53/E53 -> 800 | G53: 12000 | K53: =J53-G53 -> -12000 | L53: =IF(OR(G53<=0,G53=""),"",(J53-G53)/G53*100) -> -100
A54: 48 | B54: 照明综保插件 | C54: 4KW | D54: 个 | E54: 2 | F54: =G54/E54 -> 137.5 | G54: 275 | K54: =J54-G54 -> -275 | L54: =IF(OR(G54<=0,G54=""),"",(J54-G54)/G54*100) -> -100
A55: 49 | B55: 微电脑保护装置 | C55: ZLZB-X | D55: 台 | E55: 2 | F55: =G55/E55 -> 9870 | G55: 19740 | K55: =J55-G55 -> -19740 | L55: =IF(OR(G55<=0,G55=""),"",(J55-G55)/G55*100) -> -100
A56: 50 | B56: 煤综保插件 | D56: 个 | E56: 20 | F56: =G56/E56 -> 97 | G56: 1940 | K56: =J56-G56 -> -1940 | L56: =IF(OR(G56<=0,G56=""),"",(J56-G56)/G56*100) -> -100
A57: 51 | B57: 梯形绝缘梯子 | D57: 套 | E57: 2 | F57: =G57/E57 -> 2700 | G57: 5400 | K57: =J57-G57 -> -5400 | L57: =IF(OR(G57<=0,G57=""),"",(J57-G57)/G57*100) -> -100
A58: 52 | B58: 双行星减速装置 | D58: 套 | E58: 1 | F58: =G58/E58 -> 330600 | G58: 330600 | K58: =J58-G58 -> -330600 | L58: =IF(OR(G58<=0,G58=""),"",(J58-G58)/G58*100) -> -100
A59: 53 | B59: 掘进机截割减速机 | C59: S135 | D59: 台 | E59: 1 | F59: =G59/E59 -> 265000 | G59: 265000 | K59: =J59-G59 -> -265000 | L59: =IF(OR(G59<=0,G59=""),"",(J59-G59)/G59*100) -> -100
A60: 54 | B60: 逆变电焊机保护板 | C60: ZX7-400 | D60: 块 | E60: 1 | F60: =G60/E60 -> 820 | G60: 820 | K60: =J60-G60 -> -820 | L60: =IF(OR(G60<=0,G60=""),"",(J60-G60)/G60*100) -> -100
A61: 55 | B61: 直流电焊机电路板 | C61: ZX7-500 | D61: 块 | E61: 3 | F61: =G61/E61 -> 2601.6667 | G61: 7805 | K61: =J61-G61 -> -7805 | L61: =IF(OR(G61<=0,G61=""),"",(J61-G61)/G61*100) -> -100
A62: 56 | B62: 逆变电焊机总承 | C62: ZX7-500 | D62: 套 | E62: 2 | F62: =G62/E62 -> 4500 | G62: 9000 | K62: =J62-G62 -> -9000 | L62: =IF(OR(G62<=0,G62=""),"",(J62-G62)/G62*100) -> -100
A63: 57 | B63: 直流电焊机模块 | C63: ZX7-500 | D63: 块 | E63: 13 | F63: =G63/E63 -> 1341.5385 | G63: 17440 | K63: =J63-G63 -> -17440 | L63: =IF(OR(G63<=0,G63=""),"",(J63-G63)/G63*100) -> -100
A64: 58 | B64: 逆变电焊机电路板 | C64: SBT-4-12 | D64: 块 | E64: 5 | F64: =G64/E64 -> 340 | G64: 1700 | K64: =J64-G64 -> -1700 | L64: =IF(OR(G64<=0,G64=""),"",(J64-G64)/G64*100) -> -100
A65: 59 | B65: 逆变电焊机电路板 | C65: 660VDRV-3 | D65: 块 | E65: 5 | F65: =G65/E65 -> 750 | G65: 3750 | K65: =J65-G65 -> -3750 | L65: =IF(OR(G65<=0,G65=""),"",(J65-G65)/G65*100) -> -100
A66: 60 | B66: 双电源配电柜 | D66: 套 | E66: 1 | F66: =G66/E66 -> 7500 | G66: 7500 | K66: =J66-G66 -> -7500 | L66: =IF(OR(G66<=0,G66=""),"",(J66-G66)/G66*100) -> -100
A67: 61 | B67: 远程断电仪 | D67: 台 | E67: 3 | F67: =G67/E67 -> 6416.6667 | G67: 19250 | K67: =J67-G67 -> -19250 | L67: =IF(OR(G67<=0,G67=""),"",(J67-G67)/G67*100) -> -100
A68: 62 | B68: 悬挂式永磁除铁器 | C68: RCY-OC-10 | D68: 套 | E68: 2 | F68: =G68/E68 -> 9180 | G68: 18360 | K68: =J68-G68 -> -18360 | L68: =IF(OR(G68<=0,G68=""),"",(J68-G68)/G68*100) -> -100
A69: 63 | B69: 加热机组风扇 | C69: KZJ-35 | D69: 件 | E69: 2 | F69: =G69/E69 -> 3680 | G69: 7360 | K69: =J69-G69 -> -7360 | L69: =IF(OR(G69<=0,G69=""),"",(J69-G69)/G69*100) -> -100
A70: 64 | B70: 加热机组风扇 | C70: KZJ-50 | D70: 件 | E70: 2 | F70: =G70/E70 -> 4350 | G70: 8700 | K70: =J70-G70 -> -8700 | L70: =IF(OR(G70<=0,G70=""),"",(J70-G70)/G70*100) -> -100
A71: 65 | B71: 立柱钻机总成 | C71: 3-315 | D71: 套 | E71: 1 | F71: =G71/E71 -> 17500 | G71: 17500 | K71: =J71-G71 -> -17500 | L71: =IF(OR(G71<=0,G71=""),"",(J71-G71)/G71*100) -> -100
A72: 66 | B72: 电动机保护 | C72: PDS-766A | D72: 台 | E72: 9 | F72: =G72/E72 -> 277.77778 | G72: 2500 | K72: =J72-G72 -> -2500 | L72: =IF(OR(G72<=0,G72=""),"",(J72-G72)/G72*100) -> -100
A73: 67 | B73: 电动机保护 | C73: JDB-80-B | D73: 台 | E73: 11 | F73: =G73/E73 -> 245.5 | G73: 2700.5 | K73: =J73-G73 -> -2700.5 | L73: =IF(OR(G73<=0,G73=""),"",(J73-G73)/G73*100) -> -100
A74: 68 | B74: 电动机保护 | C74: JDB-80-A | D74: 台 | E74: 2 | F74: =G74/E74 -> 239 | G74: 478 | K74: =J74-G74 -> -478 | L74: =IF(OR(G74<=0,G74=""),"",(J74-G74)/G74*100) -> -100
A75: 69 | B75: 电机保护器 | C75: JDB225A | D75: 个 | E75: 8 | F75: =G75/E75 -> 350 | G75: 2800 | K75: =J75-G75 -> -2800 | L75: =IF(OR(G75<=0,G75=""),"",(J75-G75)/G75*100) -> -100
A76: 70 | B76: 电动机保护 | C76: JDB-200-A | D76: 台 | E76: 10 | F76: =G76/E76 -> 290 | G76: 2900 | K76: =J76-G76 -> -2900 | L76: =IF(OR(G76<=0,G76=""),"",(J76-G76)/G76*100) -> -100
A77: 71 | B77: 电动机保护 | C77: JDB-120-A | D77: 台 | E77: 7 | F77: =G77/E77 -> 164.51429 | G77: 1151.6 | K77: =J77-G77 -> -1151.6 | L77: =IF(OR(G77<=0,G77=""),"",(J77-G77)/G77*100) -> -100
A78: 72 | B78: 数字电动机保护器 | C78: HHD3D-A | D78: 个 | E78: 2 | F78: =G78/E78 -> 260 | G78: 520 | K78: =J78-G78 -> -520 | L78: =IF(OR(G78<=0,G78=""),"",(J78-G78)/G78*100) -> -100
A79: 73 | B79: 电机综合保护器 | C79: JDD-120B | D79: 台 | E79: 10 | F79: =G79/E79 -> 210.8 | G79: 2108 | K79: =J79-G79 -> -2108 | L79: =IF(OR(G79<=0,G79=""),"",(J79-G79)/G79*100) -> -100
A80: 74 | B80: 空压机 | C80: 4立方 | D80: 台 | E80: 1 | F80: =G80/E80 -> 23800 | G80: 23800 | K80: =J80-G80 -> -23800 | L80: =IF(OR(G80<=0,G80=""),"",(J80-G80)/G80*100) -> -100
A81: 75 | B81: 泵站连接器 | D81: 个 | E81: 1999 | F81: =G81/E81 -> 5.002001 | G81: 9999 | K81: =J81-G81 -> -9999 | L81: =IF(OR(G81<=0,G81=""),"",(J81-G81)/G81*100) -> -100
A82: 76 | B82: 皮带机 | C82: DTL120/150/160 | D82: 套 | E82: 1 | F82: =G82/E82 -> 2245300 | G82: 2245300 | K82: =J82-G82 -> -2245300 | L82: =IF(OR(G82<=0,G82=""),"",(J82-G82)/G82*100) -> -100
A83: 77 | B83: 80皮带机减速器 | C83: JS40 | D83: 台 | E83: 2 | F83: =G83/E83 -> 15500 | G83: 31000 | K83: =J83-G83 -> -31000 | L83: =IF(OR(G83<=0,G83=""),"",(J83-G83)/G83*100) -> -100
A84: 78 | B84: 减速机 | C84: 350 | D84: 台 | E84: 1 | F84: =G84/E84 -> 3750 | G84: 3750 | K84: =J84-G84 -> -3750 | L84: =IF(OR(G84<=0,G84=""),"",(J84-G84)/G84*100) -> -100
A85: 79 | B85: 皮带 | C85: 皮带1200 | D85: 米 | E85: 0 | F85: =G85/E85 -> #DIV/0! | G85: 0 | K85: =J85-G85 -> 0 | L85: =IF(OR(G85<=0,G85=""),"",(J85-G85)/G85*100)
A86: 80 | B86: 滑台总承 | C86: 270/170 | D86: 套 | E86: 1 | F86: =G86/E86 -> 19500 | G86: 19500 | K86: =J86-G86 -> -19500 | L86: =IF(OR(G86<=0,G86=""),"",(J86-G86)/G86*100) -> -100
A87: 81 | B87: 溜槽 | C87: 40T | D87: 块 | E87: 0 | F87: =G87/E87 -> #DIV/0! | G87: 0 | K87: =J87-G87 -> 0 | L87: =IF(OR(G87<=0,G87=""),"",(J87-G87)/G87*100)
A88: 82 | B88: 溜槽 | C88: [K2给煤机] | D88: 块 | E88: 1 | F88: =G88/E88 -> 3500 | G88: 3500 | K88: =J88-G88 -> -3500 | L88: =IF(OR(G88<=0,G88=""),"",(J88-G88)/G88*100) -> -100
A89: 83 | B89: 溜槽 | C89: 40T中部 | D89: 块 | E89: 150 | F89: =G89/E89 -> 1386 | G89: 207900 | K89: =J89-G89 -> -207900 | L89: =IF(OR(G89<=0,G89=""),"",(J89-G89)/G89*100) -> -100
A90: 84 | B90: 供水装置软管 | D90: 根 | E90: 50 | F90: =G90/E90 -> 55 | G90: 2750 | K90: =J90-G90 -> -2750 | L90: =IF(OR(G90<=0,G90=""),"",(J90-G90)/G90*100) -> -100
A91: 85 | B91: 供水装置 | D91: 个 | E91: 35 | F91: =G91/E91 -> 4957.1429 | G91: 173500 | K91: =J91-G91 -> -173500 | L91: =IF(OR(G91<=0,G91=""),"",(J91-G91)/G91*100) -> -100
A92: 86 | B92: 矿山压力监测系统 | D92: 套 | E92: 1 | F92: =G92/E92 -> 282051.15 | G92: 282051.15 | K92: =J92-G92 -> -282051.15 | L92: =IF(OR(G92<=0,G92=""),"",(J92-G92)/G92*100) -> -100
A93: 87 | B93: 防尘电控水幕 | D93: 组 | E93: 1 | F93: =G93/E93 -> 7500 | G93: 7500 | K93: =J93-G93 -> -7500 | L93: =IF(OR(G93<=0,G93=""),"",(J93-G93)/G93*100) -> -100
A94: 88 | B94: 斜井防跑车传感器 | C94: DW-D-AD-621-M18 | D94: 个 | E94: 5 | F94: =G94/E94 -> 330 | G94: 1650 | K94: =J94-G94 -> -1650 | L94: =IF(OR(G94<=0,G94=""),"",(J94-G94)/G94*100) -> -100
A95: 89 | B95: 斜井防跑车传感器 | C95: DW-AD-611-M18 | D95: 个 | E95: 5 | F95: =G95/E95 -> 320 | G95: 1600 | K95: =J95-G95 -> -1600 | L95: =IF(OR(G95<=0,G95=""),"",(J95-G95)/G95*100) -> -100
A96: 90 | B96: 储油装置 | D96: 套 | E96: 1 | F96: =G96/E96 -> 30928 | G96: 30928 | K96: =J96-G96 -> -30928 | L96: =IF(OR(G96<=0,G96=""),"",(J96-G96)/G96*100) -> -100
A97: 91 | B97: 手推车 | D97: 辆 | E97: 1 | F97: =G97/E97 -> 380 | G97: 380 | K97: =J97-G97 -> -380 | L97: =IF(OR(G97<=0,G97=""),"",(J97-G97)/G97*100) -> -100
A98: 92 | B98: 单链环 | D98: 个 | E98: 17 | F98: =G98/E98 -> 61 | G98: 1037 | K98: =J98-G98 -> -1037 | L98: =IF(OR(G98<=0,G98=""),"",(J98-G98)/G98*100) -> -100
A99: 93 | B99: 电机车 | D99: 辆 | E99: 1 | F99: =G99/E99 -> 158000 | G99: 158000 | K99: =J99-G99 -> -158000 | L99: =IF(OR(G99<=0,G99=""),"",(J99-G99)/G99*100) -> -100
A100: 94 | B100: 水箱 | C100: 2.4M*1.5M*1.26M | D100: 个 | E100: 1 | F100: =G100/E100 -> 6680 | G100: 6680 | K100: =J100-G100 -> -6680 | L100: =IF(OR(G100<=0,G100=""),"",(J100-G100)/G100*100) -> -100
A101: 95 | B101: 平车里胎 | D101: 条 | E101: 0 | F101: =G101/E101 -> #DIV/0! | G101: 0 | K101: =J101-G101 -> 0 | L101: =IF(OR(G101<=0,G101=""),"",(J101-G101)/G101*100)
A102: 96 | B102: 吨车下脚 | D102: 套 | E102: 1 | F102: =G102/E102 -> 485.5 | G102: 485.5 | K102: =J102-G102 -> -485.5 | L102: =IF(OR(G102<=0,G102=""),"",(J102-G102)/G102*100) -> -100
A103: 97 | B103: 吨车外胎 | D103: 条 | E103: 2 | F103: =G103/E103 -> 519 | G103: 1038 | K103: =J103-G103 -> -1038 | L103: =IF(OR(G103<=0,G103=""),"",(J103-G103)/G103*100) -> -100
A104: 98 | B104: 数字式光瓦校验装置 | D104: 台 | E104: 4 | F104: =G104/E104 -> 13250 | G104: 53000 | K104: =J104-G104 -> -53000 | L104: =IF(OR(G104<=0,G104=""),"",(J104-G104)/G104*100) -> -100
A105: 99 | B105: 大监控分站电源箱 | D105: 套 | E105: 2 | F105: =G105/E105 -> 54000 | G105: 108000 | K105: =J105-G105 -> -108000 | L105: =IF(OR(G105<=0,G105=""),"",(J105-G105)/G105*100) -> -100
A106: 100 | B106: 本安基站电源 | D106: 台 | E106: 10 | F106: =G106/E106 -> 7838.462 | G106: 78384.62 | K106: =J106-G106 -> -78384.62 | L106: =IF(OR(G106<=0,G106=""),"",(J106-G106)/G106*100) -> -100
A107: 101 | B107: 采煤机载传感器不间断电源 | D107: 台 | E107: 2 | F107: =G107/E107 -> 19200 | G107: 38400 | K107: =J107-G107 -> -38400 | L107: =IF(OR(G107<=0,G107=""),"",(J107-G107)/G107*100) -> -100
A108: 102 | B108: 广播分站电源 | D108: 台 | E108: 6 | F108: =G108/E108 -> 10400 | G108: 62400 | K108: =J108-G108 -> -62400 | L108: =IF(OR(G108<=0,G108=""),"",(J108-G108)/G108*100) -> -100
A109: 103 | B109: 工控电源 | D109: 个 | E109: 2 | F109: =G109/E109 -> 432 | G109: 864 | K109: =J109-G109 -> -864 | L109: =IF(OR(G109<=0,G109=""),"",(J109-G109)/G109*100) -> -100
A110: 104 | B110: 组合开关电源 | C110: Y-50 | D110: 块 | E110: 4 | F110: =G110/E110 -> 160 | G110: 640 | K110: =J110-G110 -> -640 | L110: =IF(OR(G110<=0,G110=""),"",(J110-G110)/G110*100) -> -100
A111: 105 | B111: 电源适配器 | C111: 12V | D111: 台 | E111: 20 | F111: =G111/E111 -> 29.915 | G111: 598.3 | K111: =J111-G111 -> -598.3 | L111: =IF(OR(G111<=0,G111=""),"",(J111-G111)/G111*100) -> -100
A112: 106 | B112: 矿用光纤偶合箱 | D112: 台 | E112: 2 | F112: =G112/E112 -> 1196.58 | G112: 2393.16 | K112: =J112-G112 -> -2393.16 | L112: =IF(OR(G112<=0,G112=""),"",(J112-G112)/G112*100) -> -100
A113: 107 | B113: 本安基站 | D113: 台 | E113: 8 | F113: =G113/E113 -> 24607.69 | G113: 196861.52 | K113: =J113-G113 -> -196861.52 | L113: =IF(OR(G113<=0,G113=""),"",(J113-G113)/G113*100) -> -100
A114: 108 | B114: 广播分站 | D114: 台 | E114: 6 | F114: =G114/E114 -> 12900 | G114: 77400 | K114: =J114-G114 -> -77400 | L114: =IF(OR(G114<=0,G114=""),"",(J114-G114)/G114*100) -> -100
A115: 109 | B115: 42寸液晶电视机 | C115: 42寸 | D115: 台 | E115: 1 | F115: =G115/E115 -> 7480 | G115: 7480 | K115: =J115-G115 -> -7480 | L115: =IF(OR(G115<=0,G115=""),"",(J115-G115)/G115*100) -> -100
A116: 110 | B116: 电缆 | C116: 4*10平方 | D116: 米 | E116: 200 | F116: =G116/E116 -> 75 | G116: 15000 | K116: =J116-G116 -> -15000 | L116: =IF(OR(G116<=0,G116=""),"",(J116-G116)/G116*100) -> -100
A117: 111 | B117: 电缆 | C117: MY3*2.5+1 | D117: 米 | E117: 935 | F117: =G117/E117 -> 15.765743 | G117: 14740.97 | K117: =J117-G117 -> -14740.97 | L117: =IF(OR(G117<=0,G117=""),"",(J117-G117)/G117*100) -> -100
A118: 112 | B118: 单芯铜电缆 | D118: 盘 | E118: 1 | F118: =G118/E118 -> 450 | G118: 450 | K118: =J118-G118 -> -450 | L118: =IF(OR(G118<=0,G118=""),"",(J118-G118)/G118*100) -> -100
A119: 113 | B119: 电缆 | C119: 3*4+1 | D119: 米 | E119: 798 | F119: =G119/E119 -> 3.5597118 | G119: 2840.65 | K119: =J119-G119 -> -2840.65 | L119: =IF(OR(G119<=0,G119=""),"",(J119-G119)/G119*100) -> -100
...

Sheet 3-9-2材料采购
A1: 存货-材料采购（在途物资）评估明细表
A2: 返回 | B2: 返回索引页 | L2: 表3-9-2
A3: =#REF! -> #REF!
A4: =封面!D7&封面!F7 -> 被评估方： | L4: 金额单位：人民币元
A5: 序号 | B5: 名称及规格型号 | C5: 计量单位 | D5: 帐面价值 | G5: 评估价值 | J5: 增减值 | K5: 增值率% | L5: 备注
D6: 数量 | E6: 单价 | F6: 金额 | G6: 实际数量 | H6: 单价 | I6: 金额
J7: =I7-F7 -> 0 | K7: =IF(OR(F7<=0,F7=""),"",(I7-F7)/F7*100)
J8: =I8-F8 -> 0 | K8: =IF(OR(F8<=0,F8=""),"",(I8-F8)/F8*100)
J9: =I9-F9 -> 0 | K9: =IF(OR(F9<=0,F9=""),"",(I9-F9)/F9*100)
J10: =I10-F10 -> 0 | K10: =IF(OR(F10<=0,F10=""),"",(I10-F10)/F10*100)
J11: =I11-F11 -> 0 | K11: =IF(OR(F11<=0,F11=""),"",(I11-F11)/F11*100)
J12: =I12-F12 -> 0 | K12: =IF(OR(F12<=0,F12=""),"",(I12-F12)/F12*100)
J13: =I13-F13 -> 0 | K13: =IF(OR(F13<=0,F13=""),"",(I13-F13)/F13*100)
J14: =I14-F14 -> 0 | K14: =IF(OR(F14<=0,F14=""),"",(I14-F14)/F14*100)
J15: =I15-F15 -> 0 | K15: =IF(OR(F15<=0,F15=""),"",(I15-F15)/F15*100)
J16: =I16-F16 -> 0 | K16: =IF(OR(F16<=0,F16=""),"",(I16-F16)/F16*100)
J17: =I17-F17 -> 0 | K17: =IF(OR(F17<=0,F17=""),"",(I17-F17)/F17*100)
J18: =I18-F18 -> 0 | K18: =IF(OR(F18<=0,F18=""),"",(I18-F18)/F18*100)
... J30: =I30-F30 -> 0 | K30: =IF(OR(F30<=0,F30=""),"",(I30-F30)/F30*100)
A31: 合 计 | F31: =SUM(F7:F30) -> 0 | I31: =SUM(I7:I30) -> 0 | J31: =SUM(J7:J30) -> 0 | K31: =IF(OR(F31<=0,F31=""),"",(I31-F31)/F31*100)

Sheet 3-9-3在库周转
A1: 存货-在库周转材料评估明细表
A2: 返回 | B2: 返回索引页 | N2: 表3-9-3
A3: =#REF! -> #REF!
A4: =封面!D7&封面!F7 -> 被评估方： | N4: 金额单位：人民币元
A5: 序号 | B5: 名称及规格型号 | C5: 计量单位 | D5: 存放地点 | E5: 帐面价值 | H5: 实际数量 | I5: 评估价值 | L5: 增减值 | M5: 增值率% | N5: 备注
E6: 数量 | F6: 单价 | G6: 金额 | I6: 单价 | J6: 成新率% | K6: 金额
L7: =K7-G7 -> 0 | M7: =IF(OR(G7<=0,G7=""),"",(K7-G7)/G7*100)
L8: =K8-G8 -> 0 | M8: =IF(OR(G8<=0,G8=""),"",(K8-G8)/G8*100)
L9: =K9-G9 -> 0 | M9: =IF(OR(G9<=0,G9=""),"",(K9-G9)/G9*100)
L10: =K10-G10 -> 0 | M10: =IF(OR(G10<=0,G10=""),"",(K10-G10)/G10*100)
L11: =K11-G11 -> 0 | M11: =IF(OR(G11<=0,G11=""),"",(K11-G11)/G11*100)
L12: =K12-G12 -> 0 | M12: =IF(OR(G12<=0,G12=""),"",(K12-G12)/G12*100)
L13: =K13-G13 -> 0 | M13: =IF(OR(G13<=0,G13=""),"",(K13-G13)/G13*100)
L14: =K14-G14 -> 0 | M14: =IF(OR(G14<=0,G14=""),"",(K14-G14)/G14*100)
L15: =K15-G15 -> 0 | M15: =IF(OR(G15<=0,G15=""),"",(K15-G15)/G15*100)
L16: =K16-G16 -> 0 | M16: =IF(OR(G16<=0,G16=""),"",(K16-G16)/G16*100)
L17: =K17-G17 -> 0 | M17: =IF(OR(G17<=0,G17=""),"",(K17-G17)/G17*100)
L18: =K18-G18 -> 0 | M18: =IF(OR(G18<=0,G18=""),"",(K18-G18)/G18*100)
... L30: =K30-G30 -> 0 | M30: =IF(OR(G30<=0,G30=""),"",(K30-G30)/G30*100)
A31: 合 计 | G31: =SUM(G7:G30) -> 0 | K31: =SUM(K7:K30) -> 0 | L31: =SUM(L7:L30) -> 0 | M31: =IF(OR(G31<=0,G31=""),"",(K31-G31)/G31*100)

Sheet 3-9-4委托加工
A1: 存货-委托加工材料评估明细表
A2: 返回 | B2: 返回索引页 | M2: 表3-9-4
A3: =#REF! -> #REF!
A4: =封面!D7&封面!F7 -> 被评估方： | M4: 金额单位：人民币元
A5: 序号 | B5: 名称及规格型号 | C5: 加工单位名称 | D5: 计量单位 | E5: 帐面价值 | H5: 评估价值 | K5: 增减值 | L5: 增值率% | M5: 备注
E6: 数量 | F6: 单价 | G6: 金额 | H6: 实际数量 | I6: 单价 | J6: 金额
K7: =J7-G7 -> 0 | L7: =IF(OR(G7<=0,G7=""),"",(J7-G7)/G7*100)
K8: =J8-G8 -> 0 | L8: =IF(OR(G8<=0,G8=""),"",(J8-G8)/G8*100)
K9: =J9-G9 -> 0 | L9: =IF(OR(G9<=0,G9=""),"",(J9-G9)/G9*100)
K10: =J10-G10 -> 0 | L10: =IF(OR(G10<=0,G10=""),"",(J10-G10)/G10*100)
K11: =J11-G11 -> 0 | L11: =IF(OR(G11<=0,G11=""),"",(J11-G11)/G11*100)
K12: =J12-G12 -> 0 | L12: =IF(OR(G12<=0,G12=""),"",(J12-G12)/G12*100)
K13: =J13-G13 -> 0 | L13: =IF(OR(G13<=0,G13=""),"",(J13-G13)/G13*100)
K14: =J14-G14 -> 0 | L14: =IF(OR(G14<=0,G14=""),"",(J14-G14)/G14*100)
K15: =J15-G15 -> 0 | L15: =IF(OR(G15<=0,G15=""),"",(J15-G15)/G15*100)
K16: =J16-G16 -> 0 | L16: =IF(OR(G16<=0,G16=""),"",(J16-G16)/G16*100)
K17: =J17-G17 -> 0 | L17: =IF(OR(G17<=0,G17=""),"",(J17-G17)/G17*100)
K18: =J18-G18 -> 0 | L18: =IF(OR(G18<=0,G18=""),"",(J18-G18)/G18*100)
... K30: =J30-G30 -> 0 | L30: =IF(OR(G30<=0,G30=""),"",(J30-G30)/G30*100)
A31: 合 计 | G31: =SUM(G7:G30) -> 0 | J31: =SUM(J7:J30) -> 0 | K31: =SUM(K7:K30) -> 0 | L31: =IF(OR(G31<=0,G31=""),"",(J31-G31)/G31*100)

Sheet 3-9-5产成品
A1: 存货-产成品评估明细表
A2: 返回 | B2: 返回索引页 | P2: 表3-9-5
A3: =#REF! -> #REF!
A4: =封面!D7&封面!F7 -> 被评估方： | O4: 金额单位：人民币元
A5: 序号 | B5: 名称 | C5: 规格型号 | D5: 计量单位 | E5: 帐面价值 | I5: 评估价值 | N5: 增减值 | O5: 增值率% | P5: 备注（残次冷背） | Q5: 不含税售价
E6: 数量 | F6: 外币单价 | G6: 单价 | H6: 金额 | I6: 实际数量 | J6: 外币单价 | K6: 单价 | L6: 汇率 | M6: 金额
A7: 1 | B7: 煤 | C7: 原煤 | D7: 吨 | E7: 168962.55 | G7: =H7/E7 -> 124.48 | H7: 21032458 | I7: =E7 -> 168962.55 | N7: =M7-H7 -> -21032458 | O7: =IF(OR(H7<=0,H7=""),"",(M7-H7)/H7*100) -> -100
N8: =M8-H8 -> 0 | O8: =IF(OR(H8<=0,H8=""),"",(M8-H8)/H8*100)
N9: =M9-H9 -> 0 | O9: =IF(OR(H9<=0,H9=""),"",(M9-H9)/H9*100)
N10: =M10-H10 -> 0 | O10: =IF(OR(H10<=0,H10=""),"",(M10-H10)/H10*100)
N11: =M11-H11 -> 0 | O11: =IF(OR(H11<=0,H11=""),"",(M11-H11)/H11*100)
N12: =M12-H12 -> 0 | O12: =IF(OR(H12<=0,H12=""),"",(M12-H12)/H12*100)
N13: =M13-H13 -> 0 | O13: =IF(OR(H13<=0,H13=""),"",(M13-H13)/H13*100)
N14: =M14-H14 -> 0 | O14: =IF(OR(H14<=0,H14=""),"",(M14-H14)/H14*100)
N15: =M15-H15 -> 0 | O15: =IF(OR(H15<=0,H15=""),"",(M15-H15)/H15*100)
N16: =M16-H16 -> 0 | O16: =IF(OR(H16<=0,H16=""),"",(M16-H16)/H16*100)
N17: =M17-H17 -> 0 | O17: =IF(OR(H17<=0,H17=""),"",(M17-H17)/H17*100)
N18: =M18-H18 -> 0 | O18: =IF(OR(H18<=0,H18=""),"",(M18-H18)/H18*100)
N19: =M19-H19 -> 0 | O19: =IF(OR(H19<=0,H19=""),"",(M19-H19)/H19*100)
... N29: =M29-H29 -> 0 | O29: =IF(OR(H29<=0,H29=""),"",(M29-H29)/H29*100)
O30: =IF(OR(H30<=0,H30=""),"",(M30-H30)/H30*100)
A31: 合 计 | G31: =SUM(G7:G30) -> 124.48 | H31: =SUM(H7:H30) -> 21032458 | M31: =SUM(M7:M30) -> 0 | N31: =SUM(N7:N30) -> -21032458 | O31: =IF(OR(H31<=0,H31=""),"",(M31-H31)/H31*100) -> -100

Sheet 3-9-6在产品
A1: 存货-在产品（自制半成品）评估明细表
A2: 返回 | B2: 返回索引页 | L2: 表3-9-6
A3: =#REF! -> #REF!
A4: =封面!D7&封面!F7 -> 被评估方： | L4: 金额单位：人民币元
A5: 序号 | B5: 名称及规格型号 | C5: 计量单位 | D5: 帐面价值 | G5: 评估价值 | J5: 增减值 | K5: 增值率% | L5: 备注
D6: 数量 | E6: 单价 | F6: 金额 | G6: 实际数量 | H6: 评估单价 | I6: 金额
J7: =I7-F7 -> 0 | K7: =IF(OR(F7<=0,F7=""),"",(I7-F7)/F7*100)
J8: =I8-F8 -> 0 | K8: =IF(OR(F8<=0,F8=""),"",(I8-F8)/F8*100)
J9: =I9-F9 -> 0 | K9: =IF(OR(F9<=0,F9=""),"",(I9-F9)/F9*100)
J10: =I10-F10 -> 0 | K10: =IF(OR(F10<=0,F10=""),"",(I10-F10)/F10*100)
J11: =I11-F11 -> 0 | K11: =IF(OR(F11<=0,F11=""),"",(I11-F11)/F11*100)
J12: =I12-F12 -> 0 | K12: =IF(OR(F12<=0,F12=""),"",(I12-F12)/F12*100)
J13: =I13-F13 -> 0 | K13: =IF(OR(F13<=0,F13=""),"",(I13-F13)/F13*100)
J14: =I14-F14 -> 0 | K14: =IF(OR(F14<=0,F14=""),"",(I14-F14)/F14*100)
J15: =I15-F15 -> 0 | K15: =IF(OR(F15<=0,F15=""),"",(I15-F15)/F15*100)
J16: =I16-F16 -> 0 | K16: =IF(OR(F16<=0,F16=""),"",(I16-F16)/F16*100)
J17: =I17-F17 -> 0 | K17: =IF(OR(F17<=0,F17=""),"",(I17-F17)/F17*100)
J18: =I18-F18 -> 0 | K18: =IF(OR(F18<=0,F18=""),"",(I18-F18)/F18*100)
... J30: =I30-F30 -> 0 | K30: =IF(OR(F30<=0,F30=""),"",(I30-F30)/F30*100)
A31: 合 计 | F31: =SUM(F7:F30) -> 0 | I31: =SUM(I7:I30) -> 0 | J31: =SUM(J7:J30) -> 0 | K31: =IF(OR(F31<=0,F31=""),"",(I31-F31)/F31*100)

Sheet 3-9-7发出商品
A1: 存货-发出商品评估明细表
A2: 返回 | B2: 返回索引页 | M2: 表3-9-7
A3: =#REF! -> #REF!
A4: =封面!D7&封面!F7 -> 被评估方： | M4: 金额单位：人民币元
A5: 序号 | B5: 商品名称 | C5: 对方单位名称 | D5: 计量单位 | E5: 帐面价值 | H5: 评估价值 | K5: 增减值 | L5: 增值率% | M5: 备注
E6: 数量 | F6: 单价 | G6: 金额 | H6: 实际数量 | I6: 评估单价 | J6: 金额
K7: =J7-G7 -> 0 | L7: =IF(OR(G7<=0,G7=""),"",(J7-G7)/G7*100)
K8: =J8-G8 -> 0 | L8: =IF(OR(G8<=0,G8=""),"",(J8-G8)/G8*100)
K9: =J9-G9 -> 0 | L9: =IF(OR(G9<=0,G9=""),"",(J9-G9)/G9*100)
K10: =J10-G10 -> 0 | L10: =IF(OR(G10<=0,G10=""),"",(J10-G10)/G10*100)
K11: =J11-G11 -> 0 | L11: =IF(OR(G11<=0,G11=""),"",(J11-G11)/G11*100)
K12: =J12-G12 -> 0 | L12: =IF(OR(G12<=0,G12=""),"",(J12-G12)/G12*100)
K13: =J13-G13 -> 0 | L13: =IF(OR(G13<=0,G13=""),"",(J13-G13)/G13*100)
K14: =J14-G14 -> 0 | L14: =IF(OR(G14<=0,G14=""),"",(J14-G14)/G14*100)
K15: =J15-G15 -> 0 | L15: =IF(OR(G15<=0,G15=""),"",(J15-G15)/G15*100)
K16: =J16-G16 -> 0 | L16: =IF(OR(G16<=0,G16=""),"",(J16-G16)/G16*100)
K17: =J17-G17 -> 0 | L17: =IF(OR(G17<=0,G17=""),"",(J17-G17)/G17*100)
K18: =J18-G18 -> 0 | L18: =IF(OR(G18<=0,G18=""),"",(J18-G18)/G18*100)
... K30: =J30-G30 -> 0 | L30: =IF(OR(G30<=0,G30=""),"",(J30-G30)/G30*100)
A31: 合 计 | G31: =SUM(G7:G30) -> 0 | J31: =SUM(J7:J30) -> 0 | K31: =SUM(K7:K30) -> 0 | L31: =IF(OR(G31<=0,G31=""),"",(J31-G31)/G31*100)

Sheet 3-9-8在用周转
A1: 存货-在用周转材料评估明细表
A2: 返回 | B2: 返回索引页 | N2: 表3-9-8
A3: =#REF! -> #REF!
A4: =封面!D7&封面!F7 -> 被评估方： | N4: 金额单位：人民币元
A5: 序号 | B5: 名称及规格型号 | C5: 启用日期 | D5: 计量单位 | E5: 原始入账价值 | F5: 账面价值（摊余价值） | H5: 实际数量 | I5: 评估价值 | L5: 增减值 | M5: 增值率% | N5: 备注
F6: 数量 | G6: 金额 | I6: 评估原价 | J6: 成新率% | K6: 金额
L7: =K7-G7 -> 0 | M7: =IF(OR(G7<=0,G7=""),"",(K7-G7)/G7*100)
L8: =K8-G8 -> 0 | M8: =IF(OR(G8<=0,G8=""),"",(K8-G8)/G8*100)
L9: =K9-G9 -> 0 | M9: =IF(OR(G9<=0,G9=""),"",(K9-G9)/G9*100)
L10: =K10-G10 -> 0 | M10: =IF(OR(G10<=0,G10=""),"",(K10-G10)/G10*100)
L11: =K11-G11 -> 0 | M11: =IF(OR(G11<=0,G11=""),"",(K11-G11)/G11*100)
L12: =K12-G12 -> 0 | M12: =IF(OR(G12<=0,G12=""),"",(K12-G12)/G12*100)
L13: =K13-G13 -> 0 | M13: =IF(OR(G13<=0,G13=""),"",(K13-G13)/G13*100)
L14: =K14-G14 -> 0 | M14: =IF(OR(G14<=0,G14=""),"",(K14-G14)/G14*100)
L15: =K15-G15 -> 0 | M15: =IF(OR(G15<=0,G15=""),"",(K15-G15)/G15*100)
L16: =K16-G16 -> 0 | M16: =IF(OR(G16<=0,G16=""),"",(K16-G16)/G16*100)
L17: =K17-G17 -> 0 | M17: =IF(OR(G17<=0,G17=""),"",(K17-G17)/G17*100)
L18: =K18-G18 -> 0 | M18: =IF(OR(G18<=0,G18=""),"",(K18-G18)/G18*100)
... L30: =K30-G30 -> 0 | M30: =IF(OR(G30<=0,G30=""),"",(K30-G30)/G30*100)
A31: 合 计 | G31: =SUM(G7:G30) -> 0 | I31: =SUM(I7:I30) -> 0 | K31: =SUM(K7:K30) -> 0 | L31: =SUM(L7:L30) -> 0 | M31: =IF(OR(G31<=0,G31=""),"",(K31-G31)/G31*100)

Sheet 3-10一年内非流资
A1: 一年内到期的非流动资产评估明细表
A2: 返回 | B2: 返回索引页 | I2: 表3-10
A3: =#REF! -> #REF!
A4: =封面!D7&封面!F7 -> 被评估方： | I4: 金额单位：人民币元
A5: 序号 | B5: 项目及内容 | C5: 发生日期 | D5: 结算内容 | E5: 帐面价值 | F5: 评估价值 | G5: 增减值 | H5: 增值率% | I5: 备注
G6: =F6-E6 -> 0 | H6: =IF(OR(E6<=0,E6=""),"",(F6-E6)/E6*100)
G7: =F7-E7 -> 0 | H7: =IF(OR(E7<=0,E7=""),"",(F7-E7)/E7*100)
G8: =F8-E8 -> 0 | H8: =IF(OR(E8<=0,E8=""),"",(F8-E8)/E8*100)
G9: =F9-E9 -> 0 | H9: =IF(OR(E9<=0,E9=""),"",(F9-E9)/E9*100)
G10: =F10-E10 -> 0 | H10: =IF(OR(E10<=0,E10=""),"",(F10-E10)/E10*100)
G11: =F11-E11 -> 0 | H11: =IF(OR(E11<=0,E11=""),"",(F11-E11)/E11*100)
G12: =F12-E12 -> 0 | H12: =IF(OR(E12<=0,E12=""),"",(F12-E12)/E12*100)
G13: =F13-E13 -> 0 | H13: =IF(OR(E13<=0,E13=""),"",(F13-E13)/E13*100)
G14: =F14-E14 -> 0 | H14: =IF(OR(E14<=0,E14=""),"",(F14-E14)/E14*100)
G15: =F15-E15 -> 0 | H15: =IF(OR(E15<=0,E15=""),"",(F15-E15)/E15*100)
G16: =F16-E16 -> 0 | H16: =IF(OR(E16<=0,E16=""),"",(F16-E16)/E16*100)
G17: =F17-E17 -> 0 | H17: =IF(OR(E17<=0,E17=""),"",(F17-E17)/E17*100)
... G30: =F30-E30 -> 0 | H30: =IF(OR(E30<=0,E30=""),"",(F30-E30)/E30*100)
A31: 合 计 | E31: =SUM(E6:E30) -> 0 | F31: =SUM(F6:F30) -> 0 | G31: =SUM(G6:G30) -> 0 | H31: =IF(OR(E31<=0,E31=""),"",(F31-E31)/E31*100)

Sheet 3-11其他流资
A1: 其他流动资产清查评估明细表
A2: 返回 | B2: 返回索引页 | J2: 表3-11
A3: =#REF! -> #REF!
A4: =封面!D7&封面!F7 -> 被评估方： | J4: 金额单位：人民币元
A5: 序号 | B5: 项目名称 | C5: 发生日期 | D5: 结算内容 | E5: 成本 | F5: 帐面价值 | G5: 评估价值 | H5: 增减值 | I5: 增值率% | J5: 备注
H6: =G6-F6 -> 0 | I6: =IF(OR(F6<=0,F6=""),"",(G6-F6)/F6*100)
H7: =G7-F7 -> 0 | I7: =IF(OR(F7<=0,F7=""),"",(G7-F7)/F7*100)
H8: =G8-F8 -> 0 | I8: =IF(OR(F8<=0,F8=""),"",(G8-F8)/F8*100)
H9: =G9-F9 -> 0 | I9: =IF(OR(F9<=0,F9=""),"",(G9-F9)/F9*100)
H10: =G10-F10 -> 0 | I10: =IF(OR(F10<=0,F10=""),"",(G10-F10)/F10*100)
H11: =G11-F11 -> 0 | I11: =IF(OR(F11<=0,F11=""),"",(G11-F11)/F11*100)
H12: =G12-F12 -> 0 | I12: =IF(OR(F12<=0,F12=""),"",(G12-F12)/F12*100)
H13: =G13-F13 -> 0 | I13: =IF(OR(F13<=0,F13=""),"",(G13-F13)/F13*100)
H14: =G14-F14 -> 0 | I14: =IF(OR(F14<=0,F14=""),"",(G14-F14)/F14*100)
H15: =G15-F15 -> 0 | I15: =IF(OR(F15<=0,F15=""),"",(G15-F15)/F15*100)
H16: =G16-F16 -> 0 | I16: =IF(OR(F16<=0,F16=""),"",(G16-F16)/F16*100)
H17: =G17-F17 -> 0 | I17: =IF(OR(F17<=0,F17=""),"",(G17-F17)/F17*100)
... H30: =G30-F30 -> 0 | I30: =IF(OR(F30<=0,F30=""),"",(G30-F30)/F30*100)
A31: 合 计 | F31: =SUM(F6:F30) -> 0 | G31: =SUM(G6:G30) -> 0 | H31: =SUM(H6:H30) -> 0 | I31: =IF(OR(F31<=0,F31=""),"",(G31-F31)/F31*100)

Sheet 表4-1可出售汇总
A1: 可供出售金融资产评估汇总表
A2: 返回 | B2: 返回索引页 | F2: 表4-1
A3: 评估基准日：2007年03月31日
A4: =封面!D7&封面!F7 -> 被评估方： | F4: 金额单位：人民币元
A5: 编号 | B5: 科目名称 | C5: 账面价值 | D5: 评估价值 | E5: 增减值 | F5: 增值率%
A6: 4-1-1 | B6: 可供出售金融资产-股票投资 | C6: ='4-1-1可出售-股票'!H30 -> 0 | D6: ='4-1-1可出售-股票'!I30 -> 0 | E6: =D6-C6 -> 0 | F6: =IF(OR(C6<=0,C6=""),"",E6/C6*100)
A7: 4-1-2 | B7: 可供出售金融资产-债券投资 | C7: ='4-1-2可出售-债券'!H30 -> 0 | D7: ='4-1-2可出售-债券'!I30 -> 0 | E7: =D7-C7 -> 0 | F7: =IF(OR(C7<=0,C7=""),"",E7/C7*100)
A8: 4-1-3 | B8: 可供出售金融资产-其他投资 | C8: ='4-1-3可出售-其他'!H30 -> 0 | D8: ='4-1-3可出售-其他'!I30 -> 0 | E8: =D8-C8 -> 0 | F8: =IF(OR(C8<=0,C8=""),"",E8/C8*100)
A25: 4-1 | B25: 可供出售金融资产合计 | C25: =SUM(C6:C8) -> 0 | D25: =SUM(D6:D8) -> 0 | E25: =D25-C25 -> 0 | F25: =IF(OR(C25<=0,C25=""),"",E25/C25*100)
A26: =封面!D11&封面!F11 -> 被评估方填表人：王昀 | C26: 共1页第1页 | F26: ="评估人员："&封面!F16 -> 评估人员：
A27: =封面!D13&封面!F13&封面!G13&封面!H13&封面!I13&封面!J13&封面!K13 -> 填表日期：年月日

Sheet 4-1-1可出售-股票
A1: 可供出售金融资产-股票投资评估明细表
A2: 返回 | B2: 返回索引页 | L2: 表4-1-1
A3: =#REF! -> #REF!
A4: =封面!D7&封面!F7 -> 被评估方： | L4: 金额单位：人民币元
A5: 序号 | B5: 被投资单位名称 | C5: 股票性质 | D5: 投资日期 | E5: 持有数量 | F5: 基准日市价 | G5: 取得成本 | H5: 帐面价值 | I5: 评估价值 | J5: 增减值 | K5: 增值率% | L5: 备注
J6: =I6-H6 -> 0 | K6: =IF(OR(H6<=0,H6=""),"",(I6-H6)/H6*100)
J7: =I7-H7 -> 0 | K7: =IF(OR(H7<=0,H7=""),"",(I7-H7)/H7*100)
J8: =I8-H8 -> 0 | K8: =IF(OR(H8<=0,H8=""),"",(I8-H8)/H8*100)
J9: =I9-H9 -> 0 | K9: =IF(OR(H9<=0,H9=""),"",(I9-H9)/H9*100)
J10: =I10-H10 -> 0 | K10: =IF(OR(H10<=0,H10=""),"",(I10-H10)/H10*100)
J11: =I11-H11 -> 0 | K11: =IF(OR(H11<=0,H11=""),"",(I11-H11)/H11*100)
J12: =I12-H12 -> 0 | K12: =IF(OR(H12<=0,H12=""),"",(I12-H12)/H12*100)
J13: =I13-H13 -> 0 | K13: =IF(OR(H13<=0,H13=""),"",(I13-H13)/H13*100)
J14: =I14-H14 -> 0 | K14: =IF(OR(H14<=0,H14=""),"",(I14-H14)/H14*100)
J15: =I15-H15 -> 0 | K15: =IF(OR(H15<=0,H15=""),"",(I15-H15)/H15*100)
J16: =I16-H16 -> 0 | K16: =IF(OR(H16<=0,H16=""),"",(I16-H16)/H16*100)
J17: =I17-H17 -> 0 | K17: =IF(OR(H17<=0,H17=""),"",(I17-H17)/H17*100)
... J27: =I27-H27 -> 0 | K27: =IF(OR(H27<=0,H27=""),"",(I27-H27)/H27*100)
A28: 合 计 | H28: =SUM(H6:H27) -> 0 | I28: =SUM(I6:I27) -> 0 | J28: =SUM(J6:J27) -> 0 | K28: =IF(OR(H28<=0,H28=""),"",(I28-H28)/H28*100)
A29: 减：减值准备 | J29: =I29-H29 -> 0 | K29: =IF(OR(H29<=0,H29=""),"",(I29-H29)/H29*100)
A30: 净 额 | H30: =H28-H29 -> 0 | I30: =I28-I29 -> 0 | J30: =J28-J29 -> 0 | K30: =IF(OR(H30<=0,H30=""),"",(I30-H30)/H30*100)

Sheet 4-1-2可出售-债券
A1: 可供出售金融资产-债券投资评估明细表
A2: 返回 | B2: 返回索引页 | L2: 表4-1-2
A3: =#REF! -> #REF!
A4: =封面!D7&封面!F7 -> 被评估方： | L4: 金额单位：人民币元
A5: 序号 | B5: 被投资单位名称 | C5: 债券种类 | D5: 发行日期 | E5: 到期日 | F5: 票面利率% | G5: 成本（面值） | H5: 帐面价值 | I5: 评估价值 | J5: 增减值 | K5: 增值率% | L5: 备注
J6: =I6-H6 -> 0 | K6: =IF(OR(H6<=0,H6=""),"",(I6-H6)/H6*100)
J7: =I7-H7 -> 0 | K7: =IF(OR(H7<=0,H7=""),"",(I7-H7)/H7*100)
J8: =I8-H8 -> 0 | K8: =IF(OR(H8<=0,H8=""),"",(I8-H8)/H8*100)
J9: =I9-H9 -> 0 | K9: =IF(OR(H9<=0,H9=""),"",(I9-H9)/H9*100)
J10: =I10-H10 -> 0 | K10: =IF(OR(H10<=0,H10=""),"",(I10-H10)/H10*100)
J11: =I11-H11 -> 0 | K11: =IF(OR(H11<=0,H11=""),"",(I11-H11)/H11*100)
J12: =I12-H12 -> 0 | K12: =IF(OR(H12<=0,H12=""),"",(I12-H12)/H12*100)
J13: =I13-H13 -> 0 | K13: =IF(OR(H13<=0,H13=""),"",(I13-H13)/H13*100)
J14: =I14-H14 -> 0 | K14: =IF(OR(H14<=0,H14=""),"",(I14-H14)/H14*100)
J15: =I15-H15 -> 0 | K15: =IF(OR(H15<=0,H15=""),"",(I15-H15)/H15*100)
J16: =I16-H16 -> 0 | K16: =IF(OR(H16<=0,H16=""),"",(I16-H16)/H16*100)
J17: =I17-H17 -> 0 | K17: =IF(OR(H17<=0,H17=""),"",(I17-H17)/H17*100)
... J27: =I27-H27 -> 0 | K27: =IF(OR(H27<=0,H27=""),"",(I27-H27)/H27*100)
A28: 合 计 | H28: =SUM(H6:H27) -> 0 | I28: =SUM(I6:I27) -> 0 | J28: =SUM(J6:J27) -> 0 | K28: =IF(OR(H28<=0,H28=""),"",(I28-H28)/H28*100)
A29: 减：减值准备 | J29: =I29-H29 -> 0 | K29: =IF(OR(H29<=0,H29=""),"",(I29-H29)/H29*100)
A30: 净 额 | H30: =H28-H29 -> 0 | I30: =I28-I29 -> 0 | J30: =J28-J29 -> 0 | K30: =IF(OR(H30<=0,H30=""),"",(I30-H30)/H30*100)

Sheet 4-1-3可出售-其他
A1: 可供出售金融资产-其他投资评估明细表
A2: 返回 | B2: 返回索引页 | L2: 表4-1-3
A3: =#REF! -> #REF!
A4: =封面!D7&封面!F7 -> 被评估方： | L4: 金额单位：人民币元
A5: 序号 | B5: 被投资单位名称 | C5: 金融资产名称 | D5: 投资日期 | E5: 持有数量 | F5: 基准日市价 | G5: 成本 | H5: 帐面价值 | I5: 评估价值 | J5: 增减值 | K5: 增值率% | L5: 备注
J6: =I6-H6 -> 0 | K6: =IF(OR(H6<=0,H6=""),"",(I6-H6)/H6*100)
J7: =I7-H7 -> 0 | K7: =IF(OR(H7<=0,H7=""),"",(I7-H7)/H7*100)
J8: =I8-H8 -> 0 | K8: =IF(OR(H8<=0,H8=""),"",(I8-H8)/H8*100)
J9: =I9-H9 -> 0 | K9: =IF(OR(H9<=0,H9=""),"",(I9-H9)/H9*100)
J10: =I10-H10 -> 0 | K10: =IF(OR(H10<=0,H10=""),"",(I10-H10)/H10*100)
J11: =I11-H11 -> 0 | K11: =IF(OR(H11<=0,H11=""),"",(I11-H11)/H11*100)
J12: =I12-H12 -> 0 | K12: =IF(OR(H12<=0,H12=""),"",(I12-H12)/H12*100)
J13: =I13-H13 -> 0 | K13: =IF(OR(H13<=0,H13=""),"",(I13-H13)/H13*100)
J14: =I14-H14 -> 0 | K14: =IF(OR(H14<=0,H14=""),"",(I14-H14)/H14*100)
J15: =I15-H15 -> 0 | K15: =IF(OR(H15<=0,H15=""),"",(I15-H15)/H15*100)
J16: =I16-H16 -> 0 | K16: =IF(OR(H16<=0,H16=""),"",(I16-H16)/H16*100)
J17: =I17-H17 -> 0 | K17: =IF(OR(H17<=0,H17=""),"",(I17-H17)/H17*100)
... J27: =I27-H27 -> 0 | K27: =IF(OR(H27<=0,H27=""),"",(I27-H27)/H27*100)
A28: 合 计 | H28: =SUM(H6:H27) -> 0 | I28: =SUM(I6:I27) -> 0 | J28: =SUM(J6:J27) -> 0 | K28: =IF(OR(H28<=0,H28=""),"",(I28-H28)/H28*100)
A29: 减：减值准备 | J29: =I29-H29 -> 0 | K29: =IF(OR(H29<=0,H29=""),"",(I29-H29)/H29*100)
A30: 净 额 | H30: =H28-H29 -> 0 | I30: =I28-I29 -> 0 | J30: =J28-J29 -> 0 | K30: =IF(OR(H30<=0,H30=""),"",(I30-H30)/H30*100)

Sheet 4-2至到期投资
A1: 持有至到期投资清查明细表
A2: 返回 | B2: 返回索引页 | L2: 表4-2
A3: =#REF! -> #REF!
A4: =封面!D7&封面!F7 -> 被评估方： | L4: 金额单位：人民币元
A5: 序号 | B5: 被投资单位名称 | C5: 投资类别 | D5: 投资日期 | E5: 到期日 | F5: 票面利率（%） | G5: 投资成本 | H5: 帐面价值 | I5: 评估价值 | J5: 增减值 | K5: 增值率% | L5: 备注
J6: =I6-H6 -> 0 | K6: =IF(OR(H6<=0,H6=""),"",(I6-H6)/H6*100)
J7: =I7-H7 -> 0 | K7: =IF(OR(H7<=0,H7=""),"",(I7-H7)/H7*100)
J8: =I8-H8 -> 0 | K8: =IF(OR(H8<=0,H8=""),"",(I8-H8)/H8*100)
J9: =I9-H9 -> 0 | K9: =IF(OR(H9<=0,H9=""),"",(I9-H9)/H9*100)
J10: =I10-H10 -> 0 | K10: =IF(OR(H10<=0,H10=""),"",(I10-H10)/H10*100)
J11: =I11-H11 -> 0 | K11: =IF(OR(H11<=0,H11=""),"",(I11-H11)/H11*100)
J12: =I12-H12 -> 0 | K12: =IF(OR(H12<=0,H12=""),"",(I12-H12)/H12*100)
J13: =I13-H13 -> 0 | K13: =IF(OR(H13<=0,H13=""),"",(I13-H13)/H13*100)
J14: =I14-H14 -> 0 | K14: =IF(OR(H14<=0,H14=""),"",(I14-H14)/H14*100)
J15: =I15-H15 -> 0 | K15: =IF(OR(H15<=0,H15=""),"",(I15-H15)/H15*100)
J16: =I16-H16 -> 0 | K16: =IF(OR(H16<=0,H16=""),"",(I16-H16)/H16*100)
J17: =I17-H17 -> 0 | K17: =IF(OR(H17<=0,H17=""),"",(I17-H17)/H17*100)
... J27: =I27-H27 -> 0 | K27: =IF(OR(H27<=0,H27=""),"",(I27-H27)/H27*100)
A28: 合 计 | H28: =SUM(H6:H27) -> 0 | I28: =SUM(I6:I27) -> 0 | J28: =SUM(J6:J27) -> 0 | K28: =IF(OR(H28<=0,H28=""),"",(I28-H28)/H28*100)
A29: 减：减值准备 | J29: =I29-H29 -> 0 | K29: =IF(OR(H29<=0,H29=""),"",(I29-H29)/H29*100)
A30: 净 额 | H30: =H28-H29 -> 0 | I30: =I28-I29 -> 0 | J30: =SUM(J6:J29) -> 0 | K30: =IF(OR(H30<=0,H30=""),"",(I30-H30)/H30*100)

Sheet 4-3长期应收
A1: 长期应收款清查评估明细表
A2: 返回 | B2: 返回索引页 | I2: 表4-3
A3: =#REF! -> #REF!
A4: =封面!D7&封面!F7 -> 被评估方： | I4: 金额单位：人民币元
A5: 序号 | B5: 欠款单位名称（结算对象) | C5: 业务内容 | D5: 发生日期 | E5: 帐面价值 | F5: 评估价值 | G5: 增减值 | H5: 增值率% | I5: 备注
G6: =F6-E6 -> 0 | H6: =IF(OR(E6<=0,E6=""),"",(F6-E6)/E6*100)
G7: =F7-E7 -> 0 | H7: =IF(OR(E7<=0,E7=""),"",(F7-E7)/E7*100)
G8: =F8-E8 -> 0 | H8: =IF(OR(E8<=0,E8=""),"",(F8-E8)/E8*100)
G9: =F9-E9 -> 0 | H9: =IF(OR(E9<=0,E9=""),"",(F9-E9)/E9*100)
G10: =F10-E10 -> 0 | H10: =IF(OR(E10<=0,E10=""),"",(F10-E10)/E10*100)
G11: =F11-E11 -> 0 | H11: =IF(OR(E11<=0,E11=""),"",(F11-E11)/E11*100)
G12: =F12-E12 -> 0 | H12: =IF(OR(E12<=0,E12=""),"",(F12-E12)/E12*100)
G13: =F13-E13 -> 0 | H13: =IF(OR(E13<=0,E13=""),"",(F13-E13)/E13*100)
G14: =F14-E14 -> 0 | H14: =IF(OR(E14<=0,E14=""),"",(F14-E14)/E14*100)
G15: =F15-E15 -> 0 | H15: =IF(OR(E15<=0,E15=""),"",(F15-E15)/E15*100)
G16: =F16-E16 -> 0 | H16: =IF(OR(E16<=0,E16=""),"",(F16-E16)/E16*100)
G17: =F17-E17 -> 0 | H17: =IF(OR(E17<=0,E17=""),"",(F17-E17)/E17*100)
... G28: =F28-E28 -> 0 | H28: =IF(OR(E28<=0,E28=""),"",(F28-E28)/E28*100)
A29: 合 计 | E29: =SUM(E6:E28) -> 0 | F29: =SUM(F6:F28) -> 0 | G29: =SUM(G6:G28) -> 0 | H29: =IF(OR(E29<=0,E29=""),"",(F29-E29)/E29*100)
A30: 减：坏账准备 | G30: =F30-E30 -> 0 | H30: =IF(OR(E30<=0,E30=""),"",(F30-E30)/E30*100)
A31: 净 额 | E31: =E29-E30 -> 0 | F31: =F29-F30 -> 0 | G31: =SUM(G6:G30) -> 0 | H31: =IF(OR(E31<=0,E31=""),"",(F31-E31)/E31*100)

Sheet 4-4长期投资
A1: 长期股权投资清查评估明细
A2: 返回 | B2: 返回索引页 | K2: 表4-4
A3: =#REF! -> #REF!
A4: =封面!D7&封面!F7 -> 被评估方： | K4: 金额单位：人民币元
A5: 序号 | B5: 被投资单位名称 | C5: 投资日期 | D5: 协议投资期限 | E5: 投资比例 | F5: 投资成本 | G5: 帐面价值 | H5: 评估价值 | I5: 增减值 | J5: 增值率% | K5: 备注
I6: =H6-G6 -> 0 | J6: =IF(OR(G6<=0,G6=""),"",(H6-G6)/G6*100)
I7: =H7-G7 -> 0 | J7: =IF(OR(G7<=0,G7=""),"",(H7-G7)/G7*100)
I8: =H8-G8 -> 0 | J8: =IF(OR(G8<=0,G8=""),"",(H8-G8)/G8*100)
I9: =H9-G9 -> 0 | J9: =IF(OR(G9<=0,G9=""),"",(H9-G9)/G9*100)
I10: =H10-G10 -> 0 | J10: =IF(OR(G10<=0,G10=""),"",(H10-G10)/G10*100)
I11: =H11-G11 -> 0 | J11: =IF(OR(G11<=0,G11=""),"",(H11-G11)/G11*100)
I12: =H12-G12 -> 0 | J12: =IF(OR(G12<=0,G12=""),"",(H12-G12)/G12*100)
I13: =H13-G13 -> 0 | J13: =IF(OR(G13<=0,G13=""),"",(H13-G13)/G13*100)
I14: =H14-G14 -> 0 | J14: =IF(OR(G14<=0,G14=""),"",(H14-G14)/G14*100)
I15: =H15-G15 -> 0 | J15: =IF(OR(G15<=0,G15=""),"",(H15-G15)/G15*100)
I16: =H16-G16 -> 0 | J16: =IF(OR(G16<=0,G16=""),"",(H16-G16)/G16*100)
I17: =H17-G17 -> 0 | J17: =IF(OR(G17<=0,G17=""),"",(H17-G17)/G17*100)
... I28: =H28-G28 -> 0 | J28: =IF(OR(G28<=0,G28=""),"",(H28-G28)/G28*100)
A29: 合 计 | G29: =SUM(G6:G28) -> 0 | H29: =SUM(H6:H28) -> 0 | I29: =SUM(I6:I28) -> 0 | J29: =IF(OR(G29<=0,G29=""),"",(H29-G29)/G29*100)
A30: 减：减值准备 | I30: =H30-G30 -> 0 | J30: =IF(OR(G30<=0,G30=""),"",(H30-G30)/G30*100)
A31: 净 额 | G31: =G29-G30 -> 0 | H31: =H29-H30 -> 0 | I31: =SUM(I6:I30) -> 0 | J31: =IF(OR(G31<=0,G31=""),"",(H31-G31)/G31*100)

Sheet 4-5-1投资性房产
A1: 投资性房地产-房屋评估明细表（采用成本模式计量）
A2: 返回 | B2: 返回索引页 | P2: 表4-5-1
A3: =#REF! -> #REF!
A4: =封面!D7&封面!F7 -> 被评估方： | P4: 金额单位：人民币元
A5: 序号 | B5: 权证编号 | C5: 房屋名称 | D5: 来源 | E5: 结构 | F5: 建成 年月 | G5: 计量单位 | H5: 建筑面积 | I5: 成本单价 | J5: 帐面价值 | L5: 评估价值 | O5: 增值率% | P5: 备注 | Q5: 寿命年限
J6: 原值 | K6: 净值 | L6: 原值 | M6: 成新率% | N6: 净值
M7: =IF(OR(F7="",L7="",L7=0,Q7=""),"",IF((Q7*12-(YEAR(封面!$A$3)-YEAR(F7))*12-(MONTH(封面!$A$3)-MONTH(F7)))/(Q7*12)<=0.15,15,ROUND((Q7*12-(YEAR(封面!$A$3)-YEAR(F7))*12-(MONTH(封面!$A$3)-MONTH(F7)))/(Q7*12)*100,0))) | N7: =IF(L7="","",IF(M7="",L7,L7*M7/100)) | O7: =IF(OR(K7<=0,K7=""),"",(IF(N7="",0,N7)-K7)/K7*100)
M8: =IF(OR(F8="",L8="",L8=0,Q8=""),"",IF((Q8*12-(YEAR(封面!$A$3)-YEAR(F8))*12-(MONTH(封面!$A$3)-MONTH(F8)))/(Q8*12)<=0.15,15,ROUND((Q8*12-(YEAR(封面!$A$3)-YEAR(F8))*12-(MONTH(封面!$A$3)-MONTH(F8)))/(Q8*12)*100,0))) | N8: =IF(L8="","",IF(M8="",L8,L8*M8/100)) | O8: =IF(OR(K8<=0,K8=""),"",(IF(N8="",0,N8)-K8)/K8*100)
M9: =IF(OR(F9="",L9="",L9=0,Q9=""),"",IF((Q9*12-(YEAR(封面!$A$3)-YEAR(F9))*12-(MONTH(封面!$A$3)-MONTH(F9)))/(Q9*12)<=0.15,15,ROUND((Q9*12-(YEAR(封面!$A$3)-YEAR(F9))*12-(MONTH(封面!$A$3)-MONTH(F9)))/(Q9*12)*100,0))) | N9: =IF(L9="","",IF(M9="",L9,L9*M9/100)) | O9: =IF(OR(K9<=0,K9=""),"",(IF(N9="",0,N9)-K9)/K9*100)
M10: =IF(OR(F10="",L10="",L10=0,Q10=""),"",IF((Q10*12-(YEAR(封面!$A$3)-YEAR(F10))*12-(MONTH(封面!$A$3)-MONTH(F10)))/(Q10*12)<=0.15,15,ROUND((Q10*12-(YEAR(封面!$A$3)-YEAR(F10))*12-(MONTH(封面!$A$3)-MONTH(F10)))/(Q10*12)*100,0))) | N10: =IF(L10="","",IF(M10="",L10,L10*M10/100)) | O10: =IF(OR(K10<=0,K10=""),"",(IF(N10="",0,N10)-K10)/K10*100)
M11: =IF(OR(F11="",L11="",L11=0,Q11=""),"",IF((Q11*12-(YEAR(封面!$A$3)-YEAR(F11))*12-(MONTH(封面!$A$3)-MONTH(F11)))/(Q11*12)<=0.15,15,ROUND((Q11*12-(YEAR(封面!$A$3)-YEAR(F11))*12-(MONTH(封面!$A$3)-MONTH(F11)))/(Q11*12)*100,0))) | N11: =IF(L11="","",IF(M11="",L11,L11*M11/100)) | O11: =IF(OR(K11<=0,K11=""),"",(IF(N11="",0,N11)-K11)/K11*100)
M12: =IF(OR(F12="",L12="",L12=0,Q12=""),"",IF((Q12*12-(YEAR(封面!$A$3)-YEAR(F12))*12-(MONTH(封面!$A$3)-MONTH(F12)))/(Q12*12)<=0.15,15,ROUND((Q12*12-(YEAR(封面!$A$3)-YEAR(F12))*12-(MONTH(封面!$A$3)-MONTH(F12)))/(Q12*12)*100,0))) | N12: =IF(L12="","",IF(M12="",L12,L12*M12/100)) | O12: =IF(OR(K12<=0,K12=""),"",(IF(N12="",0,N12)-K12)/K12*100)
M13: =IF(OR(F13="",L13="",L13=0,Q13=""),"",IF((Q13*12-(YEAR(封面!$A$3)-YEAR(F13))*12-(MONTH(封面!$A$3)-MONTH(F13)))/(Q13*12)<=0.15,15,ROUND((Q13*12-(YEAR(封面!$A$3)-YEAR(F13))*12-(MONTH(封面!$A$3)-MONTH(F13)))/(Q13*12)*100,0))) | N13: =IF(L13="","",IF(M13="",L13,L13*M13/100)) | O13: =IF(OR(K13<=0,K13=""),"",(IF(N13="",0,N13)-K13)/K13*100)
M14: =IF(OR(F14="",L14="",L14=0,Q14=""),"",IF((Q14*12-(YEAR(封面!$A$3)-YEAR(F14))*12-(MONTH(封面!$A$3)-MONTH(F14)))/(Q14*12)<=0.15,15,ROUND((Q14*12-(YEAR(封面!$A$3)-YEAR(F14))*12-(MONTH(封面!$A$3)-MONTH(F14)))/(Q14*12)*100,0))) | N14: =IF(L14="","",IF(M14="",L14,L14*M14/100)) | O14: =IF(OR(K14<=0,K14=""),"",(IF(N14="",0,N14)-K14)/K14*100)
M15: =IF(OR(F15="",L15="",L15=0,Q15=""),"",IF((Q15*12-(YEAR(封面!$A$3)-YEAR(F15))*12-(MONTH(封面!$A$3)-MONTH(F15)))/(Q15*12)<=0.15,15,ROUND((Q15*12-(YEAR(封面!$A$3)-YEAR(F15))*12-(MONTH(封面!$A$3)-MONTH(F15)))/(Q15*12)*100,0))) | N15: =IF(L15="","",IF(M15="",L15,L15*M15/100)) | O15: =IF(OR(K15<=0,K15=""),"",(IF(N15="",0,N15)-K15)/K15*100)
M16: =IF(OR(F16="",L16="",L16=0,Q16=""),"",IF((Q16*12-(YEAR(封面!$A$3)-YEAR(F16))*12-(MONTH(封面!$A$3)-MONTH(F16)))/(Q16*12)<=0.15,15,ROUND((Q16*12-(YEAR(封面!$A$3)-YEAR(F16))*12-(MONTH(封面!$A$3)-MONTH(F16)))/(Q16*12)*100,0))) | N16: =IF(L16="","",IF(M16="",L16,L16*M16/100)) | O16: =IF(OR(K16<=0,K16=""),"",(IF(N16="",0,N16)-K16)/K16*100)
M17: =IF(OR(F17="",L17="",L17=0,Q17=""),"",IF((Q17*12-(YEAR(封面!$A$3)-YEAR(F17))*12-(MONTH(封面!$A$3)-MONTH(F17)))/(Q17*12)<=0.15,15,ROUND((Q17*12-(YEAR(封面!$A$3)-YEAR(F17))*12-(MONTH(封面!$A$3)-MONTH(F17)))/(Q17*12)*100,0))) | N17: =IF(L17="","",IF(M17="",L17,L17*M17/100)) | O17: =IF(OR(K17<=0,K17=""),"",(IF(N17="",0,N17)-K17)/K17*100)
M18: =IF(OR(F18="",L18="",L18=0,Q18=""),"",IF((Q18*12-(YEAR(封面!$A$3)-YEAR(F18))*12-(MONTH(封面!$A$3)-MONTH(F18)))/(Q18*12)<=0.15,15,ROUND((Q18*12-(YEAR(封面!$A$3)-YEAR(F18))*12-(MONTH(封面!$A$3)-MONTH(F18)))/(Q18*12)*100,0))) | N18: =IF(L18="","",IF(M18="",L18,L18*M18/100)) | O18: =IF(OR(K18<=0,K18=""),"",(IF(N18="",0,N18)-K18)/K18*100)
... M38: =IF(OR(F38="",L38="",L38=0,Q38=""),"",IF((Q38*12-(YEAR(封面!$A$3)-YEAR(F38))*12-(MONTH(封面!$A$3)-MONTH(F38)))/(Q38*12)<=0.15,15,ROUND((Q38*12-(YEAR(封面!$A$3)-YEAR(F38))*12-(MONTH(封面!$A$3)-MONTH(F38)))/(Q38*12)*100,0))) | N38: =IF(L38="","",IF(M38="",L38,L38*M38/100)) | O38: =IF(OR(K38<=0,K38=""),"",(IF(N38="",0,N38)-K38)/K38*100)
A39: 合 计 | J39: =SUM(J7:J38) -> 0 | K39: =SUM(K7:K38) -> 0 | L39: =SUM(L7:L38) -> 0 | N39: =SUM(N7:N38) -> 0 | O39: =IF(OR(K39<=0,K39=""),"",(IF(N39="",0,N39)-K39)/K39*100)
A40: 减：减值准备 | M40: =IF(OR(F40="",L40="",L40=0,Q40=""),"",IF((Q40*12-(YEAR(封面!$A$3)-YEAR(F40))*12-(MONTH(封面!$A$3)-MONTH(F40)))/(Q40*12)<=0.15,15,ROUND((Q40*12-(YEAR(封面!$A$3)-YEAR(F40))*12-(MONTH(封面!$A$3)-MONTH(F40)))/(Q40*12)*100,0))) | O40: =IF(OR(K40<=0,K40=""),"",(IF(N40="",0,N40)-K40)/K40*100)
A41: 净 额 | J41: =J39-J40 -> 0 | K41: =K39-K40 -> 0 | L41: =L39-L40 -> 0 | N41: =N39-N40 -> 0 | O41: =IF(OR(K41<=0,K41=""),"",(IF(N41="",0,N41)-K41)/K41*100)

Sheet 4-5-2投资性房产
A1: 投资性房地产-房屋评估明细表（采用公允价值模式计量）
A2: 返回 | B2: 返回索引页 | O2: 表4-5-2
A3: =#REF! -> #REF!
A4: =封面!D7&封面!F7 -> 被评估方： | O4: 金额单位：人民币元
A5: 序号 | B5: 权证编号 | C5: 房屋名称 | D5: 来源 | E5: 结构 | F5: 建成 年月 | G5: 计量单位 | H5: 建筑面积 | I5: 成本单价 | J5: 原始入帐价值 | K5: 帐面价值 | L5: 评估价值 | M5: 增减值 | N5: 增值率% | O5: 备注 | P5: 寿命年限
J6: (转入日公允价值)
M7: =L7-K7 -> 0 | N7: =IF(OR(K7<=0,K7=""),"",(IF(L7="",0,L7)-K7)/K7*100)
M8: =L8-K8 -> 0 | N8: =IF(OR(K8<=0,K8=""),"",(IF(L8="",0,L8)-K8)/K8*100)
M9: =L9-K9 -> 0 | N9: =IF(OR(K9<=0,K9=""),"",(IF(L9="",0,L9)-K9)/K9*100)
M10: =L10-K10 -> 0 | N10: =IF(OR(K10<=0,K10=""),"",(IF(L10="",0,L10)-K10)/K10*100)
M11: =L11-K11 -> 0 | N11: =IF(OR(K11<=0,K11=""),"",(IF(L11="",0,L11)-K11)/K11*100)
M12: =L12-K12 -> 0 | N12: =IF(OR(K12<=0,K12=""),"",(IF(L12="",0,L12)-K12)/K12*100)
M13: =L13-K13 -> 0 | N13: =IF(OR(K13<=0,K13=""),"",(IF(L13="",0,L13)-K13)/K13*100)
M14: =L14-K14 -> 0 | N14: =IF(OR(K14<=0,K14=""),"",(IF(L14="",0,L14)-K14)/K14*100)
M15: =L15-K15 -> 0 | N15: =IF(OR(K15<=0,K15=""),"",(IF(L15="",0,L15)-K15)/K15*100)
M16: =L16-K16 -> 0 | N16: =IF(OR(K16<=0,K16=""),"",(IF(L16="",0,L16)-K16)/K16*100)
M17: =L17-K17 -> 0 | N17: =IF(OR(K17<=0,K17=""),"",(IF(L17="",0,L17)-K17)/K17*100)
M18: =L18-K18 -> 0 | N18: =IF(OR(K18<=0,K18=""),"",(IF(L18="",0,L18)-K18)/K18*100)
... M40: =L40-K40 -> 0 | N40: =IF(OR(K40<=0,K40=""),"",(IF(L40="",0,L40)-K40)/K40*100)
A41: 合 计 | K41: =SUM(K7:K40) -> 0 | L41: =SUM(L7:L40) -> 0 | M41: =L41-K41 -> 0 | N41: =IF(OR(K41<=0,K41=""),"",(IF(L41="",0,L41)-K41)/K41*100)

Sheet 4-5-3投资性地产
A1: 投资性房地产-土地使用权评估明细表（采用成本模式计量）
A2: 返回 | B2: 返回索引页 | Q2: 表4-5-3
A3: =#REF! -> #REF!
A4: =封面!D7&封面!F7 -> 被评估方： | Q4: 金额单位：人民币元
A5: 序号 | B5: 权证编号 | C5: 宗地名称 | D5: 来源 | E5: 土地位置 | F5: 取得日期 | G5: 用地性质 | H5: 土地用途 | I5: 准用年限 | J5: 开发程度 | K5: 面积(m2) | L5: 原始入帐价值 | M5: 帐面价值 | N5: 评估价值 | O5: 增减值 | P5: 增值率% | Q5: 备注
O7: =N7-M7 -> 0 | P7: =IF(OR(M7<=0,M7=""),"",(IF(N7="",0,N7)-M7)/M7*100)
O8: =N8-M8 -> 0 | P8: =IF(OR(M8<=0,M8=""),"",(IF(N8="",0,N8)-M8)/M8*100)
O9: =N9-M9 -> 0 | P9: =IF(OR(M9<=0,M9=""),"",(IF(N9="",0,N9)-M9)/M9*100)
O10: =N10-M10 -> 0 | P10: =IF(OR(M10<=0,M10=""),"",(IF(N10="",0,N10)-M10)/M10*100)
O11: =N11-M11 -> 0 | P11: =IF(OR(M11<=0,M11=""),"",(IF(N11="",0,N11)-M11)/M11*100)
O12: =N12-M12 -> 0 | P12: =IF(OR(M12<=0,M12=""),"",(IF(N12="",0,N12)-M12)/M12*100)
O13: =N13-M13 -> 0 | P13: =IF(OR(M13<=0,M13=""),"",(IF(N13="",0,N13)-M13)/M13*100)
O14: =N14-M14 -> 0 | P14: =IF(OR(M14<=0,M14=""),"",(IF(N14="",0,N14)-M14)/M14*100)
O15: =N15-M15 -> 0 | P15: =IF(OR(M15<=0,M15=""),"",(IF(N15="",0,N15)-M15)/M15*100)
O16: =N16-M16 -> 0 | P16: =IF(OR(M16<=0,M16=""),"",(IF(N16="",0,N16)-M16)/M16*100)
O17: =N17-M17 -> 0 | P17: =IF(OR(M17<=0,M17=""),"",(IF(N17="",0,N17)-M17)/M17*100)
O18: =N18-M18 -> 0 | P18: =IF(OR(M18<=0,M18=""),"",(IF(N18="",0,N18)-M18)/M18*100)
... O38: =N38-M38 -> 0 | P38: =IF(OR(M38<=0,M38=""),"",(IF(N38="",0,N38)-M38)/M38*100)
A39: 合 计 | M39: =SUM(M7:M38) -> 0 | N39: =SUM(N7:N38) -> 0 | O39: =SUM(O7:O38) -> 0 | P39: =IF(OR(M39<=0,M39=""),"",(IF(N39="",0,N39)-M39)/M39*100)
A40: 减：减值准备 | O40: =N40-M40 -> 0 | P40: =IF(OR(M40<=0,M40=""),"",(IF(N40="",0,N40)-M40)/M40*100)
A41: 净 额 | M41: =M39-M40 -> 0 | N41: =N39-N40 -> 0 | O41: =O39-O40 -> 0 | P41: =IF(OR(M41<=0,M41=""),"",(IF(N41="",0,N41)-M41)/M41*100)

Sheet 4-5-4投资性地产
A1: 投资性房地产-土地使用权评估明细表（采用公允价值模式计量）
A2: 返回 | B2: 返回索引页 | Q2: 表4-5-4
A3: =#REF! -> #REF!
A4: =封面!D7&封面!F7 -> 被评估方： | Q4: 金额单位：人民币元
A5: 序号 | B5: 权证编号 | C5: 宗地名称 | D5: 来源 | E5: 土地位置 | F5: 取得日期 | G5: 用地性质 | H5: 土地用途 | I5: 准用年限 | J5: 开发程度 | K5: 面积(m2) | L5: 原始入帐价值 | M5: 帐面价值 | N5: 评估价值 | O5: 增减值 | P5: 增值率% | Q5: 备注
L6: (转入日公允价值)
O7: =N7-M7 -> 0 | P7: =IF(OR(M7<=0,M7=""),"",(IF(N7="",0,N7)-M7)/M7*100)
O8: =N8-M8 -> 0 | P8: =IF(OR(M8<=0,M8=""),"",(IF(N8="",0,N8)-M8)/M8*100)
O9: =N9-M9 -> 0 | P9: =IF(OR(M9<=0,M9=""),"",(IF(N9="",0,N9)-M9)/M9*100)
O10: =N10-M10 -> 0 | P10: =IF(OR(M10<=0,M10=""),"",(IF(N10="",0,N10)-M10)/M10*100)
O11: =N11-M11 -> 0 | P11: =IF(OR(M11<=0,M11=""),"",(IF(N11="",0,N11)-M11)/M11*100)
O12: =N12-M12 -> 0 | P12: =IF(OR(M12<=0,M12=""),"",(IF(N12="",0,N12)-M12)/M12*100)
O13: =N13-M13 -> 0 | P13: =IF(OR(M13<=0,M13=""),"",(IF(N13="",0,N13)-M13)/M13*100)
O14: =N14-M14 -> 0 | P14: =IF(OR(M14<=0,M14=""),"",(IF(N14="",0,N14)-M14)/M14*100)
O15: =N15-M15 -> 0 | P15: =IF(OR(M15<=0,M15=""),"",(IF(N15="",0,N15)-M15)/M15*100)
O16: =N16-M16 -> 0 | P16: =IF(OR(M16<=0,M16=""),"",(IF(N16="",0,N16)-M16)/M16*100)
O17: =N17-M17 -> 0 | P17: =IF(OR(M17<=0,M17=""),"",(IF(N17="",0,N17)-M17)/M17*100)
O18: =N18-M18 -> 0 | P18: =IF(OR(M18<=0,M18=""),"",(IF(N18="",0,N18)-M18)/M18*100)
... O40: =N40-M40 -> 0 | P40: =IF(OR(M40<=0,M40=""),"",(IF(N40="",0,N40)-M40)/M40*100)
A41: 合 计 | M41: =SUM(M7:M40) -> 0 | N41: =SUM(N7:N40) -> 0 | O41: =SUM(O7:O40) -> 0 | P41: =IF(OR(M41<=0,M41=""),"",(IF(N41="",0,N41)-M41)/M41*100)

Sheet 总表
A1: 固定资产-废旧物资明细表
L2: 表4-6-4
A3: 评估基准日：2019年03月13日
A4: 被评估单位：黄河万家寨水力枢纽有限公司 | L4: 金额单位：人民币元
A5: 序号 | B5: 资产类别 | C5: 设备名称 | D5: 规格型号 | E5: 计量单位 | F5: 数量 | G5: 存放地点 | H5: 启用日期 | I5: 帐面价值 | K5: 评估单价 | L5: 备注
I6: 原值 | J6: 净值
A7: 1 | B7: 废铜类 | C7: 4号机组定子线棒 | D7: 1077根，每根29公斤 | E7: 吨 | F7: 31 | K7: 34000
A8: 2 | B8: 废铜类 | C8: 3号发电机旧定子铜环引线 | E8: 吨 | F8: 3.34 | G8: 仓库院内 | K8: 34000 | L8: 有绝缘树脂，实际数量以过磅为准
A9: 3 | B9: 废铜类 | C9: 3号发电机旧定子线棒 | E9: 吨 | F9: 34.81 | G9: 仓库院内 | K9: 34000 | L9: 有绝缘树脂，实际数量以过磅为准
A10: 4 | B10: 废铜类 | C10: 1G铜环引线 | E10: 吨 | F10: 3.29 | G10: 大库院内 | K10: 34000 | L10: 有绝缘树脂，实际数量以过磅为准
A11: 5 | B11: 废铜类 | C11: 1G定子线棒 | E11: 吨 | F11: 34.77 | G11: 大库院内 | K11: 34000 | L11: 有绝缘树脂，实际数量以过磅为准
A12: 6 | B12: 废铜类 | C12: 6G铜环引线 | E12: 吨 | F12: 3.29 | G12: 大库院内 | K12: 34000 | L12: 有绝缘树脂，实际数量以过磅为准
A13: 7 | B13: 废铜类 | C13: 6G定子线棒 | E13: 吨 | F13: 34.77 | G13: 大库院内 | K13: 34000 | L13: 有绝缘树脂，实际数量以过磅为准
A14: 8 | B14: 钢铁类 | C14: 闸门 | D14: 共570吨 | E14: 块 | F14: 36 | G14: 龙口 | K14: 1780 | L14: 实际数量以过磅为准
A15: 9 | B15: 钢铁类 | C15: 叠梁门 | D15: 52.42吨 | E15: 块 | F15: 6 | G15: 龙口 | K15: 1780 | L15: 实际数量以过磅为准
A16: 10 | B16: 钢铁类 | C16: 防火阀 | E16: 个 | F16: 5 | G16: 炸药库 | K16: 1680 | L16: 实际数量以过磅为准
A17: 11 | B17: 钢铁类 | C17: 梯子 | D17: 2.5米 | E17: 个 | F17: 1 | G17: 炸药库 | K17: 1680 | L17: 实际数量以过磅为准
A18: 12 | B18: 钢铁类 | C18: 导链 | D18: 5吨 | E18: 个 | F18: 1 | G18: 炸药库 | K18: 1680 | L18: 实际数量以过磅为准
A19: 13 | B19: 钢铁类 | C19: 底孔弧门水封压板 | E19: 根 | F19: 1 | G19: 炸药库 | K19: 1680 | L19: 实际数量以过磅为准
A20: 14 | B20: 钢铁类 | C20: 手动蝶阀 | D20: DN400 | E20: 个 | F20: 2 | G20: 炸药库 | K20: 1680 | L20: 实际数量以过磅为准
A21: 15 | B21: 钢铁类 | C21: 螺旋千斤顶 | D21: 3T 2个，5T、4个，10T、1个，20T1个，、32T2个。 | E21: 个 | F21: 9 | G21: 炸药库 | K21: 1680 | L21: 实际数量以过磅为准
A22: 16 | B22: 钢铁类 | C22: 栅栏式安全围栏 | E22: 个 | F22: 5 | G22: 炸药库 | K22: 1680 | L22: 实际数量以过磅为准
A23: 17 | B23: 钢铁类 | C23: 拉带式安全围栏 | E23: 个 | F23: 4 | G23: 炸药库 | K23: 1680 | L23: 实际数量以过磅为准
A24: 18 | B24: 钢铁类 | C24: 手推车 | E24: 台 | F24: 1 | G24: 炸药库 | K24: 1680 | L24: 实际数量以过磅为准
A25: 19 | B25: 钢铁类 | C25: 2号机均压管及阀门 | D25: DN250 | E25: 套 | F25: 4 | G25: 炸药库 | K25: 1680 | L25: 实际数量以过磅为准
A26: 20 | B26: 钢铁类 | C26: 南自DGT-801C保护装置CPUC板 | D26: 型号：LY2K6202 | E26: 块 | F26: 3 | G26: 炸药库 | K26: 1680 | L26: 实际数量以过磅为准
A27: 21 | B27: 钢铁类 | C27: 废旧角钢 | D27: 50 | E27: 米 | F27: 32 | G27: 炸药库 | K27: 1680 | L27: 实际数量以过磅为准
A28: 22 | B28: 钢铁类 | C28: 废旧槽钢 | D28: 【100 | E28: 米 | F28: 13 | G28: 炸药库 | K28: 1680 | L28: 实际数量以过磅为准
A29: 23 | B29: 钢铁类 | C29: 卷焊钢管 | D29: 每截1.2米 | E29: 截 | F29: 2 | G29: 炸药库 | K29: 1680 | L29: 实际数量以过磅为准
A30: 24 | B30: 钢铁类 | C30: 自制弯头 | D30: DN350 | E30: 个 | F30: 1 | G30: 炸药库 | K30: 1680 | L30: 实际数量以过磅为准
A31: 25 | B31: 钢铁类 | C31: 法兰 | D31: DN350 | E31: 片 | F31: 17 | G31: 炸药库 | K31: 1680 | L31: 实际数量以过磅为准
A32: 26 | B32: 钢铁类 | C32: 卷焊钢管 | D32: 每截1.1米 | E32: 截 | F32: 1 | G32: 炸药库 | K32: 1680 | L32: 实际数量以过磅为准
A33: 27 | B33: 钢铁类 | C33: 卷焊钢管 | D33: 每截1.8米 | E33: 截 | F33: 1 | G33: 炸药库 | K33: 1680 | L33: 实际数量以过磅为准
A34: 28 | B34: 钢铁类 | C34: 自制三通 | D34: DN350 | E34: 个 | F34: 3 | G34: 炸药库 | K34: 1680 | L34: 实际数量以过磅为准
A35: 29 | B35: 钢铁类 | C35: 钢管 | D35: DN350 | E35: 米 | F35: 6.3 | G35: 炸药库 | K35: 1680 | L35: 实际数量以过磅为准
A36: 30 | B36: 钢铁类 | C36: 钢管 | D36: DN200 | E36: 米 | F36: 2.4 | G36: 炸药库 | K36: 1680 | L36: 实际数量以过磅为准
A37: 31 | B37: 钢铁类 | C37: 钢管 | D37: DN350 | E37: 米 | F37: 7 | G37: 炸药库 | K37: 1680 | L37: 实际数量以过磅为准
A38: 32 | B38: 钢铁类 | C38: 法兰 | D38: DN350 | E38: 块 | F38: 22 | G38: 炸药库 | K38: 1680 | L38: 实际数量以过磅为准
A39: 33 | B39: 钢铁类 | C39: 三通 | D39: DN350 | E39: 个 | F39: 5 | G39: 炸药库 | K39: 1680 | L39: 实际数量以过磅为准
... A62: 56 | B62: 钢铁类 | C62: NIS16-485C-1T | D62: POWerport | E62: 台 | F62: 1 | G62: 炸药库 | K62: 1680 | L62: 实际数量以过磅为准
A63: 57 | B63: 钢铁类 | C63: 励磁系统用熔断器底座 | E63: 个 | F63: 1 | G63: 炸药库 | K63: 1680 | L63: 实际数量以过磅为准
A64: 58 | B64: 钢铁类 | C64: 机组旧顶灯配件 | D64: XVB C34 | E64: 个 | F64: 2 | G64: 炸药库 | K64: 1680 | L64: 实际数量以过磅为准
A65: 59 | B65: 钢铁类 | C65: 机组旧顶灯配件 | D65: XVB C37 | E65: 个 | F65: 2 | G65: 炸药库 | K65: 1680 | L65: 实际数量以过磅为准
A66: 60 | B66: 钢铁类 | C66: 机组旧顶灯配件 | D66: XVB C9M | E66: 个 | F66: 2 | G66: 炸药库 | K66: 1680 | L66: 实际数量以过磅为准
A67: 61 | B67: 钢铁类 | C67: 卷焊钢管 1.5米长，带一自制焊接弯头 | D67: DN300 | E67: 截 | F67: 4 | G67: 炸药库 | K67: 1680 | L67: 实际数量以过磅为准
A68: 62 | B68: 钢铁类 | C68: 卷焊钢管 1.3米长，带一自制焊接弯头 | D68: DN300 | E68: 截 | F68: 4 | G68: 炸药库 | K68: 1680 | L68: 实际数量以过磅为准
A69: 63 | B69: 钢铁类 | C69: 自制焊接弯头 | D69: DN300 | E69: 个 | F69: 4 | G69: 炸药库 | K69: 1680 | L69: 实际数量以过磅为准
A70: 64 | B70: 钢铁类 | C70: 自制焊接弯头 | D70: DN150 | E70: 个 | F70: 1 | G70: 炸药库 | K70: 1680 | L70: 实际数量以过磅为准
A71: 65 | B71: 钢铁类 | C71: 蝶阀 | D71: DN300 | E71: 台 | F71: 2 | G71: 炸药库 | K71: 1680 | L71: 实际数量以过磅为准
A72: 66 | B72: 钢铁类 | C72: 蝶阀 | D72: DN150 | E72: 台 | F72: 1 | G72: 炸药库 | K72: 1680 | L72: 实际数量以过磅为准
A73: 67 | B73: 钢铁类 | C73: 转子磁轭片 | D73: 30KG/片 | E73: 片 | F73: 128 | G73: 大库院内 | K73: 1680 | L73: 实际数量以过磅为准
A74: 68 | B74: 钢铁类 | C74: 废旧角铁 | E74: 根 | F74: 13 | G74: 炸药库 | K74: 1680 | L74: 实际数量以过磅为准
A75: 69 | B75: 钢铁类 | C75: 废旧架子管 | D75: 共10米 | E75: 根 | F75: 6 | G75: 炸药库 | K75: 1680 | L75: 实际数量以过磅为准
A76: 70 | B76: 钢铁类 | C76: 废旧钢板 | E76: KG | F76: 200 | G76: 炸药库 | K76: 1680 | L76: 实际数量以过磅为准
A77: 71 | B77: 钢铁类 | C77: 2G技术供水离心泵进出口阀门 | D77: DN350 | E77: 台 | F77: 3 | G77: 炸药库 | K77: 1680 | L77: 实际数量以过磅为准
A78: 72 | B78: 钢铁类 | C78: 推力冷却器端盖 | E78: 套 | F78: 16 | G78: 炸药库 | K78: 1680 | L78: 实际数量以过磅为准
A79: 73 | B79: 钢铁类 | C79: 2号机技术供水阀门 | D79: DN400 | E79: 台 | F79: 3 | G79: 炸药库 | K79: 1680 | L79: 实际数量以过磅为准
A80: 74 | B80: 钢铁类 | C80: 泵座、杨水管 | D80: 400JC/K400-16×2 | E80: 台 | F80: 1 | G80: 炸药库 | K80: 1680 | L80: 实际数量以过磅为准
A81: 75 | B81: 钢铁类 | C81: 蝶阀 | D81: DN400 | E81: 台 | F81: 1 | G81: 炸药库 | K81: 1680 | L81: 实际数量以过磅为准
A82: 76 | B82: 钢铁类 | C82: 弯管 | D82: DN400 | E82: 段 | F82: 2 | G82: 炸药库 | K82: 1680 | L82: 实际数量以过磅为准
A83: 77 | B83: 钢铁类 | C83: 法兰 | D83: DN400 | E83: 片 | F83: 4 | G83: 炸药库 | K83: 1680 | L83: 实际数量以过磅为准
A84: 78 | B84: 钢铁类 | C84: 二号机组技术供水管路蝶阀 | D84: DN350 | E84: 个 | F84: 2 | G84: 炸药库 | K84: 1680 | L84: 实际数量以过磅为准
A85: 79 | B85: 钢铁类 | C85: 3200KN门式起重机主起升钢丝绳 | D85: 6*36WS-IWR-40-1870 | E85: 根 | F85: 2 | G85: 炸药库 | K85: 1680 | L85: 实际数量以过磅为准
A86: 80 | B86: 钢铁类 | C86: 控制箱 | D86: XC 3KVA/220V | E86: 个 | F86: 1 | G86: 炸药库 | K86: 1680 | L86: 实际数量以过磅为准
A87: 81 | B87: 钢铁类 | C87: 绝缘油管 | D87: ￠４０ ￠５０ | E87: 米 | F87: 600 | G87: 炸药库 | K87: 1680 | L87: 实际数量以过磅为准
A88: 82 | B88: 钢铁类 | C88: 十字螺丝刀 | E88: 把 | F88: 8 | G88: 厂房废品库 | K88: 1680 | L88: 实际数量以过磅为准
A89: 83 | B89: 钢铁类 | C89: 一字螺丝刀 | E89: 把 | F89: 5 | G89: 厂房废品库 | K89: 1680 | L89: 实际数量以过磅为准
A90: 84 | B90: 钢铁类 | C90: 剥线钳 | E90: 把 | F90: 2 | G90: 厂房废品库 | K90: 1680 | L90: 实际数量以过磅为准
A91: 85 | B91: 钢铁类 | C91: 偏口钳 | E91: 把 | F91: 2 | G91: 厂房废品库 | K91: 1680 | L91: 实际数量以过磅为准
A92: 86 | B92: 钢铁类 | C92: 老虎钳 | E92: 把 | F92: 3 | G92: 厂房废品库 | K92: 1680 | L92: 实际数量以过磅为准
A93: 87 | B93: 钢铁类 | C93: 尖嘴钳 | E93: 把 | F93: 3 | G93: 厂房废品库 | K93: 1680 | L93: 实际数量以过磅为准
A94: 88 | B94: 钢铁类 | C94: 液压钳 | E94: 个 | F94: 1 | G94: 厂房废品库 | K94: 1680 | L94: 实际数量以过磅为准
A95: 89 | B95: 钢铁类 | C95: 曲线锯 | E95: 个 | F95: 1 | G95: 厂房废品库 | K95: 1680 | L95: 实际数量以过磅为准
A96: 90 | B96: 钢铁类 | C96: 220KV声光验电器BHG-01 | E96: 支 | F96: 1 | G96: 厂房废品库 | K96: 1680 | L96: 实际数量以过磅为准
A97: 91 | B97: 钢铁类 | C97: 220KV声光验电器BHG-02 | E97: 支 | F97: 1 | G97: 厂房废品库 | K97: 1680 | L97: 实际数量以过磅为准
A98: 92 | B98: 钢铁类 | C98: 内蒙侧万杨箱载波通信设备 | D98: CZ II s | E98: 个 | F98: 4 | G98: 炸药库 | K98: 1680 | L98: 实际数量以过磅为准
A99: 93 | B99: 钢铁类 | C99: 综合机箱 | D99: 无 | E99: 个 | F99: 1 | G99: 炸药库 | K99: 1680 | L99: 实际数量以过磅为准
A100: 94 | B100: 钢铁类 | C100: 功率放大器 | D100: ZVP 1240C | E100: 个 | F100: 1 | G100: 炸药库 | K100: 1680 | L100: 实际数量以过磅为准
A101: 95 | B101: 钢铁类 | C101: 设备机柜 | D101: 无 | E101: 个 | F101: 3 | G101: 炸药库 | K101: 1680 | L101: 实际数量以过磅为准
A102: 96 | B102: 钢铁类 | C102: 功率放大器 | D102: CVP 1120 | E102: 个 | F102: 2 | G102: 炸药库 | K102: 1680 | L102: 实际数量以过磅为准
A103: 97 | B103: 钢铁类 | C103: 电源箱 | D103: ZJP 028G | E103: 个 | F103: 1 | G103: 炸药库 | K103: 1680 | L103: 实际数量以过磅为准
A104: 98 | B104: 钢铁类 | C104: 风扇单元 | D104: ZUP 411 | E104: 个 | F104: 1 | G104: 炸药库 | K104: 1680 | L104: 实际数量以过磅为准
A105: 99 | B105: 钢铁类 | C105: 铁箱 | E105: 个 | F105: 2 | G105: 炸药库 | K105: 1680 | L105: 实际数量以过磅为准
A106: 100 | B106: 钢铁类 | C106: 纱窗 | E106: 个 | F106: 10 | G106: 炸药库 | K106: 1680 | L106: 实际数量以过磅为准
A107: 101 | B107: 钢铁类 | C107: 机柜托盘 | E107: 个 | F107: 40 | G107: 炸药库 | K107: 1680 | L107: 实际数量以过磅为准
A108: 102 | B108: 钢铁类 | C108: 光端机 | D108: 华光A120 | E108: 个 | F108: 1 | G108: 炸药库 | K108: 1680 | L108: 实际数量以过磅为准
A109: 103 | B109: 钢铁类 | C109: 广播电话接入器 | D109: ITC T-6210 | E109: 个 | F109: 1 | G109: 炸药库 | K109: 1680 | L109: 实际数量以过磅为准
A110: 104 | B110: 钢铁类 | C110: 光端机配件 | D110: NOKIA | E110: 个 | F110: 8 | G110: 炸药库 | K110: 1680 | L110: 实际数量以过磅为准
A111: 105 | B111: 钢铁类 | C111: 三相异步电动机 | D111: YS6334 | E111: 台 | F111: 2 | G111: 炸药库 | K111: 1680 | L111: 实际数量以过磅为准
A112: 106 | B112: 钢铁类 | C112: 三相异步电动机 | D112: YSF8024 | E112: 台 | F112: 1 | G112: 炸药库 | K112: 1680 | L112: 实际数量以过磅为准
A113: 107 | B113: 钢铁类 | C113: 三相异步电动机 | D113: YSJ6334 | E113: 台 | F113: 4 | G113: 炸药库 | K113: 1680 | L113: 实际数量以过磅为准
A114: 108 | B114: 钢铁类 | C114: 钢管 | D114: DN100、DN125、DN200 | E114: 米 | F114: 200 | G114: 仓库院内 | K114: 1680 | L114: 实际数量以过磅为准
A115: 109 | B115: 钢铁类 | C115: 水泵底座 | D115: QOS200-32 | E115: 台 | F115: 2 | G115: 仓库院内 | K115: 1680 | L115: 实际数量以过磅为准
A116: 110 | B116: 钢铁类 | C116: 水泵底座 | D116: QOS100-32 | E116: 台 | F116: 1 | G116: 仓库院内 | K116: 1680 | L116: 实际数量以过磅为准
A117: 111 | B117: 钢铁类 | C117: 水泵 | D117: QOS200-32 | E117: 台 | F117: 2 | G117: 仓库院内 | K117: 1680 | L117: 实际数量以过磅为准
A118: 112 | B118: 钢铁类 | C118: 水泵 | D118: QOS100-32 | E118: 台 | F118: 1 | G118: 仓库院内 | K118: 1680 | L118: 实际数量以过磅为准
A119: 113 | B119: 钢铁类 | C119: 阀门 | D119: DN100 | E119: 台 | F119: 10 | G119: 仓库院内 | K119: 1680 | L119: 实际数量以过磅为准
... A132: 126 | B132: 钢铁类 | C132: 引风机 | D132: Y6-41-7.1C 18.5KW | E132: 台 | F132: 1 | G132: 炸药库 | K132: 1680 | L132: 实际数量以过磅为准
A133: 127 | B133: 钢铁类 | C133: 工具推车 | E133: 辆 | F133: 2 | G133: 炸药库 | K133: 1680 | L133: 实际数量以过磅为准
A134: 128 | B134: 钢铁类 | C134: 转速测控装置 | D134: sj-22c | E134: 台 | F134: 2 | G134: 炸药库 | K134: 1680 | L134: 实际数量以过磅为准
...

Sheet 总表1 (10)
A1: 固定资产-废旧资产明细表
L2: 表4-6-4
A3: 评估基准日：2020年11月25日
A4: 被评估单位：黄河万家寨水利枢纽有限公司 | L4: 金额单位：人民币元
A5: 序号 | B5: 资产类别 | C5: 设备名称 | D5: 规格型号 | E5: 计量单位 | F5: 数量 | G5: 存放地点 | H5: 启用日期 | I5: 帐面价值 | K5: 评估价值 | L5: 备注
I6: 原值 | J6: 净值
A7: 1 | B7: 钢铁类 | C7: 钢管 | D7: 100*3.5 | E7: 根 | F7: 24 | G7: 万家寨山上库 | L7: 残值
A8: 2 | B8: 钢铁类 | C8: 法兰 | D8: DN100 | E8: 片 | F8: 48 | G8: 万家寨山上库 | L8: 残值
A9: 3 | B9: 钢铁类 | C9: 挠性接头 | D9: DN100 | E9: 个 | F9: 24 | G9: 万家寨山上库 | L9: 残值
A10: 4 | B10: 钢铁类 | C10: 直管 | E10: 根 | F10: 1 | G10: 万家寨山上库 | L10: 残值
A11: 5 | B11: 钢铁类 | C11: 四通 | E11: 个 | F11: 1 | G11: 万家寨山上库 | L11: 残值
A12: 6 | B12: 钢铁类 | C12: 三通 | E12: 个 | F12: 1 | G12: 万家寨山上库 | L12: 残值
A13: 7 | B13: 钢铁类 | C13: 消防管路 | D13: DN300 | E13: 米 | F13: 160 | G13: 万家寨山上库 | L13: 残值
A14: 8 | B14: 钢铁类 | C14: 蝶阀 | D14: DN300 | E14: 个 | F14: 4 | G14: 万家寨山上库 | L14: 残值
A15: 9 | B15: 钢铁类 | C15: 消防管路 | D15: DN150 | E15: 米 | F15: 140 | G15: 万家寨山上库 | L15: 残值
A16: 10 | B16: 钢铁类 | C16: 蝶阀 | D16: DN150 | E16: 个 | F16: 2 | G16: 万家寨山上库 | L16: 残值
A17: 11 | B17: 钢铁类 | C17: 消防管路 | D17: DN200 | E17: 米 | F17: 3 | G17: 万家寨山上库 | L17: 残值
A18: 12 | B18: 钢铁类 | C18: 蝶阀 | D18: DN200 | E18: 个 | F18: 2 | G18: 万家寨山上库 | L18: 残值
A19: 13 | B19: 钢铁类 | C19: 技术供水阀门 | D19: DN350 | E19: 个 | F19: 1 | G19: 万家寨山上库 | L19: 残值
A20: 14 | B20: 钢铁类 | C20: 技术供水干挠性接头 | D20: DN350 | E20: 个 | F20: 2 | G20: 万家寨山上库 | L20: 残值
A21: 15 | B21: 钢铁类 | C21: 三号机技术供水盘柜 | D21: DKG2260*800*600 | E21: 个 | F21: 2 | G21: 万家寨山上库 | L21: 残值
A22: 16 | B22: 钢铁类 | C22: 四号机技术供水盘柜 | D22: DKG2260*800*600 | E22: 个 | F22: 2 | G22: 万家寨山上库 | L22: 残值
A23: 17 | B23: 钢铁类 | C23: 轴流通风机 | D23: T35-11NO,5A | E23: 个 | F23: 3 | G23: 万家寨山上库 | L23: 残值
A24: 18 | B24: 钢铁类 | C24: 主厂房用电动窗电机 | E24: 个 | F24: 1 | G24: 万家寨山上库 | L24: 残值
A25: 19 | B25: 钢铁类 | C25: 飞利浦真空卧式吸尘器 | D25: FC8766 | E25: 个 | F25: 1 | G25: 万家寨山上库 | L25: 残值
A26: 20 | B26: 钢铁类 | C26: 钢管 | D26: DN350 | E26: m | F26: 23.4 | G26: 万家寨山上库 | L26: 残值
A27: 21 | B27: 钢铁类 | C27: 蝶阀 | D27: DN350 | E27: 台 | F27: 8 | G27: 万家寨山上库 | L27: 残值
A28: 22 | B28: 钢铁类 | C28: 钢管 | D28: DN150 | E28: 米 | F28: 1.5 | G28: 万家寨山上库 | L28: 残值
A29: 23 | B29: 钢铁类 | C29: 钢管 | D29: DN200 | E29: 米 | F29: 2.5 | G29: 万家寨山上库 | L29: 残值
A30: 24 | B30: 钢铁类 | C30: 钢管 | D30: DN350 | E30: 米 | F30: 6 | G30: 万家寨山上库 | L30: 残值
A31: 25 | B31: 钢铁类 | C31: 钢管 | D31: DN300 | E31: 米 | F31: 11.5 | G31: 万家寨山上库 | L31: 残值
A32: 26 | B32: 钢铁类 | C32: 弯头 | D32: DN350 | E32: 个 | F32: 2 | G32: 万家寨山上库 | L32: 残值
A33: 27 | B33: 钢铁类 | C33: 弯头 | D33: DN300 | E33: 个 | F33: 7 | G33: 万家寨山上库 | L33: 残值
A34: 28 | B34: 钢铁类 | C34: 蝶阀 | D34: DN350 | E34: 个 | F34: 2 | G34: 万家寨山上库 | L34: 残值
A35: 29 | B35: 钢铁类 | C35: 蝶阀 | D35: DN150 | E35: 个 | F35: 2 | G35: 万家寨山上库 | L35: 残值
A36: 30 | B36: 钢铁类 | C36: 蝶阀 | D36: DN300 | E36: 个 | F36: 2 | G36: 万家寨山上库 | L36: 残值
... A41: 35 | B41: 钢铁类 | C41: 四号机组保护、故录、接口备用盘柜 | D41: DKG2260*800*600(3面）/DKG2260*1000(1面） | E41: 面 | F41: 4 | G41: 万家寨山上库 | L41: 残值
A42: 36 | B42: 钢铁类 | C42: 高位水池左岸平峒供水管路 | E42: m | F42: 50 | G42: 万家寨山上库 | L42: 残值
A43: 37 | B43: 钢铁类 | C43: 高位水池左岸平峒供水管路 | D43: DN150 | E43: m | F43: 80 | G43: 万家寨山上库 | L43: 残值
A44: 38 | B44: 钢铁类 | C44: 高位水池左岸平峒供水管路 | D44: DN100 | E44: m | F44: 30 | G44: 万家寨山上库 | L44: 残值
A45: 39 | B45: 钢铁类 | C45: 程控交换机盘柜 | D45: 600*800*2000 | E45: 个 | F45: 2 | G45: 万家寨山上库 | L45: 残值
A46: 40 | B46: 钢铁类 | C46: 主安装场动力盘4-6P空压机室动力盘1-2P | D46: 无 | E46: 面 | F46: 5 | G46: 万家寨山上库 | L46: 残值
A47: 41 | B47: 钢铁类 | C47: 有缝钢管 | D47: DN400 | E47: 根 | F47: 12 | G47: 万家寨山上库 | L47: 残值
A48: 42 | B48: 钢铁类 | C48: 供水管（消防廊道至水厂供水管路） | D48: DN100.DN150.DN250 | E48: 米 | F48: 40 | G48: 万家寨山上库 | L48: 残值
A49: 43 | B49: 钢铁类 | C49: 万家寨中控室熔断器存放柜子 | E49: 个 | F49: 1 | G49: 万家寨山上库 | L49: 残值
A50: 44 | B50: 钢铁类 | C50: 气动冲击扳手 | D50: 伍尔特 | E50: 个 | F50: 1 | G50: 万家寨山上库 | L50: 残值
A51: 45 | B51: 钢铁类 | C51: 气动冲击扳手 | D51: 伍尔特 | E51: 个 | F51: 1 | G51: 万家寨山上库 | L51: 残值
A52: 46 | B52: 钢铁类 | C52: 风铲 | D52: CZ2 | E52: 个 | F52: 3 | G52: 万家寨山上库 | L52: 残值
A53: 47 | B53: 钢铁类 | C53: 电动球阀 | D53: DN150 | E53: 台 | F53: 2 | G53: 万家寨山上库 | L53: 残值
A54: 48 | B54: 钢铁类 | C54: 蝶阀 | D54: DN400 | E54: 台 | F54: 2 | G54: 万家寨山上库 | L54: 残值
A55: 49 | B55: 钢铁类 | C55: 1#、2#中低空事故门冲水阀阀体 | D55: 阀体高：860mm,阀体内径：500mm,进出水管400mm | E55: 个 | F55: 4 | G55: 万家寨山上库 | L55: 残值
A56: 50 | B56: 钢铁类 | C56: 螺栓 | D56: M3*60 | E56: 套 | F56: 20 | G56: 万家寨山上库 | L56: 残值
A57: 51 | B57: 钢铁类 | C57: 螺栓 | D57: M20*120 | E57: 个 | F57: 20 | G57: 万家寨山上库 | L57: 残值
A58: 52 | B58: 钢铁类 | C58: 螺栓 | D58: M20*70 | E58: 个 | F58: 30 | G58: 万家寨山上库 | L58: 残值
A59: 53 | B59: 钢铁类 | C59: 弯头 | D59: DN50 | E59: 个 | F59: 4 | G59: 万家寨山上库 | L59: 残值
A60: 54 | B60: 钢铁类 | C60: 法兰 | D60: DN50 | E60: 片 | F60: 8 | G60: 万家寨山上库 | L60: 残值
A61: 55 | B61: 钢铁类 | C61: 手动试压泵 | D61: 4Ma | E61: 个 | F61: 1 | G61: 万家寨山上库 | L61: 残值
A62: 56 | B62: 钢铁类 | C62: 主变净油器 | E62: 个 | F62: 1 | G62: 万家寨山上库 | L62: 残值
A63: 57 | B63: 钢铁类 | C63: 主变中性点电流互感器 | E63: 个 | F63: 1 | G63: 万家寨山上库 | L63: 残值
A64: 58 | B64: 钢铁类 | C64: 主变钟罩螺栓 | E64: 个 | F64: 180 | G64: 万家寨山上库 | L64: 残值
A65: 59 | B65: 钢铁类 | C65: 电动球阀 | D65: DN150 | E65: 个 | F65: 2 | G65: 万家寨山上库 | L65: 残值
A66: 60 | B66: 钢铁类 | C66: 蝶阀 | D66: DN350 | E66: 个 | F66: 2 | G66: 万家寨山上库 | L66: 残值
A67: 61 | B67: 钢铁类 | C67: 挠性接头 | D67: DN350 | E67: 个 | F67: 3 | G67: 万家寨山上库 | L67: 残值
A68: 62 | B68: 钢铁类 | C68: 法兰 | D68: DN350 | E68: 片 | F68: 4 | G68: 万家寨山上库 | L68: 残值
A69: 63 | B69: 钢铁类 | C69: 钢管 | D69: DN350 | E69: 米 | F69: 1.5 | G69: 万家寨山上库 | L69: 残值
A70: 64 | B70: 钢铁类 | C70: 双头螺栓 | D70: M56*180 | E70: 套 | F70: 96 | G70: 万家寨山上库 | L70: 残值
A71: 65 | B71: 钢铁类 | C71: 厂内低压压缩机控制柜PAC2 | D71: 2260*800*600 | E71: 个 | F71: 1 | G71: 万家寨山上库 | L71: 残值
A72: 66 | B72: 钢铁类 | C72: 吊顶扣板 | E72: 平米 | F72: 150 | G72: 万家寨山上库 | L72: 残值
A73: 67 | B73: 钢铁类 | C73: 150瓦钠灯灯具 | E73: 个 | F73: 3 | G73: 万家寨山上库 | L73: 残值
A74: 68 | B74: 钢铁类 | C74: 防爆LED灯 | E74: 个 | F74: 1 | G74: 万家寨山上库 | L74: 残值
A75: 69 | B75: 钢铁类 | C75: 防爆电热油酊 | D75: BDR-2000W/20 | E75: 台 | F75: 2 | G75: 万家寨山上库 | L75: 残值
A76: 70 | B76: 钢铁类 | C76: 光电式垂线座表仪 | D76: GA-2 | E76: 个 | F76: 14 | G76: 万家寨山上库 | L76: 残值
A77: 71 | B77: 钢铁类 | C77: 扬压力观测压力表 | D77: 量程：0-0.4MPa:表盘：直径：150mm | E77: 个 | F77: 36 | G77: 万家寨山上库 | L77: 残值
A78: 72 | B78: 钢铁类 | C78: 光电式垂线座表仪 | D78: GA-2 | E78: 个 | F78: 14 | G78: 万家寨山上库 | L78: 残值
A79: 73 | B79: 钢铁类 | C79: 扬压力观测压力表 | D79: 量程：0-0.4MPa:表盘：直径：150mm | E79: 个 | F79: 36 | G79: 万家寨山上库 | L79: 残值
A80: 74 | B80: 钢铁类 | C80: 主厂房检修排水泵室棚顶照明灯具 | E80: 盏 | F80: 17 | G80: 万家寨山上库 | L80: 残值
A81: 75 | B81: 钢铁类 | C81: 氧气带 | D81: Φ8 | E81: 米 | F81: 12 | G81: 万家寨山上库 | L81: 残值
A82: 76 | B82: 钢铁类 | C82: 乙炔带 | E82: 米 | F82: 8 | G82: 万家寨山上库 | L82: 残值
A83: 77 | B83: 钢铁类 | C83: 直流电源箱 | E83: 个 | F83: 1 | G83: 万家寨山上库 | L83: 残值
A84: 78 | B84: 钢铁类 | C84: LED工矿灯 | D84: 100W | E84: 个 | F84: 4 | G84: 万家寨山上库 | L84: 残值
A85: 79 | B85: 钢铁类 | C85: pilips灯 | D85: 400W、250W、70W | E85: 个 | F85: 5 | G85: 万家寨山上库 | L85: 残值
A86: 80 | B86: 钢铁类 | C86: 厂房顶灯 | D86: 400W、250W、70W | E86: 个 | F86: 1 | G86: 万家寨山上库 | L86: 残值
A87: 81 | B87: 钢铁类 | C87: YAYUAN灯 | D87: 150W | E87: 个 | F87: 2 | G87: 万家寨山上库 | L87: 残值
A88: 82 | B88: 钢铁类 | C88: 12V灯 | E88: 个 | F88: 1 | G88: 万家寨山上库 | L88: 残值
A89: 83 | B89: 钢铁类 | C89: 厂房壁灯 | E89: 个 | F89: 3 | G89: 万家寨山上库 | L89: 残值
A90: 84 | B90: 钢铁类 | C90: 消协装置 | E90: 个 | F90: 1 | G90: 万家寨山上库 | L90: 残值
A91: 85 | B91: 钢铁类 | C91: 进线电源接触器 | E91: 个 | F91: 1 | G91: 万家寨山上库 | L91: 残值
A92: 86 | B92: 钢铁类 | C92: 尾水门机电缆托盘 | E92: 个 | F92: 1 | G92: 万家寨山上库 | L92: 残值
A93: 87 | B93: 钢铁类 | C93: 气动泵 | E93: 个 | F93: 1 | G93: 万家寨山上库 | L93: 残值
A94: 88 | B94: 钢铁类 | C94: 955平台出线平台隔离开关瓷瓶 | E94: 个 | F94: 18 | G94: 万家寨山上库 | L94: 残值
A95: 89 | B95: 钢铁类 | C95: 铁皮柜 | E95: 组 | F95: 1 | G95: 万家寨山上库 | L95: 残值
A96: 90 | B96: 钢铁类 | C96: 二号机组技术供水旧盘柜 | D96: DKG 2260*800*600 | E96: 个 | F96: 2 | G96: 万家寨山上库 | L96: 残值
A97: 91 | B97: 钢铁类 | C97: 定子机座运输支架 | E97: 个 | F97: 6 | G97: 万家寨山上库 | L97: 残值
A98: 92 | B98: 钢铁类 | C98: 氧气支架 | E98: 个 | F98: 1 | G98: 万家寨山上库 | L98: 残值
A99: 93 | B99: 钢铁类 | C99: 钠灯 | D99: 70W | E99: 个 | F99: 19 | G99: 万家寨山上库 | L99: 残值
A100: 94 | B100: 钢铁类 | C100: 爬梯 | E100: 个 | F100: 1 | G100: 万家寨山上库 | L100: 残值
A101: 95 | B101: 钢铁类 | C101: 金牛摆件 | E101: 个 | F101: 1 | G101: 万家寨山上库 | L101: 残值
A102: 96 | B102: 钢铁类 | C102: 音箱支架 | D102: w360 | E102: 个 | F102: 2 | G102: 万家寨山上库 | L102: 残值
A103: 97 | B103: 钢铁类 | C103: 闸门千斤顶 | E103: 个 | F103: 6 | G103: 万家寨山上库 | L103: 残值
A104: 98 | B104: 钢铁类 | C104: 闸门千斤顶套 | E104: 个 | F104: 5 | G104: 万家寨山上库 | L104: 残值
...

Sheet 汇总表
A1: 废旧资产汇总表
J2: 表4-6-4
A3: 评估基准日：2020年11月25日
A4: 被评估单位：黄河万家寨水利枢纽有限公司 | J4: 金额单位：人民币元
A5: 序号 | B5: 资产类别 | C5: 计量单位 | D5: 数量 | E5: 存放地点 | F5: 启用日期 | G5: 帐面价值 | I5: 评估价值 | J5: 备注
G6: 原值 | H6: 净值
A7: 1 | B7: 废钢铁类 | C7: 项 | D7: 318 | E7: 物资仓库库外、龙口山上库、万家寨山上库 | I7: =废钢铁类!K327 -> 220000 | J7: 残值
A8: 2 | B8: 废旧计算机及网络设备 | C8: 项 | D8: 105 | E8: 物资仓库库外、龙口山上库、万家寨山上库 | G8: =废旧计算机及网络设备!I114 -> 714711 | I8: =废旧计算机及网络设备!K112 -> 1132 | J8: 残值
A9: 3 | B9: 废铜类 | C9: 项 | D9: 6 | E9: 万家寨库里 | G9: =铜类!I15 -> 1693800 | I9: =铜类!K15 -> 207900 | J9: 残值
A10: 4 | B10: 废旧橡胶塑料类 | C10: 项 | D10: 30 | E10: 物资仓库库外、龙口山上大库、万家寨山上库 | I10: =废旧橡胶塑料类!K39 -> 74 | J10: 残值
A11: 5 | B11: 废旧家具类 | C11: 项 | D11: 80 | E11: 物资仓库库外、龙口山上库、万家寨山上库、6003、6005 | I11: =家具类!K89 -> 386 | J11: 残值
A12: 6 | B12: 废旧蓄电池类 | C12: 项 | D12: 2 | E12: 物资仓库库外、龙口山上库 | I12: =蓄电池!K11 -> 14560 | J12: 残值
A13: 7 | B13: 废旧家电类 | C13: 项 | D13: 36 | E13: 物资仓库库外、龙口山上库、万家寨山上库 | G13: =家电!I43 -> 151293 | I13: =家电!K45 -> 1615 | J13: 残值
A14: 8 | B14: 废旧滤油机设备 | C14: 项 | D14: 3 | E14: 物资仓库库外、龙口山上库 | I14: =滤油机设备!K16 -> 10500 | J14: 残值
A15: 9 | B15: 废旧油泵电机 | C15: 项 | D15: 17 | E15: 物资仓库库外、龙口山上库 | I15: =油泵电机!K26 -> 37590 | J15: 残值
A16: 10 | B16: 废气罐 | C16: 项 | D16: 3 | E16: 物资仓库库外 | I16: =气罐!K12 -> 32000 | J16: 残值
A17: 11 | B17: 废旧变压器 | C17: 项 | D17: 2 | E17: 物资仓库库外 | I17: =变压器!K15 -> 52500 | J17: 残值
A18: 12 | B18: 废锅炉 | C18: 项 | D18: 5 | E18: 物资仓库库外、万家寨山上库 | I18: =锅炉!K14 -> 32800 | J18: 残值
A19: 13 | B19: 废旧车辆 | C19: 项 | D19: 1 | E19: 万家寨山上库 | G19: =车辆!I16 -> 72000 | I19: =车辆!K16 -> 10000 | J19: 残值
A20: 14 | B20: 废旧材料 | C20: 项 | D20: 1 | E20: 龙口山上库 | I20: =废旧材料!K16 -> 800 | J20: 残值
A21: 合 计 | D21: =SUM(D7:D20) -> 609 | G21: =SUM(G7:G20) -> 2631804 | I21: =SUM(I7:I20) -> 621857
A22: 减：减值准备
A23: 净 额 | D23: 609 | G23: =G21 -> 2631804 | I23: =I21 -> 621857
A24: 被评估方填表人： | G24: 评估人员：
A25: 填表日期：2020年11月25日
F31: =G23+#REF!+#REF! -> #REF!

Sheet 废钢铁类
A1: 固定资产-废旧资产明细表
L2: 表4-6-4
A3: 评估基准日：2020年11月25日
A4: 被评估单位：黄河万家寨水利枢纽有限公司 | L4: 金额单位：人民币元
A5: 序号 | B5: 资产类别 | C5: 设备名称 | D5: 规格型号 | E5: 计量单位 | F5: 预估数量 | G5: 存放地点 | H5: 启用日期 | I5: 帐面价值 | K5: 评估价值 | L5: 备注
I6: 原值 | J6: 净值
A7: 1 | B7: 钢铁类 | C7: 钢管 | D7: 100*3.5 | E7: 吨 | F7: 110 | G7: 万家寨山上库 | K7: =110*2000 -> 220000 | L7: 残值
A8: 2 | B8: 钢铁类 | C8: 法兰 | D8: DN100 | G8: 万家寨山上库 | L8: 残值
A9: 3 | B9: 钢铁类 | C9: 挠性接头 | D9: DN100 | G9: 万家寨山上库 | L9: 残值
A10: 4 | B10: 钢铁类 | C10: 直管 | G10: 万家寨山上库 | L10: 残值
A11: 5 | B11: 钢铁类 | C11: 四通 | G11: 万家寨山上库 | L11: 残值
A12: 6 | B12: 钢铁类 | C12: 三通 | G12: 万家寨山上库 | L12: 残值
A13: 7 | B13: 钢铁类 | C13: 消防管路 | D13: DN300 | G13: 万家寨山上库 | L13: 残值
A14: 8 | B14: 钢铁类 | C14: 蝶阀 | D14: DN300 | G14: 万家寨山上库 | L14: 残值
A15: 9 | B15: 钢铁类 | C15: 消防管路 | D15: DN150 | G15: 万家寨山上库 | L15: 残值
A16: 10 | B16: 钢铁类 | C16: 蝶阀 | D16: DN150 | G16: 万家寨山上库 | L16: 残值
A17: 11 | B17: 钢铁类 | C17: 消防管路 | D17: DN200 | G17: 万家寨山上库 | L17: 残值
A18: 12 | B18: 钢铁类 | C18: 蝶阀 | D18: DN200 | G18: 万家寨山上库 | L18: 残值
A19: 13 | B19: 钢铁类 | C19: 技术供水阀门 | D19: DN350 | G19: 万家寨山上库 | L19: 残值
A20: 14 | B20: 钢铁类 | C20: 技术供水干挠性接头 | D20: DN350 | G20: 万家寨山上库 | L20: 残值
A21: 15 | B21: 钢铁类 | C21: 三号机技术供水盘柜 | D21: DKG2260*800*600 | G21: 万家寨山上库 | L21: 残值
A22: 16 | B22: 钢铁类 | C22: 四号机技术供水盘柜 | D22: DKG2260*800*600 | G22: 万家寨山上库 | L22: 残值
A23: 17 | B23: 钢铁类 | C23: 轴流通风机 | D23: T35-11NO,5A | G23: 万家寨山上库 | L23: 残值
A24: 18 | B24: 钢铁类 | C24: 主厂房用电动窗电机 | G24: 万家寨山上库 | L24: 残值
A25: 19 | B25: 钢铁类 | C25: 飞利浦真空卧式吸尘器 | D25: FC8766 | G25: 万家寨山上库 | L25: 残值
A26: 20 | B26: 钢铁类 | C26: 钢管 | D26: DN350 | G26: 万家寨山上库 | L26: 残值
A27: 21 | B27: 钢铁类 | C27: 蝶阀 | D27: DN350 | G27: 万家寨山上库 | L27: 残值
A28: 22 | B28: 钢铁类 | C28: 钢管 | D28: DN150 | G28: 万家寨山上库 | L28: 残值
A29: 23 | B29: 钢铁类 | C29: 钢管 | D29: DN200 | G29: 万家寨山上库 | L29: 残值
A30: 24 | B30: 钢铁类 | C30: 钢管 | D30: DN350 | G30: 万家寨山上库 | L30: 残值
A31: 25 | B31: 钢铁类 | C31: 钢管 | D31: DN300 | G31: 万家寨山上库 | L31: 残值
A32: 26 | B32: 钢铁类 | C32: 弯头 | D32: DN350 | G32: 万家寨山上库 | L32: 残值
A33: 27 | B33: 钢铁类 | C33: 弯头 | D33: DN300 | G33: 万家寨山上库 | L33: 残值
A34: 28 | B34: 钢铁类 | C34: 蝶阀 | D34: DN350 | G34: 万家寨山上库 | L34: 残值
A35: 29 | B35: 钢铁类 | C35: 蝶阀 | D35: DN150 | G35: 万家寨山上库 | L35: 残值
A36: 30 | B36: 钢铁类 | C36: 蝶阀 | D36: DN300 | G36: 万家寨山上库 | L36: 残值
... A41: 35 | B41: 钢铁类 | C41: 四号机组保护、故录、接口备用盘柜 | D41: DKG2260*800*600(3面）/DKG2260*1000(1面） | G41: 万家寨山上库 | L41: 残值
A42: 36 | B42: 钢铁类 | C42: 高位水池左岸平峒供水管路 | G42: 万家寨山上库 | L42: 残值
A43: 37 | B43: 钢铁类 | C43: 高位水池左岸平峒供水管路 | D43: DN150 | G43: 万家寨山上库 | L43: 残值
A44: 38 | B44: 钢铁类 | C44: 高位水池左岸平峒供水管路 | D44: DN100 | G44: 万家寨山上库 | L44: 残值
A45: 39 | B45: 钢铁类 | C45: 程控交换机盘柜 | D45: 600*800*2000 | G45: 万家寨山上库 | L45: 残值
A46: 40 | B46: 钢铁类 | C46: 主安装场动力盘4-6P空压机室动力盘1-2P | D46: 无 | G46: 万家寨山上库 | L46: 残值
A47: 41 | B47: 钢铁类 | C47: 有缝钢管 | D47: DN400 | G47: 万家寨山上库 | L47: 残值
A48: 42 | B48: 钢铁类 | C48: 供水管（消防廊道至水厂供水管路） | D48: DN100.DN150.DN250 | G48: 万家寨山上库 | L48: 残值
A49: 43 | B49: 钢铁类 | C49: 万家寨中控室熔断器存放柜子 | G49: 万家寨山上库 | L49: 残值
A50: 44 | B50: 钢铁类 | C50: 气动冲击扳手 | D50: 伍尔特 | G50: 万家寨山上库 | L50: 残值
A51: 45 | B51: 钢铁类 | C51: 气动冲击扳手 | D51: 伍尔特 | G51: 万家寨山上库 | L51: 残值
A52: 46 | B52: 钢铁类 | C52: 风铲 | D52: CZ2 | G52: 万家寨山上库 | L52: 残值
A53: 47 | B53: 钢铁类 | C53: 电动球阀 | D53: DN150 | G53: 万家寨山上库 | L53: 残值
A54: 48 | B54: 钢铁类 | C54: 蝶阀 | D54: DN400 | G54: 万家寨山上库 | L54: 残值
A55: 49 | B55: 钢铁类 | C55: 1#、2#中低空事故门冲水阀阀体 | D55: 阀体高：860mm,阀体内径：500mm,进出水管400mm | G55: 万家寨山上库 | L55: 残值
A56: 50 | B56: 钢铁类 | C56: 螺栓 | D56: M3*60 | G56: 万家寨山上库 | L56: 残值
A57: 51 | B57: 钢铁类 | C57: 螺栓 | D57: M20*120 | G57: 万家寨山上库 | L57: 残值
A58: 52 | B58: 钢铁类 | C58: 螺栓 | D58: M20*70 | G58: 万家寨山上库 | L58: 残值
A59: 53 | B59: 钢铁类 | C59: 弯头 | D59: DN50 | G59: 万家寨山上库 | L59: 残值
A60: 54 | B60: 钢铁类 | C60: 法兰 | D60: DN50 | G60: 万家寨山上库 | L60: 残值
A61: 55 | B61: 钢铁类 | C61: 手动试压泵 | D61: 4Ma | G61: 万家寨山上库 | L61: 残值
A62: 56 | B62: 钢铁类 | C62: 主变净油器 | G62: 万家寨山上库 | L62: 残值
A63: 57 | B63: 钢铁类 | C63: 主变中性点电流互感器 | G63: 万家寨山上库 | L63: 残值
A64: 58 | B64: 钢铁类 | C64: 主变钟罩螺栓 | G64: 万家寨山上库 | L64: 残值
A65: 59 | B65: 钢铁类 | C65: 电动球阀 | D65: DN150 | G65: 万家寨山上库 | L65: 残值
A66: 60 | B66: 钢铁类 | C66: 蝶阀 | D66: DN350 | G66: 万家寨山上库 | L66: 残值
A67: 61 | B67: 钢铁类 | C67: 挠性接头 | D67: DN350 | G67: 万家寨山上库 | L67: 残值
A68: 62 | B68: 钢铁类 | C68: 法兰 | D68: DN350 | G68: 万家寨山上库 | L68: 残值
A69: 63 | B69: 钢铁类 | C69: 钢管 | D69: DN350 | G69: 万家寨山上库 | L69: 残值
A70: 64 | B70: 钢铁类 | C70: 双头螺栓 | D70: M56*180 | G70: 万家寨山上库 | L70: 残值
A71: 65 | B71: 钢铁类 | C71: 厂内低压压缩机控制柜PAC2 | D71: 2260*800*600 | G71: 万家寨山上库 | L71: 残值
A72: 66 | B72: 钢铁类 | C72: 吊顶扣板 | G72: 万家寨山上库 | L72: 残值
A73: 67 | B73: 钢铁类 | C73: 150瓦钠灯灯具 | G73: 万家寨山上库 | L73: 残值
A74: 68 | B74: 钢铁类 | C74: 防爆LED灯 | G74: 万家寨山上库 | L74: 残值
A75: 69 | B75: 钢铁类 | C75: 防爆电热油酊 | D75: BDR-2000W/20 | G75: 万家寨山上库 | L75: 残值
A76: 70 | B76: 钢铁类 | C76: 光电式垂线座表仪 | D76: GA-2 | G76: 万家寨山上库 | L76: 残值
A77: 71 | B77: 钢铁类 | C77: 扬压力观测压力表 | D77: 量程：0-0.4MPa:表盘：直径：150mm | G77: 万家寨山上库 | L77: 残值
A78: 72 | B78: 钢铁类 | C78: 光电式垂线座表仪 | D78: GA-2 | G78: 万家寨山上库 | L78: 残值
A79: 73 | B79: 钢铁类 | C79: 扬压力观测压力表 | D79: 量程：0-0.4MPa:表盘：直径：150mm | G79: 万家寨山上库 | L79: 残值
A80: 74 | B80: 钢铁类 | C80: 主厂房检修排水泵室棚顶照明灯具 | G80: 万家寨山上库 | L80: 残值
A81: 75 | B81: 钢铁类 | C81: 氧气带 | D81: Φ8 | G81: 万家寨山上库 | L81: 残值
A82: 76 | B82: 钢铁类 | C82: 乙炔带 | G82: 万家寨山上库 | L82: 残值
A83: 77 | B83: 钢铁类 | C83: 直流电源箱 | G83: 万家寨山上库 | L83: 残值
A84: 78 | B84: 钢铁类 | C84: LED工矿灯 | D84: 100W | G84: 万家寨山上库 | L84: 残值
A85: 79 | B85: 钢铁类 | C85: pilips灯 | D85: 400W、250W、70W | G85: 万家寨山上库 | L85: 残值
A86: 80 | B86: 钢铁类 | C86: 厂房顶灯 | D86: 400W、250W、70W | G86: 万家寨山上库 | L86: 残值
A87: 81 | B87: 钢铁类 | C87: YAYUAN灯 | D87: 150W | G87: 万家寨山上库 | L87: 残值
A88: 82 | B88: 钢铁类 | C88: 12V灯 | G88: 万家寨山上库 | L88: 残值
A89: 83 | B89: 钢铁类 | C89: 厂房壁灯 | G89: 万家寨山上库 | L89: 残值
A90: 84 | B90: 钢铁类 | C90: 消协装置 | G90: 万家寨山上库 | L90: 残值
A91: 85 | B91: 钢铁类 | C91: 进线电源接触器 | G91: 万家寨山上库 | L91: 残值
A92: 86 | B92: 钢铁类 | C92: 尾水门机电缆托盘 | G92: 万家寨山上库 | L92: 残值
A93: 87 | B93: 钢铁类 | C93: 气动泵 | G93: 万家寨山上库 | L93: 残值
A94: 88 | B94: 钢铁类 | C94: 955平台出线平台隔离开关瓷瓶 | G94: 万家寨山上库 | L94: 残值
A95: 89 | B95: 钢铁类 | C95: 铁皮柜 | G95: 万家寨山上库 | L95: 残值
A96: 90 | B96: 钢铁类 | C96: 二号机组技术供水旧盘柜 | D96: DKG 2260*800*600 | G96: 万家寨山上库 | L96: 残值
A97: 91 | B97: 钢铁类 | C97: 定子机座运输支架 | G97: 万家寨山上库 | L97: 残值
A98: 92 | B98: 钢铁类 | C98: 氧气支架 | G98: 万家寨山上库 | L98: 残值
A99: 93 | B99: 钢铁类 | C99: 钠灯 | D99: 70W | G99: 万家寨山上库 | L99: 残值
A100: 94 | B100: 钢铁类 | C100: 爬梯 | G100: 万家寨山上库 | L100: 残值
A101: 95 | B101: 钢铁类 | C101: 金牛摆件 | G101: 万家寨山上库 | L101: 残值
A102: 96 | B102: 钢铁类 | C102: 音箱支架 | D102: w360 | G102: 万家寨山上库 | L102: 残值
A103: 97 | B103: 钢铁类 | C103: 闸门千斤顶 | G103: 万家寨山上库 | L103: 残值
A104: 98 | B104: 钢铁类 | C104: 闸门千斤顶套 | G104: 万家寨山上库 | L104: 残值
...

Sheet 废钢铁类 (2)
A1: 固定资产-废旧资产明细表
L2: 表4-6-4
A3: 评估基准日：2020年11月25日
A4: 被评估单位：黄河万家寨水利枢纽有限公司 | L4: 金额单位：人民币元
A5: 序号 | B5: 资产类别 | C5: 设备名称 | D5: 规格型号 | E5: 计量单位 | F5: 数量 | G5: 存放地点 | H5: 启用日期 | I5: 帐面价值 | K5: 评估价值 | L5: 备注
I6: 原值 | J6: 净值
A7: 1 | B7: 钢铁类 | C7: 钢管 | D7: 100*3.5 | E7: 根 | F7: 24 | G7: 万家寨山上库 | L7: 残值
A8: 2 | B8: 钢铁类 | C8: 法兰 | D8: DN100 | E8: 片 | F8: 48 | G8: 万家寨山上库 | L8: 残值
A9: 3 | B9: 钢铁类 | C9: 挠性接头 | D9: DN100 | E9: 个 | F9: 24 | G9: 万家寨山上库 | L9: 残值
A10: 4 | B10: 钢铁类 | C10: 直管 | E10: 根 | F10: 1 | G10: 万家寨山上库 | L10: 残值
A11: 5 | B11: 钢铁类 | C11: 四通 | E11: 个 | F11: 1 | G11: 万家寨山上库 | L11: 残值
A12: 6 | B12: 钢铁类 | C12: 三通 | E12: 个 | F12: 1 | G12: 万家寨山上库 | L12: 残值
A13: 7 | B13: 钢铁类 | C13: 消防管路 | D13: DN300 | E13: 米 | F13: 160 | G13: 万家寨山上库 | L13: 残值
A14: 8 | B14: 钢铁类 | C14: 蝶阀 | D14: DN300 | E14: 个 | F14: 4 | G14: 万家寨山上库 | L14: 残值
A15: 9 | B15: 钢铁类 | C15: 消防管路 | D15: DN150 | E15: 米 | F15: 140 | G15: 万家寨山上库 | L15: 残值
A16: 10 | B16: 钢铁类 | C16: 蝶阀 | D16: DN150 | E16: 个 | F16: 2 | G16: 万家寨山上库 | L16: 残值
A17: 11 | B17: 钢铁类 | C17: 消防管路 | D17: DN200 | E17: 米 | F17: 3 | G17: 万家寨山上库 | L17: 残值
A18: 12 | B18: 钢铁类 | C18: 蝶阀 | D18: DN200 | E18: 个 | F18: 2 | G18: 万家寨山上库 | L18: 残值
A19: 13 | B19: 钢铁类 | C19: 技术供水阀门 | D19: DN350 | E19: 个 | F19: 1 | G19: 万家寨山上库 | L19: 残值
A20: 14 | B20: 钢铁类 | C20: 技术供水干挠性接头 | D20: DN350 | E20: 个 | F20: 2 | G20: 万家寨山上库 | L20: 残值
A21: 15 | B21: 钢铁类 | C21: 三号机技术供水盘柜 | D21: DKG2260*800*600 | E21: 个 | F21: 2 | G21: 万家寨山上库 | L21: 残值
A22: 16 | B22: 钢铁类 | C22: 四号机技术供水盘柜 | D22: DKG2260*800*600 | E22: 个 | F22: 2 | G22: 万家寨山上库 | L22: 残值
A23: 17 | B23: 钢铁类 | C23: 轴流通风机 | D23: T35-11NO,5A | E23: 个 | F23: 3 | G23: 万家寨山上库 | L23: 残值
A24: 18 | B24: 钢铁类 | C24: 主厂房用电动窗电机 | E24: 个 | F24: 1 | G24: 万家寨山上库 | L24: 残值
A25: 19 | B25: 钢铁类 | C25: 飞利浦真空卧式吸尘器 | D25: FC8766 | E25: 个 | F25: 1 | G25: 万家寨山上库 | L25: 残值
A26: 20 | B26: 钢铁类 | C26: 钢管 | D26: DN350 | E26: m | F26: 23.4 | G26: 万家寨山上库 | L26: 残值
A27: 21 | B27: 钢铁类 | C27: 蝶阀 | D27: DN350 | E27: 台 | F27: 8 | G27: 万家寨山上库 | L27: 残值
A28: 22 | B28: 钢铁类 | C28: 钢管 | D28: DN150 | E28: 米 | F28: 1.5 | G28: 万家寨山上库 | L28: 残值
A29: 23 | B29: 钢铁类 | C29: 钢管 | D29: DN200 | E29: 米 | F29: 2.5 | G29: 万家寨山上库 | L29: 残值
A30: 24 | B30: 钢铁类 | C30: 钢管 | D30: DN350 | E30: 米 | F30: 6 | G30: 万家寨山上库 | L30: 残值
A31: 25 | B31: 钢铁类 | C31: 钢管 | D31: DN300 | E31: 米 | F31: 11.5 | G31: 万家寨山上库 | L31: 残值
A32: 26 | B32: 钢铁类 | C32: 弯头 | D32: DN350 | E32: 个 | F32: 2 | G32: 万家寨山上库 | L32: 残值
A33: 27 | B33: 钢铁类 | C33: 弯头 | D33: DN300 | E33: 个 | F33: 7 | G33: 万家寨山上库 | L33: 残值
A34: 28 | B34: 钢铁类 | C34: 蝶阀 | D34: DN350 | E34: 个 | F34: 2 | G34: 万家寨山上库 | L34: 残值
A35: 29 | B35: 钢铁类 | C35: 蝶阀 | D35: DN150 | E35: 个 | F35: 2 | G35: 万家寨山上库 | L35: 残值
A36: 30 | B36: 钢铁类 | C36: 蝶阀 | D36: DN300 | E36: 个 | F36: 2 | G36: 万家寨山上库 | L36: 残值
... A41: 35 | B41: 钢铁类 | C41: 四号机组保护、故录、接口备用盘柜 | D41: DKG2260*800*600(3面）/DKG2260*1000(1面） | E41: 面 | F41: 4 | G41: 万家寨山上库 | L41: 残值
A42: 36 | B42: 钢铁类 | C42: 高位水池左岸平峒供水管路 | E42: m | F42: 50 | G42: 万家寨山上库 | L42: 残值
A43: 37 | B43: 钢铁类 | C43: 高位水池左岸平峒供水管路 | D43: DN150 | E43: m | F43: 80 | G43: 万家寨山上库 | L43: 残值
A44: 38 | B44: 钢铁类 | C44: 高位水池左岸平峒供水管路 | D44: DN100 | E44: m | F44: 30 | G44: 万家寨山上库 | L44: 残值
A45: 39 | B45: 钢铁类 | C45: 程控交换机盘柜 | D45: 600*800*2000 | E45: 个 | F45: 2 | G45: 万家寨山上库 | L45: 残值
A46: 40 | B46: 钢铁类 | C46: 主安装场动力盘4-6P空压机室动力盘1-2P | D46: 无 | E46: 面 | F46: 5 | G46: 万家寨山上库 | L46: 残值
A47: 41 | B47: 钢铁类 | C47: 有缝钢管 | D47: DN400 | E47: 根 | F47: 12 | G47: 万家寨山上库 | L47: 残值
A48: 42 | B48: 钢铁类 | C48: 供水管（消防廊道至水厂供水管路） | D48: DN100.DN150.DN250 | E48: 米 | F48: 40 | G48: 万家寨山上库 | L48: 残值
A49: 43 | B49: 钢铁类 | C49: 万家寨中控室熔断器存放柜子 | E49: 个 | F49: 1 | G49: 万家寨山上库 | L49: 残值
A50: 44 | B50: 钢铁类 | C50: 气动冲击扳手 | D50: 伍尔特 | E50: 个 | F50: 1 | G50: 万家寨山上库 | L50: 残值
A51: 45 | B51: 钢铁类 | C51: 气动冲击扳手 | D51: 伍尔特 | E51: 个 | F51: 1 | G51: 万家寨山上库 | L51: 残值
A52: 46 | B52: 钢铁类 | C52: 风铲 | D52: CZ2 | E52: 个 | F52: 3 | G52: 万家寨山上库 | L52: 残值
A53: 47 | B53: 钢铁类 | C53: 电动球阀 | D53: DN150 | E53: 台 | F53: 2 | G53: 万家寨山上库 | L53: 残值
A54: 48 | B54: 钢铁类 | C54: 蝶阀 | D54: DN400 | E54: 台 | F54: 2 | G54: 万家寨山上库 | L54: 残值
A55: 49 | B55: 钢铁类 | C55: 1#、2#中低空事故门冲水阀阀体 | D55: 阀体高：860mm,阀体内径：500mm,进出水管400mm | E55: 个 | F55: 4 | G55: 万家寨山上库 | L55: 残值
A56: 50 | B56: 钢铁类 | C56: 螺栓 | D56: M3*60 | E56: 套 | F56: 20 | G56: 万家寨山上库 | L56: 残值
A57: 51 | B57: 钢铁类 | C57: 螺栓 | D57: M20*120 | E57: 个 | F57: 20 | G57: 万家寨山上库 | L57: 残值
A58: 52 | B58: 钢铁类 | C58: 螺栓 | D58: M20*70 | E58: 个 | F58: 30 | G58: 万家寨山上库 | L58: 残值
A59: 53 | B59: 钢铁类 | C59: 弯头 | D59: DN50 | E59: 个 | F59: 4 | G59: 万家寨山上库 | L59: 残值
A60: 54 | B60: 钢铁类 | C60: 法兰 | D60: DN50 | E60: 片 | F60: 8 | G60: 万家寨山上库 | L60: 残值
A61: 55 | B61: 钢铁类 | C61: 手动试压泵 | D61: 4Ma | E61: 个 | F61: 1 | G61: 万家寨山上库 | L61: 残值
A62: 56 | B62: 钢铁类 | C62: 主变净油器 | E62: 个 | F62: 1 | G62: 万家寨山上库 | L62: 残值
A63: 57 | B63: 钢铁类 | C63: 主变中性点电流互感器 | E63: 个 | F63: 1 | G63: 万家寨山上库 | L63: 残值
A64: 58 | B64: 钢铁类 | C64: 主变钟罩螺栓 | E64: 个 | F64: 180 | G64: 万家寨山上库 | L64: 残值
A65: 59 | B65: 钢铁类 | C65: 电动球阀 | D65: DN150 | E65: 个 | F65: 2 | G65: 万家寨山上库 | L65: 残值
A66: 60 | B66: 钢铁类 | C66: 蝶阀 | D66: DN350 | E66: 个 | F66: 2 | G66: 万家寨山上库 | L66: 残值
A67: 61 | B67: 钢铁类 | C67: 挠性接头 | D67: DN350 | E67: 个 | F67: 3 | G67: 万家寨山上库 | L67: 残值
A68: 62 | B68: 钢铁类 | C68: 法兰 | D68: DN350 | E68: 片 | F68: 4 | G68: 万家寨山上库 | L68: 残值
A69: 63 | B69: 钢铁类 | C69: 钢管 | D69: DN350 | E69: 米 | F69: 1.5 | G69: 万家寨山上库 | L69: 残值
A70: 64 | B70: 钢铁类 | C70: 双头螺栓 | D70: M56*180 | E70: 套 | F70: 96 | G70: 万家寨山上库 | L70: 残值
A71: 65 | B71: 钢铁类 | C71: 厂内低压压缩机控制柜PAC2 | D71: 2260*800*600 | E71: 个 | F71: 1 | G71: 万家寨山上库 | L71: 残值
A72: 66 | B72: 钢铁类 | C72: 吊顶扣板 | E72: 平米 | F72: 150 | G72: 万家寨山上库 | L72: 残值
A73: 67 | B73: 钢铁类 | C73: 150瓦钠灯灯具 | E73: 个 | F73: 3 | G73: 万家寨山上库 | L73: 残值
A74: 68 | B74: 钢铁类 | C74: 防爆LED灯 | E74: 个 | F74: 1 | G74: 万家寨山上库 | L74: 残值
A75: 69 | B75: 钢铁类 | C75: 防爆电热油酊 | D75: BDR-2000W/20 | E75: 台 | F75: 2 | G75: 万家寨山上库 | L75: 残值
A76: 70 | B76: 钢铁类 | C76: 光电式垂线座表仪 | D76: GA-2 | E76: 个 | F76: 14 | G76: 万家寨山上库 | L76: 残值
A77: 71 | B77: 钢铁类 | C77: 扬压力观测压力表 | D77: 量程：0-0.4MPa:表盘：直径：150mm | E77: 个 | F77: 36 | G77: 万家寨山上库 | L77: 残值
A78: 72 | B78: 钢铁类 | C78: 光电式垂线座表仪 | D78: GA-2 | E78: 个 | F78: 14 | G78: 万家寨山上库 | L78: 残值
A79: 73 | B79: 钢铁类 | C79: 扬压力观测压力表 | D79: 量程：0-0.4MPa:表盘：直径：150mm | E79: 个 | F79: 36 | G79: 万家寨山上库 | L79: 残值
A80: 74 | B80: 钢铁类 | C80: 主厂房检修排水泵室棚顶照明灯具 | E80: 盏 | F80: 17 | G80: 万家寨山上库 | L80: 残值
A81: 75 | B81: 钢铁类 | C81: 氧气带 | D81: Φ8 | E81: 米 | F81: 12 | G81: 万家寨山上库 | L81: 残值
A82: 76 | B82: 钢铁类 | C82: 乙炔带 | E82: 米 | F82: 8 | G82: 万家寨山上库 | L82: 残值
A83: 77 | B83: 钢铁类 | C83: 直流电源箱 | E83: 个 | F83: 1 | G83: 万家寨山上库 | L83: 残值
A84: 78 | B84: 钢铁类 | C84: LED工矿灯 | D84: 100W | E84: 个 | F84: 4 | G84: 万家寨山上库 | L84: 残值
A85: 79 | B85: 钢铁类 | C85: pilips灯 | D85: 400W、250W、70W | E85: 个 | F85: 5 | G85: 万家寨山上库 | L85: 残值
A86: 80 | B86: 钢铁类 | C86: 厂房顶灯 | D86: 400W、250W、70W | E86: 个 | F86: 1 | G86: 万家寨山上库 | L86: 残值
A87: 81 | B87: 钢铁类 | C87: YAYUAN灯 | D87: 150W | E87: 个 | F87: 2 | G87: 万家寨山上库 | L87: 残值
A88: 82 | B88: 钢铁类 | C88: 12V灯 | E88: 个 | F88: 1 | G88: 万家寨山上库 | L88: 残值
A89: 83 | B89: 钢铁类 | C89: 厂房壁灯 | E89: 个 | F89: 3 | G89: 万家寨山上库 | L89: 残值
A90: 84 | B90: 钢铁类 | C90: 消协装置 | E90: 个 | F90: 1 | G90: 万家寨山上库 | L90: 残值
A91: 85 | B91: 钢铁类 | C91: 进线电源接触器 | E91: 个 | F91: 1 | G91: 万家寨山上库 | L91: 残值
A92: 86 | B92: 钢铁类 | C92: 尾水门机电缆托盘 | E92: 个 | F92: 1 | G92: 万家寨山上库 | L92: 残值
A93: 87 | B93: 钢铁类 | C93: 气动泵 | E93: 个 | F93: 1 | G93: 万家寨山上库 | L93: 残值
A94: 88 | B94: 钢铁类 | C94: 955平台出线平台隔离开关瓷瓶 | E94: 个 | F94: 18 | G94: 万家寨山上库 | L94: 残值
A95: 89 | B95: 钢铁类 | C95: 铁皮柜 | E95: 组 | F95: 1 | G95: 万家寨山上库 | L95: 残值
A96: 90 | B96: 钢铁类 | C96: 二号机组技术供水旧盘柜 | D96: DKG 2260*800*600 | E96: 个 | F96: 2 | G96: 万家寨山上库 | L96: 残值
A97: 91 | B97: 钢铁类 | C97: 定子机座运输支架 | E97: 个 | F97: 6 | G97: 万家寨山上库 | L97: 残值
A98: 92 | B98: 钢铁类 | C98: 氧气支架 | E98: 个 | F98: 1 | G98: 万家寨山上库 | L98: 残值
A99: 93 | B99: 钢铁类 | C99: 钠灯 | D99: 70W | E99: 个 | F99: 19 | G99: 万家寨山上库 | L99: 残值
A100: 94 | B100: 钢铁类 | C100: 爬梯 | E100: 个 | F100: 1 | G100: 万家寨山上库 | L100: 残值
A101: 95 | B101: 钢铁类 | C101: 金牛摆件 | E101: 个 | F101: 1 | G101: 万家寨山上库 | L101: 残值
A102: 96 | B102: 钢铁类 | C102: 音箱支架 | D102: w360 | E102: 个 | F102: 2 | G102: 万家寨山上库 | L102: 残值
A103: 97 | B103: 钢铁类 | C103: 闸门千斤顶 | E103: 个 | F103: 6 | G103: 万家寨山上库 | L103: 残值
A104: 98 | B104: 钢铁类 | C104: 闸门千斤顶套 | E104: 个 | F104: 5 | G104: 万家寨山上库 | L104: 残值
...

Sheet 废旧计算机及网络设备
A1: 固定资产-废旧资产明细表
L2: 表4-6-4
A3: 评估基准日：2020年11月25日
A4: 被评估单位：黄河万家寨水利枢纽有限公司 | L4: 金额单位：人民币元
A5: 序号 | B5: 资产类别 | C5: 设备名称 | D5: 规格型号 | E5: 计量单位 | F5: 数量 | G5: 存放地点 | H5: 启用日期 | I5: 帐面价值 | K5: 评估价值 | L5: 备注
I6: 原值 | J6: 净值
A7: 1 | B7: 计算机及网络设备类 | C7: 笔记本电脑 | D7: B460(WB00370235) | E7: 个 | F7: 1 | G7: 万家寨山上库 | I7: 6900 | K7: 10 | L7: 残值
A8: 2 | B8: 计算机及网络设备类 | C8: 台式电脑 | D8: E1106x(S/N：NS:03433102) | E8: 个 | F8: 1 | G8: 万家寨山上库 | I8: 3700 | K8: 10 | L8: 残值
A9: 3 | B9: 计算机及网络设备类 | C9: DELL工作站电脑 | D9: DLLL OPTEX360(2R8LM2X) | E9: 个 | F9: 1 | G9: 万家寨山上库 | I9: 4200 | K9: 10 | L9: 残值
A10: 4 | B10: 计算机及网络设备类 | C10: 路由器 | D10: rouler2600 series | E10: 个 | F10: 1 | G10: 万家寨山上库 | I10: 3500 | K10: 1 | L10: 残值
A11: 5 | B11: 计算机及网络设备类 | C11: DELL工作站电脑 | D11: DELL PRECISON T340(CNNJM2X) | E11: 个 | F11: 1 | G11: 万家寨山上库 | I11: 17000 | K11: 10 | L11: 残值
A12: 6 | B12: 计算机及网络设备类 | C12: DELL工作站电脑 | D12: DELL OPTIPLEX330(4RJWF) | E12: 个 | F12: 1 | G12: 万家寨山上库 | I12: 11350 | K12: 10 | L12: 残值
A13: 7 | B13: 计算机及网络设备类 | C13: 笔记本电脑 | D13: Y460(S/N:QB1275392) | E13: 个 | F13: 1 | G13: 万家寨山上库 | I13: 3700 | K13: 10 | L13: 残值
A14: 8 | B14: 计算机及网络设备类 | C14: 针式打印机 | D14: EPSON LQ-670K+T | E14: 台 | F14: 1 | G14: 万家寨山上库 | K14: 3 | L14: 残值
A15: 9 | B15: 计算机及网络设备类 | C15: 光传输设备 | D15: NEC VNODE | E15: 套 | F15: 1 | G15: 万家寨山上库 | K15: 10 | L15: 残值
A16: 10 | B16: 计算机及网络设备类 | C16: 室内一体化快球 | D16: PELCO SD5BC22-PG-EI-X | E16: 个 | F16: 2 | G16: 万家寨山上库 | K16: 10 | L16: 残值
A17: 11 | B17: 计算机及网络设备类 | C17: 台式机 | D17: 联想 | E17: 台 | F17: 10 | G17: 万家寨山上库 | I17: 37000 | K17: 100 | L17: 残值
A18: 12 | B18: 计算机及网络设备类 | C18: 台式计算机 | D18: 联想A6000V | E18: 台 | F18: 1 | G18: 万家寨山上库 | I18: 5150 | K18: 10 | L18: 残值
A19: 13 | B19: 计算机及网络设备类 | C19: 笔记本电脑 | D19: 联想G460(S/N:CBO3829265) | E19: 台 | F19: 1 | G19: 万家寨山上库 | I19: 11800 | K19: 10 | L19: 残值
A20: 14 | B20: 计算机及网络设备类 | C20: 笔记本电脑 | D20: 联想扬天A6000V | E20: 台 | F20: 1 | G20: 万家寨山上库 | I20: 5800 | K20: 10 | L20: 残值
A21: 15 | B21: 计算机及网络设备类 | C21: 生产用调试笔记本电脑 | D21: 联想 | E21: 台 | F21: 1 | G21: 万家寨山上库 | I21: 5800 | K21: 10 | L21: 残值
A22: 16 | B22: 计算机及网络设备类 | C22: 数据光端机 | D22: SUPER2080 | E22: 台 | F22: 1 | G22: 万家寨山上库 | K22: 20 | L22: 残值
A23: 17 | B23: 计算机及网络设备类 | C23: 山西OPS工作站 | D23: 山西中调定制 | E23: 个 | F23: 1 | G23: 万家寨山上库 | I23: 43000 | K23: 55 | L23: 残值
A24: 18 | B24: 计算机及网络设备类 | C24: 台式计算机 | D24: M4600 | E24: 台 | F24: 1 | G24: 万家寨山上库 | I24: 5150 | K24: 10 | L24: 残值
A25: 19 | B25: 计算机及网络设备类 | C25: 继电保护数字信号复接装置 | D25: MUX-2VC | E25: 个 | F25: 1 | G25: 万家寨山上库 | K25: 20 | L25: 残值
A26: 20 | B26: 计算机及网络设备类 | C26: 数据光端机 | D26: GD8-12D | E26: 个 | F26: 1 | G26: 万家寨山上库 | K26: 20 | L26: 残值
A27: 21 | B27: 计算机及网络设备类 | C27: 台式计算机 | D27: A6000V | E27: 台 | F27: 1 | G27: 万家寨山上库 | I27: 4550 | K27: 10 | L27: 残值
A28: 22 | B28: 计算机及网络设备类 | C28: 路由器 | D28: 2600 | E28: 个 | F28: 1 | G28: 万家寨山上库 | K28: 1 | L28: 残值
A29: 23 | B29: 计算机及网络设备类 | C29: 继电保护数字信号复接装置 | D29: GXC642M | E29: 个 | F29: 1 | G29: 万家寨山上库 | K29: 40 | L29: 残值
A30: 24 | B30: 计算机及网络设备类 | C30: 夏普复印机 | D30: SP-230 | E30: 台 | F30: 1 | G30: 万家寨山上库 | K30: 10 | L30: 残值
A31: 25 | B31: 计算机及网络设备类 | C31: 打印机 | D31: HP6L、联想1312 | E31: 个 | F31: 2 | G31: 万家寨山上库 | K31: 10 | L31: 残值
A32: 26 | B32: 计算机及网络设备类 | C32: 笔记本电脑 | D32: 74574AC | E32: 个 | F32: 1 | G32: 万家寨山上库 | I32: 6800 | K32: 10 | L32: 残值
A33: 27 | B33: 计算机及网络设备类 | C33: 数码摄像机 | D33: SONY DSC-F707 | E33: 个 | F33: 1 | G33: 万家寨山上库 | I33: 9500 | K33: 5 | L33: 残值
A34: 28 | B34: 计算机及网络设备类 | C34: 雅马哈VCD刻录机 | E34: 个 | F34: 1 | G34: 万家寨山上库 | K34: 6 | L34: 残值
A35: 29 | B35: 计算机及网络设备类 | C35: 传真机 | D35: MA-100 | E35: 个 | F35: 1 | G35: 万家寨山上库 | K35: 10 | L35: 残值
A36: 30 | B36: 计算机及网络设备类 | C36: 碎纸机 | D36: SZL-998、SANYO SN8-520 | E36: 个 | F36: 2 | G36: 万家寨山上库 | K36: 10 | L36: 残值
A37: 31 | B37: 计算机及网络设备类 | C37: 工业电视录像服务器 | D37: PROL LANT ML 150G6 | E37: 个 | F37: 1 | G37: 万家寨山上库 | K37: 0 | L37: 残值
A38: 32 | B38: 计算机及网络设备类 | C38: 工业电视服务器 | D38: PPELCO 9740 | E38: 个 | F38: 2 | G38: 万家寨山上库 | K38: 0 | L38: 残值
A39: 33 | B39: 计算机及网络设备类 | C39: 工业电视录像硬盘服务器 | D39: DVR-16 | E39: 个 | F39: 6 | G39: 万家寨山上库 | K39: 0 | L39: 残值
A40: 34 | B40: 计算机及网络设备类 | C40: 工业电视摄像头 | D40: PELC0 | E40: 个 | F40: 100 | G40: 万家寨山上库 | K40: 10 | L40: 残值
A41: 35 | B41: 计算机及网络设备类 | C41: 交换机 | D41: 思科2950 | E41: 个 | F41: 5 | G41: 万家寨山上库 | I41: 70000 | K41: 20 | L41: 残值
A42: 36 | B42: 计算机及网络设备类 | C42: 针式打印机 | D42: LQ-1900K11 | E42: 台 | F42: 1 | G42: 万家寨山上库 | I42: 3300 | K42: 10 | L42: 残值
A43: 37 | B43: 计算机及网络设备类 | C43: 投影仪 | D43: VPL-EX246 | E43: 台 | F43: 1 | G43: 万家寨山上库 | I43: 6800 | K43: 10 | L43: 残值
A44: 38 | B44: 计算机及网络设备类 | C44: 投影仪 | D44: VPL-EX147 | E44: 台 | F44: 1 | G44: 万家寨山上库 | K44: 10 | L44: 残值
A45: 39 | B45: 计算机及网络设备类 | C45: 黑白激光多功能一体机 | D45: KX MB778CN | E45: 台 | F45: 1 | G45: 万家寨山上库 | I45: 2980 | K45: 10 | L45: 残值
A46: 40 | B46: 计算机及网络设备类 | C46: 台式计算机 | D46: M4600 | E46: 台 | F46: 1 | G46: 物资仓库库外 | I46: 4080 | K46: 10 | L46: 残值
A47: 41 | B47: 计算机及网络设备类 | C47: 工作站机 | D47: powerEDge | E47: 台 | F47: 1 | G47: 物资仓库库外 | K47: 30 | L47: 残值
A48: 42 | B48: 计算机及网络设备类 | C48: 激光传真机 | D48: Brother FAX2820 | E48: 台 | F48: 1 | G48: 物资仓库库外 | K48: 10 | L48: 残值
A49: 43 | B49: 计算机及网络设备类 | C49: 台式计算机 | D49: DeII OPTIPLEX | E49: 台 | F49: 1 | G49: 物资仓库库外 | I49: 4080 | K49: 10 | L49: 残值
A50: 44 | B50: 计算机及网络设备类 | C50: 台式计算机 | D50: M6600 | E50: 台 | F50: 1 | G50: 物资仓库库外 | I50: 4200 | K50: 10 | L50: 残值
A51: 45 | B51: 计算机及网络设备类 | C51: 台式计算机 | D51: M4600 | E51: 台 | F51: 2 | G51: 物资仓库库外 | I51: 10960 | K51: 10 | L51: 残值
A52: 46 | B52: 计算机及网络设备类 | C52: 台式计算机 | D52: M4600N | E52: 台 | F52: 1 | G52: 物资仓库库外 | I52: 5480 | K52: 10 | L52: 残值
A53: 47 | B53: 计算机及网络设备类 | C53: 打印机 | D53: HPLaserjet 1000 | E53: 台 | F53: 3 | G53: 物资仓库库外 | I53: 9000 | K53: 6 | L53: 残值
A54: 48 | B54: 计算机及网络设备类 | C54: 办公台式机 | D54: M4600 | E54: 台 | F54: 1 | G54: 物资仓库库外 | I54: 5480 | K54: 10 | L54: 残值
A55: 49 | B55: 计算机及网络设备类 | C55: 打印机 | D55: HP Laserjet 1000 | E55: 台 | F55: 1 | G55: 物资仓库库外 | I55: 3100 | K55: 6 | L55: 残值
A56: 50 | B56: 计算机及网络设备类 | C56: 办公台式机 | D56: M4800 | E56: 台 | F56: 1 | G56: 物资仓库库外 | I56: 3830 | K56: 10 | L56: 残值
A57: 51 | B57: 计算机及网络设备类 | C57: 办公台式机 | D57: M4600 | E57: 台 | F57: 1 | G57: 物资仓库库外 | I57: 5480 | K57: 10 | L57: 残值
A58: 52 | B58: 计算机及网络设备类 | C58: 办公台式机 | D58: M4600 | E58: 台 | F58: 1 | G58: 物资仓库库外 | I58: 5480 | K58: 10 | L58: 残值
A59: 53 | B59: 计算机及网络设备类 | C59: 办公台式机 | D59: M4601 | E59: 台 | F59: 1 | G59: 物资仓库库外 | I59: 4200 | K59: 10 | L59: 残值
A60: 54 | B60: 计算机及网络设备类 | C60: 笔记本电脑 | D60: HP Compaqnc4000 | E60: 台 | F60: 1 | G60: 物资仓库库外 | I60: 5588 | K60: 10 | L60: 残值
... A102: 96 | B102: 计算机及网络设备类 | C102: 服务器 | D102: IBMxserieg232 | E102: 个 | F102: 1 | G102: 物资仓库库外 | I102: 37000 | K102: 0 | L102: 残值
A103: 97 | B103: 计算机及网络设备类 | C103: 数码录音笔 | E103: 个 | F103: 9 | G103: 物资仓库库外 | I103: 9540 | K103: 27 | L103: 残值
A104: 98 | B104: 计算机及网络设备类 | C104: 对讲机 | D104: GP88S | E104: 个 | F104: 6 | G104: 物资仓库库外 | I104: 22440 | K104: 12 | L104: 残值
A105: 99 | B105: 计算机及网络设备类 | C105: 硒鼓墨盒 | E105: 个 | F105: 82 | G105: 物资仓库库外 | K105: 0 | L105: 残值
A106: 100 | B106: 计算机及网络设备类 | C106: 交换机 | D106: CISCO 2960 | E106: 个 | F106: 2 | G106: 龙口山上库 | I106: 28000 | K106: 0 | L106: 残值
A107: 101 | B107: 计算机及网络设备类 | C107: 路由器 | D107: CISCO 7200 | E107: 个 | F107: 1 | G107: 龙口山上库 | K107: 0 | L107: 残值
A108: 102 | B108: 计算机及网络设备类 | C108: 电脑 编号：SS05172168 | D108: 联想 扬天M5700C | E108: 台 | F108: 1 | G108: 龙口山上库 | K108: 10 | L108: 残值
A109: 103 | B109: 计算机及网络设备类 | C109: 电脑 编号：NS05034799 | D109: 联想 扬天M5700C | E109: 台 | F109: 1 | G109: 龙口山上库 | I109: 7000 | K109: 10 | L109: 残值
A110: 104 | B110: 计算机及网络设备类 | C110: 电脑 编号：NS11351813 | D110: 联想 扬天M6600C | E110: 台 | F110: 1 | G110: 龙口山上库 | I110: 7950 | K110: 10 | L110: 残值
A111: 105 | B111: 计算机及网络设备类 | C111: 废旧显示器 | E111: 台 | F111: 3 | G111: 龙口山上库 | K111: 0 | L111: 残值
A112: 合 计 | F112: =SUM(F7:F111) -> 327 | I112: =SUM(I7:I111) -> 714711 | K112: =SUM(K7:K111) -> 1132
A113: 减：减值准备
A114: 净 额 | F114: =F112 -> 327 | I114: =I112 -> 714711 | K114: =K112 -> 1132
A115: 被评估方填表人： | I115: 评估人员：
A116: 填表日期：2020年11月25日
H122: =I114+#REF!+#REF! -> #REF!

Sheet 铜类
A1: 固定资产-废旧资产明细表
L2: 表4-6-4
A3: 评估基准日：2020年11月25日
A4: 被评估单位：黄河万家寨水利枢纽有限公司 | L4: 金额单位：人民币元
A5: 序号 | B5: 资产类别 | C5: 设备名称 | D5: 规格型号 | E5: 计量单位 | F5: 数量 | G5: 存放地点 | H5: 启用日期 | I5: 帐面价值 | K5: 评估价值 | L5: 备注
I6: 原值 | J6: 净值
A7: 1 | B7: 废铜类 | C7: 定子线棒 | E7: 根 | F7: 18 | G7: 万家寨库里 | I7: 149400 | K7: =F7*25*0.001*33000 -> 14850 | L7: 残值、含绝缘层
A8: 2 | B8: 废铜类 | C8: 上层连接线棒 | E8: 根 | F8: 7 | G8: 万家寨库里 | I8: 58100 | K8: =F8*25*0.001*33000 -> 5775 | L8: 残值、含绝缘层
A9: 3 | B9: 废铜类 | C9: 下层连接线棒 | E9: 根 | F9: 6 | G9: 万家寨库里 | I9: 49800 | K9: =F9*25*0.001*33000 -> 4950 | L9: 残值、含绝缘层
A10: 4 | B10: 废铜类 | C10: 上层普通线棒（返修） | E10: 根 | F10: 22 | G10: 万家寨库里 | I10: 143000 | K10: =F10*25*0.001*33000 -> 18150 | L10: 残值、含绝缘层
A11: 5 | B11: 废铜类 | C11: 下层普通线棒（返修） | E11: 根 | F11: 45 | G11: 万家寨库里 | I11: 292500 | K11: =F11*25*0.001*33000 -> 37125 | L11: 残值、含绝缘层
A12: 6 | B12: 废铜类 | C12: 定子线棒（返修） | E12: 根 | F12: 154 | G12: 万家寨库里 | I12: 1001000 | K12: =F12*25*0.001*33000 -> 127050 | L12: 残值、含绝缘层
A13: 合 计 | F13: =SUM(F7:F12) -> 252 | I13: =SUM(I7:I12) -> 1693800 | K13: =SUM(K7:K12) -> 207900
A14: 减：减值准备
A15: 净 额 | F15: 252 | I15: =I13 -> 1693800 | K15: =K13 -> 207900
A16: 被评估方填表人： | I16: 评估人员：
A17: 填表日期：2020年11月25日
H23: =I15+#REF!+#REF! -> #REF!

Sheet 废旧橡胶塑料类
A1: 固定资产-废旧资产明细表
L2: 表4-6-4
A3: 评估基准日：2020年11月25日
A4: 被评估单位：黄河万家寨水利枢纽有限公司 | L4: 金额单位：人民币元
A5: 序号 | B5: 资产类别 | C5: 设备名称 | D5: 规格型号 | E5: 计量单位 | F5: 数量 | G5: 存放地点 | H5: 启用日期 | I5: 帐面价值 | K5: 评估价值 | L5: 备注
I6: 原值 | J6: 净值
A7: 1 | B7: 橡胶塑料类 | C7: 二通风管 | D7: 800x630 | E7: 个 | F7: 3 | G7: 万家寨山上库 | K7: 3 | L7: 残值
A8: 2 | B8: 橡胶塑料类 | C8: 风管 | D8: 800x630 | E8: 个 | F8: 1 | G8: 万家寨山上库 | K8: 1 | L8: 残值
A9: 3 | B9: 橡胶塑料类 | C9: 裤式风管 | D9: 800x630 | E9: 个 | F9: 1 | G9: 万家寨山上库 | K9: 1 | L9: 残值
A10: 4 | B10: 橡胶塑料类 | C10: 风管 | D10: 800x630 | E10: 个 | F10: 1 | G10: 万家寨山上库 | K10: 1 | L10: 残值
A11: 5 | B11: 橡胶塑料类 | C11: 风管 | E11: 件 | F11: 14 | G11: 万家寨山上库 | K11: 1 | L11: 残值
A12: 6 | B12: 橡胶塑料类 | C12: 风筒 | E12: 个 | F12: 1 | G12: 万家寨山上库 | K12: 1 | L12: 残值
A13: 7 | B13: 橡胶塑料类 | C13: 拖布桶 | E13: 个 | F13: 4 | G13: 万家寨山上库 | K13: 0 | L13: 残值
A14: 8 | B14: 橡胶塑料类 | C14: 脸盆 | E14: 个 | F14: 7 | G14: 万家寨山上库 | K14: 0 | L14: 残值
A15: 9 | B15: 橡胶塑料类 | C15: 排风软管 | E15: 根 | F15: 1 | G15: 物资仓库库外 | K15: 2 | L15: 残值
A16: 10 | B16: 橡胶塑料类 | C16: 蛇皮管 | E16: 卷 | F16: 4 | G16: 物资仓库库外 | K16: 8 | L16: 残值
A17: 11 | B17: 橡胶塑料类 | C17: 废旧油管 | E17: 根 | F17: 5 | G17: 物资仓库库外 | K17: 10 | L17: 残值
A18: 12 | B18: 橡胶塑料类 | C18: 安全帽 | E18: 顶 | F18: 284 | G18: 物资仓库库外 | K18: 2 | L18: 残值
A19: 13 | B19: 橡胶塑料类 | C19: X型密封圈 | E19: 只 | F19: 12 | G19: 物资仓库库外 | K19: 5 | L19: 残值
A20: 14 | B20: 橡胶塑料类 | C20: V型密封圈 | E20: 只 | F20: 24 | G20: 物资仓库库外 | K20: 5 | L20: 残值
A21: 15 | B21: 橡胶塑料类 | C21: 水封 | D21: P60-3 11.63m/条 | E21: 条 | F21: 1 | G21: 物资仓库库外 | K21: 1 | L21: 残值
A22: 16 | B22: 橡胶塑料类 | C22: 水封 | D22: H，20-6 12.5m/条 | E22: 条 | F22: 2 | G22: 物资仓库库外 | K22: 2 | L22: 残值
A23: 17 | B23: 橡胶塑料类 | C23: 检修门底水封 | D23: 20*120*6510㎜ | E23: 条 | F23: 1 | G23: 物资仓库库外 | K23: 2 | L23: 残值
A24: 18 | B24: 橡胶塑料类 | C24: 进口事故门水封 | D24: P60 1000㎜/条 | E24: 条 | F24: 3 | G24: 物资仓库库外 | K24: 3 | L24: 残值
A25: 19 | B25: 橡胶塑料类 | C25: 进口事故门水封 | D25: 20*130*7000㎜ | E25: 条 | F25: 2 | G25: 物资仓库库外 | K25: 2 | L25: 残值
A26: 20 | B26: 橡胶塑料类 | C26: 进口事故门水封 | D26: P60-3转角350㎜ | E26: 条 | F26: 2 | G26: 物资仓库库外 | K26: 2 | L26: 残值
A27: 21 | B27: 橡胶塑料类 | C27: 进口事故门水封 | D27: P60-3转角500㎜ | E27: 条 | F27: 4 | G27: 物资仓库库外 | K27: 4 | L27: 残值
A28: 22 | B28: 橡胶塑料类 | C28: 底止水（橡胶水封） | D28: PL24*190*4228 | E28: 片 | F28: 2 | G28: 物资仓库库外 | K28: 2 | L28: 残值
A29: 23 | B29: 橡胶塑料类 | C29: 水闸橡胶密封件 | D29: P45-5复塑45*122.5*16*16,L=12米 | E29: 条 | F29: 1 | G29: 物资仓库库外 | K29: 1 | L29: 残值
A30: 24 | B30: 橡胶塑料类 | C30: 圆形橡皮条 | D30: Φ18-4500 | E30: 条 | F30: 4 | G30: 龙口山上大库 | K30: 0 | L30: 残值
A31: 25 | B31: 橡胶塑料类 | C31: 侧止水垫板 | D31: PL24*78*8848 | E31: 条 | F31: 8 | G31: 龙口山上大库 | K31: 0 | L31: 残值
A32: 26 | B32: 橡胶塑料类 | C32: ∽型橡皮水封 | D32: L=4504 | E32: 片 | F32: 4 | G32: 龙口山上大库 | K32: 0 | L32: 残值
... A36: 30 | B36: 橡胶塑料类 | C36: 空气尾带 | D36: 5#机 | E36: 根 | F36: 1 | G36: 龙口山上大库 | K36: 2 | L36: 残值
A37: 合 计 | F37: =SUM(F7:F36) -> 415 | I37: =SUM(I7:I36) -> 0 | K37: =SUM(K7:K36) -> 74
A38: 减：减值准备
A39: 净 额 | F39: 415 | K39: 74
A40: 被评估方填表人： | I40: 评估人员：
A41: 填表日期：2020年11月25日
H47: =I39+#REF!+#REF! -> #REF!

Sheet 家具类
A1: 固定资产-废旧资产明细表
L2: 表4-6-4
A3: 评估基准日：2020年11月25日
A4: 被评估单位：黄河万家寨水利枢纽有限公司 | L4: 金额单位：人民币元
A5: 序号 | B5: 资产类别 | C5: 设备名称 | D5: 规格型号 | E5: 计量单位 | F5: 数量 | G5: 存放地点 | H5: 启用日期 | I5: 帐面价值 | K5: 评估价值 | L5: 备注
I6: 原值 | J6: 净值
A7: 1 | B7: 废旧家具类 | C7: 皮子转椅 | D7: 无 | E7: 个 | F7: 2 | G7: 万家寨山上库 | K7: 6 | L7: 残值
A8: 2 | B8: 废旧家具类 | C8: 蓝色布艺沙发 | D8: 3个三人，四个单人 | E8: 个 | F8: 7 | G8: 万家寨山上库 | K8: 14 | L8: 残值
A9: 3 | B9: 废旧家具类 | C9: 真皮座椅 | E9: 个 | F9: 2 | G9: 万家寨山上库 | K9: 4 | L9: 残值
A10: 4 | B10: 废旧家具类 | C10: 白色转椅 | E10: 个 | F10: 1 | G10: 万家寨山上库 | K10: 2 | L10: 残值
A11: 5 | B11: 废旧家具类 | C11: 旧款木质茶几 | E11: 个 | F11: 6 | G11: 万家寨山上库 | K11: 12 | L11: 残值
A12: 6 | B12: 废旧家具类 | C12: 半圆弧木质靠椅 | E12: 个 | F12: 3 | G12: 万家寨山上库 | K12: 6 | L12: 残值
A13: 7 | B13: 废旧家具类 | C13: 高靠背铁椅 | E13: 个 | F13: 8 | G13: 万家寨山上库 | K13: 16 | L13: 残值
A14: 8 | B14: 废旧家具类 | C14: 黄色帆布椅 | E14: 个 | F14: 1 | G14: 万家寨山上库 | K14: 0 | L14: 残值
A15: 9 | B15: 废旧家具类 | C15: 旧款电脑桌 | E15: 个 | F15: 1 | G15: 万家寨山上库 | K15: 2 | L15: 残值
A16: 10 | B16: 废旧家具类 | C16: 单人皮沙发 | E16: 个 | F16: 1 | G16: 万家寨山上库 | K16: 5 | L16: 残值
A17: 11 | B17: 废旧家具类 | C17: 棕色抽屉柜 | E17: 个 | F17: 1 | G17: 万家寨山上库 | K17: 0 | L17: 残值
A18: 12 | B18: 废旧家具类 | C18: 拱形网面铁椅 | E18: 个 | F18: 18 | G18: 万家寨山上库 | K18: 0 | L18: 残值
A19: 13 | B19: 废旧家具类 | C19: 地毯 | E19: 块 | F19: 5 | G19: 万家寨山上库 | K19: 0 | L19: 残值
A20: 14 | B20: 废旧家具类 | C20: 黄色木椅 | E20: 个 | F20: 1 | G20: 万家寨山上库 | K20: 1 | L20: 残值
... A26: 20 | B26: 废旧家具类 | C26: 木工板 | E26: 张 | F26: 80 | G26: 物资仓库库外 | K26: 0 | L26: 残值
A27: 21 | B27: 废旧家具类 | C27: 办公转椅 | D27: 黑色老板转椅 | E27: 把 | F27: 2 | G27: 龙口山上库 | K27: 0 | L27: 残值
A28: 22 | B28: 废旧家具类 | C28: 办公椅 | D28: 黑色手扶皮椅 | E28: 把 | F28: 1 | G28: 龙口山上库 | K28: 0 | L28: 残值
A29: 23 | B29: 废旧家具类 | C29: 折叠椅 | D29: 黑色折叠椅 | E29: 把 | F29: 5 | G29: 龙口山上库 | K29: 0 | L29: 残值
A30: 24 | B30: 废旧家具类 | C30: 单人皮质沙发椅 | E30: 把 | F30: 1 | G30: 龙口山上库 | K30: 0 | L30: 残值
A31: 25 | B31: 废旧家具类 | C31: 双人床 | D31: 1500*2000 | E31: 张 | F31: 1 | G31: 龙口山上库 | K31: 5 | L31: 残值
A32: 26 | B32: 废旧家具类 | C32: 办公桌 | D32: 组合隔断式 | E32: 张 | F32: 1 | G32: 龙口山上库 | K32: 2 | L32: 残值
A33: 27 | B33: 废旧家具类 | C33: 文件柜 | D33: 铁皮 | E33: 个 | F33: 3 | G33: 龙口山上库 | K33: 30 | L33: 残值
A34: 28 | B34: 废旧家具类 | C34: 水罐 | D34: 高：800 | E34: 个 | F34: 1 | G34: 龙口山上库 | K34: 3 | L34: 残值
A35: 29 | B35: 废旧家具类 | C35: 电视柜 | E35: 个 | F35: 1 | G35: 龙口山上库 | K35: 2 | L35: 残值
A36: 30 | B36: 废旧家具类 | C36: 白色电脑桌 | E36: 张 | F36: 1 | G36: 龙口山上库 | K36: 0 | L36: 残值
A37: 31 | B37: 废旧家具类 | C37: 衣帽架 | E37: 个 | F37: 1 | G37: 龙口山上库 | K37: 0 | L37: 残值
A38: 32 | B38: 废旧家具类 | C38: 木门 | E38: 扇 | F38: 2 | G38: 龙口山上库 | K38: 0 | L38: 残值
A39: 33 | B39: 废旧家具类 | C39: 窗帘 | E39: 块 | F39: 2 | G39: 龙口山上库 | K39: 0 | L39: 残值
A40: 34 | B40: 废旧家具类 | C40: 组合办公桌 | D40: 1800*800、2000*1000 | E40: 张 | F40: 2 | G40: 龙口山上库 | K40: 4 | L40: 残值
A41: 35 | B41: 废旧家具类 | C41: 大办公桌 | D41: 2000*1000 | E41: 张 | F41: 6 | G41: 龙口山上库 | K41: 3 | L41: 残值
A42: 36 | B42: 废旧家具类 | C42: 双人床 | D42: 2000*1500 | E42: 张 | F42: 1 | G42: 龙口山上库 | K42: 2 | L42: 残值
A43: 37 | B43: 废旧家具类 | C43: 双人床垫 | D43: 2000*1500 | E43: 张 | F43: 2 | G43: 龙口山上库 | K43: 0 | L43: 残值
A44: 38 | B44: 废旧家具类 | C44: 方餐桌 | D44: 1200*1200 | E44: 张 | F44: 1 | G44: 龙口山上库 | K44: 3 | L44: 残值
A45: 39 | B45: 废旧家具类 | C45: 红色办公桌 | D45: 1400*700 | E45: 张 | F45: 1 | G45: 龙口山上库 | K45: 2 | L45: 残值
A46: 40 | B46: 废旧家具类 | C46: 方茶几 | D46: 600*600 | E46: 个 | F46: 1 | G46: 龙口山上库 | K46: 0 | L46: 残值
A47: 41 | B47: 废旧家具类 | C47: 废门扇 | E47: 扇 | F47: 15 | G47: 龙口山上库 | K47: 0 | L47: 残值
A48: 42 | B48: 废旧家具类 | C48: 组合办公桌 | D48: 白色半包围 | E48: 位 | F48: 1 | G48: 龙口山上库 | K48: 0 | L48: 残值
A49: 43 | B49: 废旧家具类 | C49: 单人床 | D49: 1200*2000箱式 | E49: 张 | F49: 2 | G49: 龙口山上库 | K49: 2 | L49: 残值
A50: 44 | B50: 废旧家具类 | C50: 单人床垫 | D50: 1200*2000 | E50: 张 | F50: 2 | G50: 龙口山上库 | K50: 0 | L50: 残值
A51: 45 | B51: 废旧家具类 | C51: 单人床 | D51: 1200*2000箱式 | E51: 张 | F51: 13 | G51: 物资仓库库外 | K51: 13 | L51: 残值
A52: 46 | B52: 废旧家具类 | C52: 单人床垫 | D52: 1200*2000 | E52: 张 | F52: 5 | G52: 物资仓库库外 | K52: 0 | L52: 残值
A53: 47 | B53: 废旧家具类 | C53: 蓝色皮质转椅 | D53: 圆弧形 | E53: 把 | F53: 2 | G53: 物资仓库库外 | K53: 0 | L53: 残值
A54: 48 | B54: 废旧家具类 | C54: 木椅 | D54: 黑红色木质 | E54: 把 | F54: 2 | G54: 物资仓库库外 | K54: 4 | L54: 残值
A55: 49 | B55: 废旧家具类 | C55: 餐椅 | D55: 折椅 | E55: 把 | F55: 2 | G55: 物资仓库库外 | K55: 4 | L55: 残值
A56: 50 | B56: 废旧家具类 | C56: 办公桌 | D56: 1400*700 | E56: 张 | F56: 1 | G56: 物资仓库库外 | K56: 2 | L56: 残值
A57: 51 | B57: 废旧家具类 | C57: 方形茶几 | D57: 600*600 | E57: 个 | F57: 1 | G57: 物资仓库库外 | K57: 0 | L57: 残值
A58: 52 | B58: 废旧家具类 | C58: 组合办公桌 | D58: 白色半包围 | E58: 位 | F58: 4 | G58: 物资仓库库外 | K58: 0 | L58: 残值
A59: 53 | B59: 废旧家具类 | C59: 单人床 | D59: 1200*2000箱式 | E59: 张 | F59: 1 | G59: 物资仓库库外 | K59: 2 | L59: 残值
... A61: 55 | B61: 废旧家具类 | C61: 组合办公桌 | D61: 白色半包围 | E61: 位 | F61: 6 | G61: 物资仓库库外 | K61: 12 | L61: 残值
A62: 56 | B62: 废旧家具类 | C62: 办公皮班椅 | E62: 把 | F62: 8 | G62: 6003 | K62: 8 | L62: 残值
A63: 57 | B63: 废旧家具类 | C63: 皮转椅 | E63: 把 | F63: 5 | G63: 6003 | K63: 0 | L63: 残值
A64: 58 | B64: 废旧家具类 | C64: 网面转椅 | E64: 个 | F64: 1 | G64: 6003 | K64: 0 | L64: 残值
A65: 59 | B65: 废旧家具类 | C65: 玻璃门铁皮柜（立式） | E65: 组 | F65: 3 | G65: 6003 | K65: 6 | L65: 残值
A66: 60 | B66: 废旧家具类 | C66: 铁皮柜（立式） | E66: 组 | F66: 2 | G66: 6003 | K66: 6 | L66: 残值
A67: 61 | B67: 废旧家具类 | C67: 三开门铁皮柜（带玻璃） | E67: 组 | F67: 4 | G67: 6003 | K67: 8 | L67: 残值
A68: 62 | B68: 废旧家具类 | C68: 小班台及其抽屉柜 | E68: 个 | F68: 1 | G68: 6003 | K68: 0 | L68: 残值
A69: 63 | B69: 废旧家具类 | C69: 木质手柄皮转椅 | E69: 把 | F69: 1 | G69: 6003 | K69: 0 | L69: 残值
A70: 64 | B70: 废旧家具类 | C70: 浅米色皮转椅 | E70: 把 | F70: 2 | G70: 6003 | K70: 0 | L70: 残值
A71: 65 | B71: 废旧家具类 | C71: 铁皮柜（叠放式） | E71: 节 | F71: 24 | G71: 6003 | K71: 24 | L71: 残值
A72: 66 | B72: 废旧家具类 | C72: 木纹玻璃立式书柜 | E72: 组 | F72: 1 | G72: 6003 | K72: 3 | L72: 残值
A73: 67 | B73: 废旧家具类 | C73: 木纹办公立柜 | E73: 个 | F73: 2 | G73: 6003 | K73: 4 | L73: 残值
... A86: 80 | B86: 废旧家具类 | C86: 办公座椅 | E86: 把 | F86: 5 | G86: 6003 | K86: 5 | L86: 残值
A87: 合 计 | F87: =SUM(F7:F86) -> 442 | I87: =SUM(I7:I86) -> 0 | K87: =SUM(K7:K86) -> 386
A88: 减：减值准备
A89: 净 额 | F89: =F87 -> 442 | K89: =K87 -> 386
A90: 被评估方填表人： | I90: 评估人员：
A91: 填表日期：2020年11月25日
H97: =I89+#REF!+#REF! -> #REF!

Sheet 蓄电池
A1: 固定资产-废旧资产明细表
L2: 表4-6-4
A3: 评估基准日：2020年11月25日
A4: 被评估单位：黄河万家寨水利枢纽有限公司 | L4: 金额单位：人民币元
A5: 序号 | B5: 资产类别 | C5: 设备名称 | D5: 规格型号 | E5: 计量单位 | F5: 数量 | G5: 存放地点 | H5: 启用日期 | I5: 帐面价值 | K5: 评估价值 | L5: 备注
I6: 原值 | J6: 净值
A7: 1 | B7: 废旧蓄电池 | C7: 龙口220V直流系统第二组蓄电池 | D7: LS2-600 | E7: 个 | F7: 62 | G7: 龙口山上库 | K7: =F7*35*0.001*4000 -> 8680 | L7: 残值
A8: 2 | B8: 废旧蓄电池 | C8: 龙口220V直流系统第二组蓄电池 | D8: LS2-600 | E8: 个 | F8: 42 | G8: 物资仓库库外 | K8: =F8*35*0.001*4000 -> 5880 | L8: 残值
A9: 合 计 | F9: =SUM(F7:F8) -> 104 | I9: =SUM(I7:I8) -> 0 | K9: =SUM(K7:K8) -> 14560
A10: 减：减值准备
A11: 净 额 | F11: 104 | K11: =K9 -> 14560
A12: 被评估方填表人： | I12: 评估人员：
A13: 填表日期：2020年11月25日
H19: =I11+#REF!+#REF! -> #REF!

Sheet 家电
A1: 固定资产-废旧资产明细表
L2: 表4-6-4
A3: 评估基准日：2020年11月25日
A4: 被评估单位：黄河万家寨水利枢纽有限公司 | L4: 金额单位：人民币元
A5: 序号 | B5: 资产类别 | C5: 设备名称 | D5: 规格型号 | E5: 计量单位 | F5: 数量 | G5: 存放地点 | H5: 启用日期 | I5: 帐面价值 | K5: 评估价值 | L5: 备注
I6: 原值 | J6: 净值
A7: 1 | B7: 废旧家电 | C7: 电视机 | D7: SKYWORTH 21TB9000 | E7: 台 | F7: 12 | G7: 万家寨山上库 | I7: 10560 | K7: =F7*15 -> 180 | L7: 残值
A8: 2 | B8: 废旧家电 | C8: 电视机 | D8: 2TB9000 | E8: 台 | F8: 1 | G8: 万家寨山上库 | I8: 880 | K8: =F8*15 -> 15 | L8: 残值
A9: 3 | B9: 废旧家电 | C9: 电视机 | D9: MILTI SYSTEMC2193 | E9: 台 | F9: 1 | G9: 万家寨山上库 | I9: 4700 | K9: =F9*15 -> 15 | L9: 残值
A10: 4 | B10: 废旧家电 | C10: 电视机 | D10: PF2188K | E10: 台 | F10: 2 | G10: 万家寨山上库 | I10: 5400 | K10: =F10*15 -> 30 | L10: 残值
A11: 5 | B11: 废旧家电 | C11: 电视机 | D11: 29T83HT | E11: 台 | F11: 1 | G11: 万家寨山上库 | I11: 4700 | K11: =F11*15 -> 15 | L11: 残值
A12: 6 | B12: 废旧家电 | C12: 电视机 | D12: LCD32K73 | E12: 台 | F12: 3 | G12: 万家寨山上库 | I12: 8100 | K12: =F12*15 -> 45 | L12: 残值
A13: 7 | B13: 废旧家电 | C13: 电视机 | D13: 21D88AA | E13: 台 | F13: 2 | G13: 万家寨山上库 | I13: 1760 | K13: =F13*15 -> 30 | L13: 残值
A14: 8 | B14: 废旧家电 | C14: 电视机 | D14: 21D66AA | E14: 台 | F14: 2 | G14: 万家寨山上库 | I14: 1790 | K14: =F14*15 -> 30 | L14: 残值
A15: 9 | B15: 废旧家电 | C15: 电视机 | D15: 21NK9000 | E15: 台 | F15: 1 | G15: 万家寨山上库 | I15: 1800 | K15: =F15*15 -> 15 | L15: 残值
A16: 10 | B16: 废旧家电 | C16: 电视机 | D16: C1842 | E16: 台 | F16: 1 | G16: 万家寨山上库 | I16: 2700 | K16: =F16*15 -> 15 | L16: 残值
A17: 11 | B17: 废旧家电 | C17: 电视机 | D17: 21NK8800A | E17: 台 | F17: 1 | G17: 万家寨山上库 | I17: 2700 | K17: =F17*15 -> 15 | L17: 残值
A18: 12 | B18: 废旧家电 | C18: 电视机 | D18: L42M61F | E18: 台 | F18: 4 | G18: 万家寨山上库 | I18: 19960 | K18: =F18*15 -> 60 | L18: 残值
A19: 13 | B19: 废旧家电 | C19: 电视机 | D19: LED32K2000 | E19: 台 | F19: 1 | G19: 万家寨山上库 | I19: 1480 | K19: =F19*15 -> 15 | L19: 残值
A20: 14 | B20: 废旧家电 | C20: 空调 | D20: KFR-25 | E20: 台 | F20: 3 | G20: 万家寨山上库 | I20: 9540 | K20: 60 | L20: 残值
A21: 15 | B21: 废旧家电 | C21: 电话机 | D21: 2020 | E21: 部 | F21: 15 | G21: 万家寨山上库 | K21: 0 | L21: 残值
A22: 16 | B22: 废旧家电 | C22: 饮水机 | D22: 立式饮水机 | E22: 个 | F22: 1 | G22: 万家寨山上库 | K22: 20 | L22: 残值
A23: 17 | B23: 废旧家电 | C23: 电话机 | D23: 西门子2020 | E23: 个 | F23: 5 | G23: 万家寨山上库 | K23: 0 | L23: 残值
A24: 18 | B24: 废旧家电 | C24: 单热饮水机 | D24: YR-5-X | E24: 个 | F24: 2 | G24: 万家寨山上库 | K24: 40 | L24: 残值
A25: 19 | B25: 废旧家电 | C25: 洗衣机 | D25: XQB50-7288A | E25: 台 | F25: 1 | G25: 万家寨山上库 | I25: 1310 | K25: 30 | L25: 残值
A26: 20 | B26: 废旧家电 | C26: 洗衣机 | D26: （liLLIeSWan)TG60-1029ES | E26: 个 | F26: 1 | G26: 万家寨山上库 | I26: 2800 | K26: 30 | L26: 残值
A27: 21 | B27: 废旧家电 | C27: 压力锅 | E27: 个 | F27: 2 | G27: 万家寨山上库 | I27: 1100 | K27: 2 | L27: 残值
A28: 22 | B28: 废旧家电 | C28: 电饭锅 | E28: 个 | F28: 1 | G28: 万家寨山上库 | K28: 1 | L28: 残值
A29: 23 | B29: 废旧家电 | C29: 暖水壶 | E29: 个 | F29: 1 | G29: 万家寨山上库 | K29: 0 | L29: 残值
A30: 24 | B30: 废旧家电 | C30: 热水壶 | E30: 个 | F30: 7 | G30: 万家寨山上库 | K30: =F30*3 -> 21 | L30: 残值
A31: 25 | B31: 废旧家电 | C31: 饮水机 | E31: 个 | F31: 1 | G31: 万家寨山上库 | K31: =F31*20 -> 20 | L31: 残值
A32: 26 | B32: 废旧家电 | C32: 砂锅 | E32: 个 | F32: 2 | G32: 万家寨山上库 | K32: =F32*1 -> 2 | L32: 残值
A33: 27 | B33: 废旧家电 | C33: 空调 | D33: KFd-33GW/Z2 | E33: 台 | F33: 1 | G33: 物资仓库库外 | I33: 9200 | K33: =F33*20 -> 20 | L33: 残值
A34: 28 | B34: 废旧家电 | C34: 空调 | D34: RF-25W | E34: 台 | F34: 1 | G34: 物资仓库库外 | I34: 9349 | K34: =F34*20 -> 20 | L34: 残值
A35: 29 | B35: 废旧家电 | C35: 纯平电视机 | D35: 各种品牌型号 | E35: 台 | F35: 7 | G35: 物资仓库库外 | K35: =F35*15 -> 105 | L35: 残值
A36: 30 | B36: 废旧家电 | C36: 纯平电视机 | D36: 各种品牌型号 | E36: 台 | F36: 41 | G36: 龙口山上库 | I36: 36080 | K36: =F36*15 -> 615 | L36: 残值
A37: 31 | B37: 废旧家电 | C37: 电热水壶 | D37: AS-783A | E37: 个 | F37: 1 | G37: 龙口山上库 | K37: =F37*3 -> 3 | L37: 残值
A38: 32 | B38: 废旧家电 | C38: 安吉尔净水机 | D38: JY-100C(TM5411) | E38: 个 | F38: 1 | G38: 龙口山上库 | K38: =F38*20 -> 20 | L38: 残值
A39: 33 | B39: 废旧家电 | C39: 饮水机 | D39: 伊莱思科 | E39: 个 | F39: 1 | G39: 龙口山上库 | K39: =F39*20 -> 20 | L39: 残值
A40: 34 | B40: 废旧家电 | C40: 饮水机 | D40: 沁园 | F40: 3 | G40: 龙口山上库 | K40: =F40*20 -> 60 | L40: 残值
A41: 35 | B41: 废旧家电 | C41: 电热水壶 | E41: 个 | F41: 8 | G41: 龙口山上库 | K41: =F41*2 -> 16 | L41: 残值
A42: 36 | B42: 废旧家电 | C42: 空调 | D42: KFRd-72LW/Z5 | E42: 台 | F42: 1 | G42: 龙口山上库 | I42: 15384 | K42: =F42*30 -> 30 | L42: 残值
A43: 合 计 | F43: =SUM(F7:F42) -> 139 | I43: =SUM(I7:I42) -> 151293 | K43: =SUM(K7:K42) -> 1615
A44: 减：减值准备
A45: 净 额 | F45: 139 | I45: =I43 -> 151293 | K45: =K43 -> 1615
A46: 被评估方填表人： | I46: 评估人员：
A47: 填表日期：2020年11月25日
H53: =I45+#REF!+#REF! -> #REF!

Sheet 滤油机设备
A1: 固定资产-废旧资产明细表
L2: 表4-6-4
A3: 评估基准日：2020年11月25日
A4: 被评估单位：黄河万家寨水利枢纽有限公司 | L4: 金额单位：人民币元
A5: 序号 | B5: 资产类别 | C5: 设备名称 | D5: 规格型号 | E5: 计量单位 | F5: 数量 | G5: 存放地点 | H5: 启用日期 | I5: 帐面价值 | K5: 评估价值 | L5: 备注
I6: 原值 | J6: 净值
A7: 1 | B7: 废旧滤油机设备 | C7: 真空净油机 | D7: ZJB8KY工作压力0.5MPa | E7: 台 | F7: 1 | G7: 物资仓库库外 | K7: =2*2100 -> 4200 | L7: 残值
A8: 2 | B8: 废旧滤油机设备 | C8: 精密滤油机 | D8: JYG160 DN50 | E8: 台 | F8: 1 | G8: 物资仓库库外 | K8: =1.5*2100 -> 3150 | L8: 残值
A9: 3 | B9: 废旧滤油机设备 | C9: 精密滤油机 | D9: JYG160 DN50 | E9: 台 | F9: 1 | G9: 龙口山上库 | K9: =1.5*2100 -> 3150 | L9: 残值
A14: 合 计 | F14: =SUM(F7:F9) -> 3 | I14: =SUM(I7:I9) -> 0 | K14: =SUM(K7:K9) -> 10500
A15: 减：减值准备
A16: 净 额 | F16: 3 | I16: =I14 -> 0 | K16: =K14 -> 10500
A17: 被评估方填表人： | I17: 评估人员：
A18: 填表日期：2020年11月25日
H24: =I16+#REF!+#REF! -> #REF!

Sheet 油泵电机
A1: 固定资产-废旧资产明细表
L2: 表4-6-4
A3: 评估基准日：2020年11月25日
A4: 被评估单位：黄河万家寨水利枢纽有限公司 | L4: 金额单位：人民币元
A5: 序号 | B5: 资产类别 | C5: 设备名称 | D5: 规格型号 | E5: 计量单位 | F5: 数量 | G5: 存放地点 | H5: 启用日期 | I5: 帐面价值 | K5: 评估价值 | L5: 备注
I6: 原值 | J6: 净值
A7: 1 | B7: 废旧油泵电机类 | C7: 调速器油泵电机 | D7: Y280S-4V1 B5 | E7: 台 | F7: 2 | G7: 物资仓库库外 | K7: =200*0.001*3000 -> 600 | L7: 残值
A8: 2 | B8: 废旧油泵电机类 | C8: 深井泵用三相异步电动机 | D8: YLB200-2-4 | E8: 个 | F8: 2 | G8: 物资仓库库外 | K8: 3000 | L8: 残值
A9: 3 | B9: 废旧油泵电机类 | C9: 电磁制动电机 | D9: YEJ0012-4 | E9: 个 | F9: 2 | G9: 物资仓库库外 | K9: 3000 | L9: 残值
A10: 4 | B10: 废旧油泵电机类 | C10: 减速机电机 | D10: 无名牌（3KW) | E10: 个 | F10: 4 | G10: 物资仓库库外 | K10: 3000 | L10: 残值
A11: 5 | B11: 废旧油泵电机类 | C11: 主起升电机 | D11: YZR225M22KW750r/mi | E11: 个 | F11: 2 | G11: 物资仓库库外 | K11: =4*3000 -> 12000 | L11: 残值
A12: 6 | B12: 废旧油泵电机类 | C12: 深井泵用三相异步电动机 | D12: YLB250-2-4 | E12: 个 | F12: 1 | G12: 物资仓库库外 | K12: 1500 | L12: 残值
A13: 7 | B13: 废旧油泵电机类 | C13: 三螺杆泵 | D13: SMF660R40V12.1 | E13: 台 | F13: 13 | G13: 物资仓库库外 | K13: =150*0.001*13*3000 -> 5850 | L13: 残值
A14: 8 | B14: 废旧油泵电机类 | C14: 变压器离心式油泵 | E14: 个 | F14: 1 | G14: 物资仓库库外 | K14: 300 | L14: 残值
A15: 9 | B15: 废旧油泵电机类 | C15: 主变冷却器潜油泵 | D15: 6BP1.50-7/2B | E15: 套 | F15: 1 | G15: 物资仓库库外 | K15: 300 | L15: 残值
A16: 10 | B16: 废旧油泵电机类 | C16: 2X-70A型旋片式真空泵 | D16: 机号：9867 转速345r/min | E16: 个 | F16: 1 | G16: 物资仓库库外 | K16: 3000 | L16: 残值
A17: 11 | B17: 废旧油泵电机类 | C17: 万家寨底孔2号油泵 | D17: 250SCY14-1B | E17: 台 | F17: 1 | G17: 万家寨山上库 | K17: 600 | L17: 残值
A18: 12 | B18: 废旧油泵电机类 | C18: 电动油泵 | D18: DSS 0.8/4-6 | E18: 台 | F18: 3 | G18: 物资仓库库外 | K18: 600 | L18: 残值
A19: 13 | B19: 废旧油泵电机类 | C19: 螺杆泵 | D19: 3GR80X6G-R38 | E19: 台 | F19: 1 | G19: 物资仓库库外 | K19: 300 | L19: 残值
A20: 14 | B20: 废旧油泵电机类 | C20: 深井泵用三相异步电动机 | D20: YLB280-2-4 | E20: 台 | F20: 1 | G20: 物资仓库库外 | K20: 3000 | L20: 残值
A21: 15 | B21: 废旧油泵电机类 | C21: 手推式高压油泵（高压泵站） | D21: DSYB-100/25 25MPa | E21: 台 | F21: 1 | G21: 龙口山上库 | K21: 300 | L21: 残值
A22: 16 | B22: 废旧油泵电机类 | C22: 电动油泵 | D22: DSS 0.8/4-6 | E22: 台 | F22: 1 | G22: 龙口山上库 | K22: 120 | L22: 残值
A23: 17 | B23: 废旧油泵电机类 | C23: 电机 | D23: Y90L-4 | E23: 台 | F23: 1 | G23: 龙口山上库 | K23: 120 | L23: 残值
A24: 合 计 | F24: =SUM(F7:F23) -> 38 | I24: =SUM(I7:I23) -> 0 | K24: =SUM(K7:K23) -> 37590
A25: 减：减值准备
A26: 净 额 | F26: 38 | K26: =K24 -> 37590
A27: 被评估方填表人： | I27: 评估人员：
A28: 填表日期：2020年11月25日
H34: =I26+#REF!+#REF! -> #REF!

Sheet 气罐
A1: 固定资产-废旧资产明细表
L2: 表4-6-4
A3: 评估基准日：2020年11月25日
A4: 被评估单位：黄河万家寨水利枢纽有限公司 | L4: 金额单位：人民币元
A5: 序号 | B5: 资产类别 | C5: 设备名称 | D5: 规格型号 | E5: 计量单位 | F5: 数量 | G5: 存放地点 | H5: 启用日期 | I5: 帐面价值 | K5: 评估价值 | L5: 备注
I6: 原值 | J6: 净值
A7: 1 | B7: 废旧气罐 | C7: 贮液罐 | D7: 工作压力3.8MPa | E7: 个 | F7: 2 | G7: 物资仓库库外 | K7: =3*2000*2 -> 12000 | L7: 残值
A8: 2 | B8: 废旧气罐 | C8: 立式储气罐 | D8: 容积6M3 | E8: 个 | F8: 3 | G8: 物资仓库库外 | K8: =2*2000*3 -> 12000 | L8: 残值
A9: 3 | B9: 废旧气罐 | C9: 立式储气罐 | D9: 容积1.5M3 | E9: 个 | F9: 2 | G9: 物资仓库库外 | K9: =2*2000*2 -> 8000 | L9: 残值
A10: 合 计 | F10: =SUM(F7:F9) -> 7 | I10: =SUM(I7:I9) -> 0 | K10: =SUM(K7:K9) -> 32000
A11: 减：减值准备
A12: 净 额 | F12: 7 | K12: =K10 -> 32000
A13: 被评估方填表人： | I13: 评估人员：
A14: 填表日期：2020年11月25日
H20: =I12+#REF!+#REF! -> #REF!

Sheet 变压器
A1: 固定资产-废旧资产明细表
L2: 表4-6-4
A3: 评估基准日：2020年11月25日
A4: 被评估单位：黄河万家寨水利枢纽有限公司 | L4: 金额单位：人民币元
A5: 序号 | B5: 资产类别 | C5: 设备名称 | D5: 规格型号 | E5: 计量单位 | F5: 数量 | G5: 存放地点 | H5: 启用日期 | I5: 帐面价值 | K5: 评估价值 | L5: 备注
I6: 原值 | J6: 净值
A7: 1 | B7: 废旧变压器 | C7: 变压器 | D7: S-1000/6.3 | E7: 台 | F7: 1 | G7: 物资仓库库外 | K7: =3.5*7500 -> 26250 | L7: 残值
A8: 2 | B8: 废旧变压器 | C8: 变压器 | D8: S-1000/6.3 | E8: 台 | F8: 1 | G8: 物资仓库库外 | K8: =3.5*7500 -> 26250 | L8: 残值
A13: 合 计 | F13: =SUM(F7:F8) -> 2 | I13: =SUM(I7:I8) -> 0 | K13: =SUM(K7:K8) -> 52500
A14: 减：减值准备
A15: 净 额 | F15: 2 | K15: =K13 -> 52500
A16: 被评估方填表人： | I16: 评估人员：
A17: 填表日期：2020年11月25日
H23: =I15+#REF!+#REF! -> #REF!

Sheet 锅炉
A1: 固定资产-废旧资产明细表
L2: 表4-6-4
A3: 评估基准日：2020年11月25日
A4: 被评估单位：黄河万家寨水利枢纽有限公司 | L4: 金额单位：人民币元
A5: 序号 | B5: 资产类别 | C5: 设备名称 | D5: 规格型号 | E5: 计量单位 | F5: 数量 | G5: 存放地点 | H5: 启用日期 | I5: 帐面价值 | K5: 评估价值 | L5: 备注
I6: 原值 | J6: 净值
A7: 1 | B7: 废旧锅炉 | C7: 热水锅炉 | D7: CL(W)(H)G 0.7 | E7: 台 | F7: 1 | G7: 物资仓库库外 | K7: 3500 | L7: 残值
A8: 2 | B8: 废旧锅炉 | C8: 供暖锅炉 | D8: CL(W)(H)G 0.3 | E8: 台 | F8: 1 | G8: 物资仓库库外 | K8: 3500 | L8: 残值
A9: 3 | B9: 废旧锅炉 | C9: 除尘器 | D9: CL(W)(H)G 0.7 | E9: 台 | F9: 1 | G9: 物资仓库库外 | K9: 1000 | L9: 残值
A10: 4 | B10: 废旧锅炉 | C10: 烟风道 | D10: CL(W)(H)G 0.3 | E10: 个 | F10: 1 | G10: 物资仓库库外 | K10: 800 | L10: 残值
A11: 5 | B11: 废旧锅炉 | C11: 锅炉 | D11: 无名牌 | E11: 台 | F11: 1 | G11: 万家寨山上库 | K11: =2000*12 -> 24000 | L11: 残值
A12: 合 计 | F12: =SUM(F7:F11) -> 5 | I12: =SUM(I7:I11) -> 0 | K12: =SUM(K7:K11) -> 32800
A13: 减：减值准备
A14: 净 额 | F14: 5 | K14: =K12 -> 32800
A15: 被评估方填表人： | I15: 评估人员：
A16: 填表日期：2020年11月25日
H22: =I14+#REF!+#REF! -> #REF!

Sheet 车辆
A1: 固定资产-废旧资产明细表
L2: 表4-6-4
A3: 评估基准日：2020年11月25日
A4: 被评估单位：黄河万家寨水利枢纽有限公司 | L4: 金额单位：人民币元
A5: 序号 | B5: 资产类别 | C5: 设备名称 | D5: 规格型号 | E5: 计量单位 | F5: 数量 | G5: 存放地点 | H5: 启用日期 | I5: 帐面价值 | K5: 评估价值 | L5: 备注
I6: 原值 | J6: 净值
A7: 1 | B7: 废旧车辆 | C7: 3T叉车 | E7: 辆 | F7: 1 | G7: 万家寨山上库 | I7: 72000 | K7: 10000 | L7: 残值
A14: 合 计 | F14: =SUM(F7:F13) -> 1 | I14: =SUM(I7:I13) -> 72000 | K14: =SUM(K7:K13) -> 10000
A15: 减：减值准备
A16: 净 额 | F16: 1 | I16: =I14 -> 72000 | K16: =K14 -> 10000
A17: 被评估方填表人： | I17: 评估人员：
A18: 填表日期：2020年11月25日
H24: =I16+#REF!+#REF! -> #REF!

Sheet 废旧材料
A1: 固定资产-废旧资产明细表
L2: 表4-6-4
A3: 评估基准日：2020年11月25日
A4: 被评估单位：黄河万家寨水利枢纽有限公司 | L4: 金额单位：人民币元
A5: 序号 | B5: 资产类别 | C5: 设备名称 | D5: 规格型号 | E5: 计量单位 | F5: 数量 | G5: 存放地点 | H5: 启用日期 | I5: 帐面价值 | K5: 评估价值 | L5: 备注
I6: 原值 | J6: 净值
A7: 1 | B7: 废旧材料 | C7: 绝缘地板砖 | D7: 600*600 | E7: 立方 | F7: 4 | G7: 龙口山上库 | K7: 800 | L7: 残值
A14: 合 计 | F14: =SUM(F7:F7) -> 4 | I14: =SUM(I7:I7) -> 0 | K14: =SUM(K7:K7) -> 800
A15: 减：减值准备
A16: 净 额 | F16: 4 | K16: =K14 -> 800
A17: 被评估方填表人： | I17: 评估人员：
A18: 填表日期：2020年11月25日
H24: =I16+#REF!+#REF! -> #REF!

Sheet 废铜类
A1: 固定资产-废旧物资明细表
L2: 表4-6-4
A3: 评估基准日：2019年04月01日
A4: 被评估单位：黄河万家寨水利枢纽有限公司 | L4: 金额单位：人民币元
A5: 序号 | B5: 资产类别 | C5: 设备名称 | D5: 规格型号 | E5: 计量单位 | F5: 数量 | G5: 存放地点 | H5: 启用日期 | I5: 帐面价值 | K5: 评估单价 | L5: 备注
I6: 原值 | J6: 净值
A7: 1 | B7: 废铜类 | C7: 4号机组定子线棒 | E7: 吨 | F7: 31 | K7: 34000 | L7: 有绝缘树脂，实际数量以过磅为准、1077根，每根29公斤
A8: 2 | B8: 废铜类 | C8: 3号发电机旧定子铜环引线 | E8: 吨 | F8: 3.34 | G8: 仓库院内 | K8: 34000 | L8: 有绝缘树脂，实际数量以过磅为准
A9: 3 | B9: 废铜类 | C9: 3号发电机旧定子线棒 | E9: 吨 | F9: 34.81 | G9: 仓库院内 | K9: 34000 | L9: 有绝缘树脂，实际数量以过磅为准
A10: 4 | B10: 废铜类 | C10: 1G铜环引线 | E10: 吨 | F10: 3.29 | G10: 大库院内 | K10: 34000 | L10: 有绝缘树脂，实际数量以过磅为准
A11: 5 | B11: 废铜类 | C11: 1G定子线棒 | E11: 吨 | F11: 34.77 | G11: 大库院内 | K11: 34000 | L11: 有绝缘树脂，实际数量以过磅为准
A12: 6 | B12: 废铜类 | C12: 6G铜环引线 | E12: 吨 | F12: 3.29 | G12: 大库院内 | K12: 34000 | L12: 有绝缘树脂，实际数量以过磅为准
A13: 7 | B13: 废铜类 | C13: 6G定子线棒 | E13: 吨 | F13: 34.77 | G13: 大库院内 | K13: 34000 | L13: 有绝缘树脂，实际数量以过磅为准
A14: 合 计 | F14: =SUM(F7:F13) -> 145.27 | K14: 0
A15: 减：减值准备
A16: 净 额 | K16: 0
A17: 被评估方填表人： | I17: 评估人员：
A18: 填表日期：2019年04月01日
H24: =I16+#REF!+#REF! -> #REF!

Sheet 废旧仪表仪器类
A1: 固定资产-废旧物资明细表
L2: 表4-6-4
A3: 评估基准日：2019年03月13日
A4: 被评估单位：黄河万家寨水力枢纽有限公司 | L4: 金额单位：人民币元
A5: 序号 | B5: 资产类别 | C5: 设备名称 | D5: 规格型号 | E5: 计量单位 | F5: 数量 | G5: 存放地点 | H5: 启用日期 | I5: 帐面价值 | K5: 评估单价 | L5: 备注
I6: 原值 | J6: 净值
A7: 1 | B7: 废旧仪表仪器类 | C7: 麦氏真空表 | D7: 刻度0-65OPa | E7: 个 | F7: 2 | G7: 炸药库 | K7: 1680 | L7: 实际数量以过磅为准
A8: 2 | B8: 废旧仪表仪器类 | C8: 压力表 | D8: 0 0.6MPa,Y 150,1.6 | E8: 个 | F8: 7 | G8: 炸药库 | K8: 1680 | L8: 实际数量以过磅为准
A9: 3 | B9: 废旧仪表仪器类 | C9: 压力表 | D9: Y 60B FZ,0 0.6mpa,1.6 | E9: 个 | F9: 9 | G9: 炸药库 | K9: 1680 | L9: 实际数量以过磅为准
A10: 4 | B10: 废旧仪表仪器类 | C10: 万用表 | E10: 块 | F10: 1 | G10: 厂房废品库 | K10: 1680 | L10: 实际数量以过磅为准
A11: 5 | B11: 废旧仪表仪器类 | C11: 数字双钳伏安相位表 | D11: SMG-2B | E11: 台 | F11: 1 | G11: 炸药库 | K11: 1680 | L11: 实际数量以过磅为准
A12: 6 | B12: 废旧仪表仪器类 | C12: 开度表59L2 | D12: 量程；0-100 | E12: 个 | F12: 16 | G12: 炸药库 | K12: 1680 | L12: 实际数量以过磅为准
A13: 7 | B13: 废旧仪表仪器类 | C13: 开度表59L2 | D13: 量程；0-200 | E13: 个 | F13: 8 | G13: 炸药库 | K13: 1680 | L13: 实际数量以过磅为准
A14: 8 | B14: 废旧仪表仪器类 | C14: 开度表59L1 | D14: 量程；0-300 | E14: 个 | F14: 3 | G14: 炸药库 | K14: 1680 | L14: 实际数量以过磅为准
A15: 9 | B15: 废旧仪表仪器类 | C15: 开度表59L1 | D15: 量程；0-240 | E15: 个 | F15: 1 | G15: 炸药库 | K15: 1680 | L15: 实际数量以过磅为准
A16: 10 | B16: 废旧仪表仪器类 | C16: 万用表 | D16: FLUKE 19ULTIMETER | E16: 个 | F16: 1 | G16: 炸药库 | K16: 1680 | L16: 实际数量以过磅为准
A17: 11 | B17: 废旧仪表仪器类 | C17: sf6定性检漏仪 | D17: 3033R001，DILO | E17: 个 | F17: 1 | G17: 炸药库 | K17: 1680 | L17: 实际数量以过磅为准
A18: 12 | B18: 废旧仪表仪器类 | C18: 兆欧表 | D18: 共利3124 | E18: 个 | F18: 1 | G18: 炸药库 | K18: 1680 | L18: 实际数量以过磅为准
A19: 13 | B19: 废旧仪表仪器类 | C19: 断路器动作测试仪 | D19: ZKDII/5 | E19: 个 | F19: 1 | G19: 炸药库 | K19: 1680 | L19: 实际数量以过磅为准
A20: 14 | B20: 废旧仪表仪器类 | C20: sf6定性检漏仪 | D20: TIF XPI | E20: 个 | F20: 1 | G20: 炸药库 | K20: 1680 | L20: 实际数量以过磅为准
A21: 15 | B21: 废旧仪表仪器类 | C21: 手摇式绝缘电阻表 | D21: C25 4 | E21: 个 | F21: 1 | G21: 炸药库 | K21: 1680 | L21: 实际数量以过磅为准
A22: 16 | B22: 废旧仪表仪器类 | C22: 可调高压数字兆欧表 | D22: GM 15D 1 15KV | E22: 个 | F22: 1 | G22: 炸药库 | K22: 1680 | L22: 实际数量以过磅为准
... A25: 19 | B25: 废旧仪表仪器类 | C25: 不锈钢压力表 | D25: Y 100B FZ,0 1Mpa | E25: 个 | F25: 15 | G25: 炸药库 | K25: 1680 | L25: 实际数量以过磅为准
A26: 20 | B26: 废旧仪表仪器类 | C26: 电流表 | E26: 块 | F26: 3 | G26: 炸药库 | K26: 1680 | L26: 实际数量以过磅为准
A27: 21 | B27: 废旧仪表仪器类 | C27: 通信载波仪 | D27: 57980813 | E27: 个 | F27: 1 | G27: 炸药库 | K27: 1680 | L27: 实际数量以过磅为准
A28: 22 | B28: 废旧仪表仪器类 | C28: 一般压力表 | D28: Y 100，0 1Mpa | E28: 个 | F28: 50 | G28: 炸药库 | K28: 1680 | L28: 实际数量以过磅为准
A29: 23 | B29: 废旧仪表仪器类 | C29: 工具包 | E29: 个 | F29: 2 | G29: 厂房废品库 | K29: 1680 | L29: 实际数量以过磅为准
A30: 24 | B30: 废旧仪表仪器类 | C30: 伏安特性、变比极性综合测试仪 | D30: FA-102CT | E30: 台 | F30: 1 | G30: 炸药库 | K30: 1680 | L30: 实际数量以过磅为准
A31: 25 | B31: 废旧仪表仪器类 | C31: 导叶开度仪 | D31: DYK | E31: 个 | F31: 2 | G31: 山上库 | K31: 1680 | L31: 实际数量以过磅为准
A32: 合 计 | F32: =SUM(F7:F31) -> 135 | K32: 0
A33: 减：减值准备
A34: 净 额 | K34: 0
A35: 被评估方填表人： | I35: 评估人员：
A36: 填表日期：2019年03月13日
H42: =I34+#REF!+#REF! -> #REF!

Sheet 钢铁类 2
A1: 固定资产-废旧物资明细表
L2: 表4-6-4
A3: 评估基准日：2019年04月01日
A4: 被评估单位：黄河万家寨水利枢纽有限公司 | L4: 金额单位：人民币元
A5: 序号 | B5: 资产类别 | C5: 设备名称 | D5: 规格型号 | E5: 计量单位 | F5: 数量 | G5: 存放地点 | H5: 启用日期 | I5: 帐面价值 | K5: 评估单价（元/吨） | L5: 备注
I6: 原值 | J6: 净值
A7: 1 | B7: 钢铁类 | C7: 防火阀 | E7: 个 | F7: 5 | G7: 炸药库 | K7: 1680 | L7: 实际数量以过磅为准
A8: 2 | B8: 钢铁类 | C8: 梯子 | E8: 个 | F8: 1 | G8: 炸药库 | K8: 1680 | L8: 实际数量以过磅为准、2.5米
A9: 3 | B9: 钢铁类 | C9: 底孔弧门水封压板 | E9: 根 | F9: 1 | G9: 炸药库 | K9: 1680 | L9: 实际数量以过磅为准
A10: 4 | B10: 钢铁类 | C10: 手动蝶阀 | D10: DN400 | E10: 个 | F10: 2 | G10: 炸药库 | K10: 1680 | L10: 实际数量以过磅为准
A11: 5 | B11: 钢铁类 | C11: 螺旋千斤顶 | E11: 个 | F11: 9 | G11: 炸药库 | K11: 1680 | L11: 实际数量以过磅为准、3T 2个，5T、4个，10T、1个，20T1个，、32T2个。
A12: 6 | B12: 钢铁类 | C12: 栅栏式安全围栏 | E12: 个 | F12: 5 | G12: 炸药库 | K12: 1680 | L12: 实际数量以过磅为准
A13: 7 | B13: 钢铁类 | C13: 拉带式安全围栏 | E13: 个 | F13: 4 | G13: 炸药库 | K13: 1680 | L13: 实际数量以过磅为准
A14: 8 | B14: 钢铁类 | C14: 手推车 | E14: 台 | F14: 1 | G14: 炸药库 | K14: 1680 | L14: 实际数量以过磅为准
A15: 9 | B15: 钢铁类 | C15: 2号机均压管及阀门 | D15: DN250 | E15: 套 | F15: 4 | G15: 炸药库 | K15: 1680 | L15: 实际数量以过磅为准
A16: 10 | B16: 钢铁类 | C16: 南自DGT-801C保护装置CPUC板 | D16: 型号：LY2K6202 | E16: 块 | F16: 3 | G16: 炸药库 | K16: 1680 | L16: 实际数量以过磅为准
A17: 11 | B17: 钢铁类 | C17: 废旧角钢 | D17: 50 | E17: 米 | F17: 32 | G17: 炸药库 | K17: 1680 | L17: 实际数量以过磅为准
A18: 12 | B18: 钢铁类 | C18: 废旧槽钢 | D18: 【100 | E18: 米 | F18: 13 | G18: 炸药库 | K18: 1680 | L18: 实际数量以过磅为准
A19: 13 | B19: 钢铁类 | C19: 卷焊钢管 | E19: 截 | F19: 2 | G19: 炸药库 | K19: 1680 | L19: 实际数量以过磅为准、每截1.2米
A20: 14 | B20: 钢铁类 | C20: 自制弯头 | D20: DN350 | E20: 个 | F20: 1 | G20: 炸药库 | K20: 1680 | L20: 实际数量以过磅为准
A21: 15 | B21: 钢铁类 | C21: 法兰 | D21: DN350 | E21: 片 | F21: 17 | G21: 炸药库 | K21: 1680 | L21: 实际数量以过磅为准
A22: 16 | B22: 钢铁类 | C22: 卷焊钢管 | E22: 截 | F22: 1 | G22: 炸药库 | K22: 1680 | L22: 实际数量以过磅为准、每截1.1米
A23: 17 | B23: 钢铁类 | C23: 卷焊钢管 | E23: 截 | F23: 1 | G23: 炸药库 | K23: 1680 | L23: 实际数量以过磅为准、每截1.8米
A24: 18 | B24: 钢铁类 | C24: 自制三通 | D24: DN350 | E24: 个 | F24: 3 | G24: 炸药库 | K24: 1680 | L24: 实际数量以过磅为准
A25: 19 | B25: 钢铁类 | C25: 钢管 | D25: DN350 | E25: 米 | F25: 6.3 | G25: 炸药库 | K25: 1680 | L25: 实际数量以过磅为准
A26: 20 | B26: 钢铁类 | C26: 钢管 | D26: DN200 | E26: 米 | F26: 2.4 | G26: 炸药库 | K26: 1680 | L26: 实际数量以过磅为准
A27: 21 | B27: 钢铁类 | C27: 钢管 | D27: DN350 | E27: 米 | F27: 7 | G27: 炸药库 | K27: 1680 | L27: 实际数量以过磅为准
A28: 22 | B28: 钢铁类 | C28: 法兰 | D28: DN350 | E28: 块 | F28: 22 | G28: 炸药库 | K28: 1680 | L28: 实际数量以过磅为准
A29: 23 | B29: 钢铁类 | C29: 三通 | D29: DN350 | E29: 个 | F29: 5 | G29: 炸药库 | K29: 1680 | L29: 实际数量以过磅为准
A30: 24 | B30: 钢铁类 | C30: 弯头 | D30: DN350 | E30: 个 | F30: 4 | G30: 炸药库 | K30: 1680 | L30: 实际数量以过磅为准
A31: 25 | B31: 钢铁类 | C31: 钢管 | D31: DN150 | E31: 米 | F31: 7 | G31: 炸药库 | K31: 1680 | L31: 实际数量以过磅为准
A32: 26 | B32: 钢铁类 | C32: 法兰 | D32: DN150 | E32: 块 | F32: 9 | G32: 炸药库 | K32: 1680 | L32: 实际数量以过磅为准
A33: 27 | B33: 钢铁类 | C33: 弯头 | D33: DN150 | E33: 个 | F33: 1 | G33: 炸药库 | K33: 1680 | L33: 实际数量以过磅为准
A34: 28 | B34: 钢铁类 | C34: 钢管 | D34: DN80 | E34: 米 | F34: 3 | G34: 炸药库 | K34: 1680 | L34: 实际数量以过磅为准
A35: 29 | B35: 钢铁类 | C35: 弯头 | D35: DN80 | E35: 个 | F35: 5 | G35: 炸药库 | K35: 1680 | L35: 实际数量以过磅为准
... A52: 46 | B52: 钢铁类 | C52: NIS16-485C-1T | D52: POWerport | E52: 台 | F52: 1 | G52: 炸药库 | K52: 1680 | L52: 实际数量以过磅为准
A53: 47 | B53: 钢铁类 | C53: 励磁系统用熔断器底座 | E53: 个 | F53: 1 | G53: 炸药库 | K53: 1680 | L53: 实际数量以过磅为准
A54: 48 | B54: 钢铁类 | C54: 机组旧顶灯配件 | D54: XVB C34 | E54: 个 | F54: 2 | G54: 炸药库 | K54: 1680 | L54: 实际数量以过磅为准
A55: 49 | B55: 钢铁类 | C55: 机组旧顶灯配件 | D55: XVB C37 | E55: 个 | F55: 2 | G55: 炸药库 | K55: 1680 | L55: 实际数量以过磅为准
A56: 50 | B56: 钢铁类 | C56: 机组旧顶灯配件 | D56: XVB C9M | E56: 个 | F56: 2 | G56: 炸药库 | K56: 1680 | L56: 实际数量以过磅为准
A57: 51 | B57: 钢铁类 | C57: 卷焊钢管 1.5米长，带一自制焊接弯头 | D57: DN300 | E57: 截 | F57: 4 | G57: 炸药库 | K57: 1680 | L57: 实际数量以过磅为准
A58: 52 | B58: 钢铁类 | C58: 卷焊钢管 1.3米长，带一自制焊接弯头 | D58: DN300 | E58: 截 | F58: 4 | G58: 炸药库 | K58: 1680 | L58: 实际数量以过磅为准
A59: 53 | B59: 钢铁类 | C59: 自制焊接弯头 | D59: DN300 | E59: 个 | F59: 4 | G59: 炸药库 | K59: 1680 | L59: 实际数量以过磅为准
A60: 54 | B60: 钢铁类 | C60: 自制焊接弯头 | D60: DN150 | E60: 个 | F60: 1 | G60: 炸药库 | K60: 1680 | L60: 实际数量以过磅为准
A61: 55 | B61: 钢铁类 | C61: 蝶阀 | D61: DN300 | E61: 台 | F61: 2 | G61: 炸药库 | K61: 1680 | L61: 实际数量以过磅为准
A62: 56 | B62: 钢铁类 | C62: 蝶阀 | D62: DN150 | E62: 台 | F62: 1 | G62: 炸药库 | K62: 1680 | L62: 实际数量以过磅为准
A63: 57 | B63: 钢铁类 | C63: 转子磁轭片 | D63: 30KG/片 | E63: 片 | F63: 128 | G63: 大库院内 | K63: 1680 | L63: 实际数量以过磅为准
A64: 58 | B64: 钢铁类 | C64: 废旧角铁 | E64: 根 | F64: 13 | G64: 炸药库 | K64: 1680 | L64: 实际数量以过磅为准
A65: 59 | B65: 钢铁类 | C65: 废旧架子管 | E65: 根 | F65: 6 | G65: 炸药库 | K65: 1680 | L65: 实际数量以过磅为准、共10米
A66: 60 | B66: 钢铁类 | C66: 废旧钢板 | E66: KG | F66: 200 | G66: 炸药库 | K66: 1680 | L66: 实际数量以过磅为准
A67: 61 | B67: 钢铁类 | C67: 2G技术供水离心泵进出口阀门 | D67: DN350 | E67: 台 | F67: 3 | G67: 炸药库 | K67: 1680 | L67: 实际数量以过磅为准
A68: 62 | B68: 钢铁类 | C68: 推力冷却器端盖 | E68: 套 | F68: 16 | G68: 炸药库 | K68: 1680 | L68: 实际数量以过磅为准
A69: 63 | B69: 钢铁类 | C69: 2号机技术供水阀门 | D69: DN400 | E69: 台 | F69: 3 | G69: 炸药库 | K69: 1680 | L69: 实际数量以过磅为准
A70: 64 | B70: 钢铁类 | C70: 泵座、杨水管 | D70: 400JC/K400-16×2 | E70: 台 | F70: 1 | G70: 炸药库 | K70: 1680 | L70: 实际数量以过磅为准
A71: 65 | B71: 钢铁类 | C71: 蝶阀 | D71: DN400 | E71: 台 | F71: 1 | G71: 炸药库 | K71: 1680 | L71: 实际数量以过磅为准
A72: 66 | B72: 钢铁类 | C72: 弯管 | D72: DN400 | E72: 段 | F72: 2 | G72: 炸药库 | K72: 1680 | L72: 实际数量以过磅为准
A73: 67 | B73: 钢铁类 | C73: 法兰 | D73: DN400 | E73: 片 | F73: 4 | G73: 炸药库 | K73: 1680 | L73: 实际数量以过磅为准
A74: 68 | B74: 钢铁类 | C74: 二号机组技术供水管路蝶阀 | D74: DN350 | E74: 个 | F74: 2 | G74: 炸药库 | K74: 1680 | L74: 实际数量以过磅为准
A75: 69 | B75: 钢铁类 | C75: 3200KN门式起重机主起升钢丝绳 | D75: 6*36WS-IWR-40-1870 | E75: 根 | F75: 2 | G75: 炸药库 | K75: 1680 | L75: 实际数量以过磅为准
A76: 70 | B76: 钢铁类 | C76: 控制箱 | D76: XC 3KVA/220V | E76: 个 | F76: 1 | G76: 炸药库 | K76: 1680 | L76: 实际数量以过磅为准
A77: 71 | B77: 钢铁类 | C77: 绝缘油管 | D77: ￠４０ ￠５０ | E77: 米 | F77: 600 | G77: 炸药库 | K77: 1680 | L77: 实际数量以过磅为准
A78: 72 | B78: 钢铁类 | C78: 十字螺丝刀 | E78: 把 | F78: 8 | G78: 厂房废品库 | K78: 1680 | L78: 实际数量以过磅为准
A79: 73 | B79: 钢铁类 | C79: 一字螺丝刀 | E79: 把 | F79: 5 | G79: 厂房废品库 | K79: 1680 | L79: 实际数量以过磅为准
A80: 74 | B80: 钢铁类 | C80: 剥线钳 | E80: 把 | F80: 2 | G80: 厂房废品库 | K80: 1680 | L80: 实际数量以过磅为准
A81: 75 | B81: 钢铁类 | C81: 偏口钳 | E81: 把 | F81: 2 | G81: 厂房废品库 | K81: 1680 | L81: 实际数量以过磅为准
A82: 76 | B82: 钢铁类 | C82: 老虎钳 | E82: 把 | F82: 3 | G82: 厂房废品库 | K82: 1680 | L82: 实际数量以过磅为准
A83: 77 | B83: 钢铁类 | C83: 尖嘴钳 | E83: 把 | F83: 3 | G83: 厂房废品库 | K83: 1680 | L83: 实际数量以过磅为准
A84: 78 | B84: 钢铁类 | C84: 液压钳 | E84: 个 | F84: 1 | G84: 厂房废品库 | K84: 1680 | L84: 实际数量以过磅为准
A85: 79 | B85: 钢铁类 | C85: 曲线锯 | E85: 个 | F85: 1 | G85: 厂房废品库 | K85: 1680 | L85: 实际数量以过磅为准
A86: 80 | B86: 钢铁类 | C86: 220KV声光验电器BHG-01 | E86: 支 | F86: 1 | G86: 厂房废品库 | K86: 1680 | L86: 实际数量以过磅为准
A87: 81 | B87: 钢铁类 | C87: 220KV声光验电器BHG-02 | E87: 支 | F87: 1 | G87: 厂房废品库 | K87: 1680 | L87: 实际数量以过磅为准
A88: 82 | B88: 钢铁类 | C88: 内蒙侧万杨箱载波通信设备 | D88: CZ II s | E88: 个 | F88: 4 | G88: 炸药库 | K88: 1680 | L88: 实际数量以过磅为准
A89: 83 | B89: 钢铁类 | C89: 综合机箱 | D89: 无 | E89: 个 | F89: 1 | G89: 炸药库 | K89: 1680 | L89: 实际数量以过磅为准
A90: 84 | B90: 钢铁类 | C90: 功率放大器 | D90: ZVP 1240C | E90: 个 | F90: 1 | G90: 炸药库 | K90: 1680 | L90: 实际数量以过磅为准
A91: 85 | B91: 钢铁类 | C91: 设备机柜 | D91: 无 | E91: 个 | F91: 3 | G91: 炸药库 | K91: 1680 | L91: 实际数量以过磅为准
A92: 86 | B92: 钢铁类 | C92: 功率放大器 | D92: CVP 1120 | E92: 个 | F92: 2 | G92: 炸药库 | K92: 1680 | L92: 实际数量以过磅为准
A93: 87 | B93: 钢铁类 | C93: 电源箱 | D93: ZJP 028G | E93: 个 | F93: 1 | G93: 炸药库 | K93: 1680 | L93: 实际数量以过磅为准
A94: 88 | B94: 钢铁类 | C94: 风扇单元 | D94: ZUP 411 | E94: 个 | F94: 1 | G94: 炸药库 | K94: 1680 | L94: 实际数量以过磅为准
A95: 89 | B95: 钢铁类 | C95: 铁箱 | E95: 个 | F95: 2 | G95: 炸药库 | K95: 1680 | L95: 实际数量以过磅为准
A96: 90 | B96: 钢铁类 | C96: 纱窗 | E96: 个 | F96: 10 | G96: 炸药库 | K96: 1680 | L96: 实际数量以过磅为准
A97: 91 | B97: 钢铁类 | C97: 机柜托盘 | E97: 个 | F97: 40 | G97: 炸药库 | K97: 1680 | L97: 实际数量以过磅为准
A98: 92 | B98: 钢铁类 | C98: 光端机 | D98: 华光A120 | E98: 个 | F98: 1 | G98: 炸药库 | K98: 1680 | L98: 实际数量以过磅为准
A99: 93 | B99: 钢铁类 | C99: 广播电话接入器 | D99: ITC T-6210 | E99: 个 | F99: 1 | G99: 炸药库 | K99: 1680 | L99: 实际数量以过磅为准
A100: 94 | B100: 钢铁类 | C100: 光端机配件 | D100: NOKIA | E100: 个 | F100: 8 | G100: 炸药库 | K100: 1680 | L100: 实际数量以过磅为准
A101: 95 | B101: 钢铁类 | C101: 三相异步电动机 | D101: YS6334 | E101: 台 | F101: 2 | G101: 炸药库 | K101: 1680 | L101: 实际数量以过磅为准
A102: 96 | B102: 钢铁类 | C102: 三相异步电动机 | D102: YSF8024 | E102: 台 | F102: 1 | G102: 炸药库 | K102: 1680 | L102: 实际数量以过磅为准
A103: 97 | B103: 钢铁类 | C103: 三相异步电动机 | D103: YSJ6334 | E103: 台 | F103: 4 | G103: 炸药库 | K103: 1680 | L103: 实际数量以过磅为准
A104: 98 | B104: 钢铁类 | C104: 钢管 | D104: DN100、DN125、DN200 | E104: 米 | F104: 200 | G104: 仓库院内 | K104: 1680 | L104: 实际数量以过磅为准
A105: 99 | B105: 钢铁类 | C105: 水泵底座 | D105: QOS200-32 | E105: 台 | F105: 2 | G105: 仓库院内 | K105: 1680 | L105: 实际数量以过磅为准
A106: 100 | B106: 钢铁类 | C106: 水泵底座 | D106: QOS100-32 | E106: 台 | F106: 1 | G106: 仓库院内 | K106: 1680 | L106: 实际数量以过磅为准
A107: 101 | B107: 钢铁类 | C107: 水泵 | D107: QOS200-32 | E107: 台 | F107: 2 | G107: 仓库院内 | K107: 1680 | L107: 实际数量以过磅为准
A108: 102 | B108: 钢铁类 | C108: 水泵 | D108: QOS100-32 | E108: 台 | F108: 1 | G108: 仓库院内 | K108: 1680 | L108: 实际数量以过磅为准
A109: 103 | B109: 钢铁类 | C109: 阀门 | D109: DN100 | E109: 台 | F109: 10 | G109: 仓库院内 | K109: 1680 | L109: 实际数量以过磅为准
... A122: 116 | B122: 钢铁类 | C122: 引风机 | D122: Y6-41-7.1C 18.5KW | E122: 台 | F122: 1 | G122: 炸药库 | K122: 1680 | L122: 实际数量以过磅为准
A123: 117 | B123: 钢铁类 | C123: 工具推车 | E123: 辆 | F123: 2 | G123: 炸药库 | K123: 1680 | L123: 实际数量以过磅为准
A124: 118 | B124: 钢铁类 | C124: 转速测控装置 | D124: sj-22c | E124: 台 | F124: 2 | G124: 炸药库 | K124: 1680 | L124: 实际数量以过磅为准
A125: 119 | B125: 钢铁类 | C125: 正弦逆变电源 | D125: 220-1KVA | E125: 台 | F125: 2 | G125: 炸药库 | K125: 1680 | L125: 实际数量以过磅为准
A126: 120 | B126: 钢铁类 | C126: 省煤器 | D126: SH4-40 | E126: 台 | F126: 1 | G126: 炸药库 | K126: 1680 | L126: 实际数量以过磅为准
A127: 121 | B127: 钢铁类 | C127: 废旧钢筋 | D127: ￠12 | E127: 米 | F127: 20 | G127: 炸药库 | K127: 1680 | L127: 实际数量以过磅为准
A128: 122 | B128: 钢铁类 | C128: 废旧钢筋 | D128: ￠10 | E128: 米 | F128: 10 | G128: 炸药库 | K128: 1680 | L128: 实际数量以过磅为准
...

Sheet 计算机及网络设备类
A1: 固定资产-废旧物资明细表
L2: 表4-6-4
A3: 评估基准日：2019年04月01日
A4: 被评估单位：黄河万家寨水利枢纽有限公司 | L4: 金额单位：人民币元
A5: 序号 | B5: 资产类别 | C5: 设备名称 | D5: 规格型号 | E5: 计量单位 | F5: 数量 | G5: 存放地点 | H5: 启用日期 | I5: 帐面价值 | K5: 评估单价 | L5: 备注
I6: 原值 | J6: 净值
A7: 1 | B7: 计算机及网络设备类 | C7: II号管打印机 | D7: LM-350A | E7: 台 | F7: 1 | G7: 炸药库 | K7: 6 | L7: 实际数量以现场清点数量为准
A8: 2 | B8: 计算机及网络设备类 | C8: 针式打印机 | D8: LQ-670K+T | E8: 个 | F8: 1 | G8: 炸药库 | K8: 3 | L8: 实际数量以现场清点数量为准
A9: 3 | B9: 计算机及网络设备类 | C9: 数字抗噪话机 | D9: 三州 HAT 86P/T-E | E9: 个 | F9: 5 | G9: 炸药库 | K9: 1 | L9: 实际数量以现场清点数量为准
A10: 4 | B10: 计算机及网络设备类 | C10: 摩托罗拉对讲机 | E10: 个 | F10: 4 | G10: 厂房废品库 | K10: 1 | L10: 实际数量以现场清点数量为准
A11: 5 | B11: 计算机及网络设备类 | C11: 路由器 | D11: 华为AR2811 | E11: 个 | F11: 1 | G11: 炸药库 | K11: 2 | L11: 实际数量以现场清点数量为准
A12: 6 | B12: 计算机及网络设备类 | C12: 网络交换机 | D12: WS-C2950-24 | E12: 台 | F12: 1 | G12: 炸药库 | K12: 7 | L12: 实际数量以现场清点数量为准
A13: 7 | B13: 计算机及网络设备类 | C13: 福禄克620型网路测试仪 | D13: 福禄克620型网路测试仪 | E13: 个 | F13: 1 | G13: 炸药库 | K13: 8 | L13: 实际数量以现场清点数量为准
A14: 8 | B14: 计算机及网络设备类 | C14: 台式计算机 | D14: 兼容机 | E14: 个 | F14: 1 | G14: 炸药库 | K14: 11 | L14: 实际数量以现场清点数量为准
A15: 9 | B15: 计算机及网络设备类 | C15: 上网行为管理网关设备 | D15: M5 100T | E15: 个 | F15: 1 | G15: 炸药库 | K15: 8 | L15: 实际数量以现场清点数量为准
A16: 10 | B16: 计算机及网络设备类 | C16: 网络交换机 | D16: WS C2950 24 | E16: 个 | F16: 1 | G16: 炸药库 | K16: 6 | L16: 实际数量以现场清点数量为准
A17: 11 | B17: 计算机及网络设备类 | C17: 台式计算机 | D17: 开天M4600(SN;NA5131438) | E17: 台 | F17: 1 | G17: 炸药库 | K17: 11 | L17: 实际数量以现场清点数量为准
A18: 12 | B18: 计算机及网络设备类 | C18: 台式计算机 | D18: 开天4600（SN;NA03592261) | E18: 台 | F18: 1 | G18: 炸药库 | K18: 11 | L18: 实际数量以现场清点数量为准
A19: 13 | B19: 计算机及网络设备类 | C19: 液晶显示器 | D19: 2001FP型 | E19: 台 | F19: 2 | G19: 炸药库 | K19: 5 | L19: 实际数量以现场清点数量为准
A20: 14 | B20: 计算机及网络设备类 | C20: 笔记本电脑 | D20: ThinkPad T400(SN:2767mz1R8WTAGE) | E20: 台 | F20: 1 | G20: 炸药库 | K20: 11 | L20: 实际数量以现场清点数量为准
A21: 15 | B21: 计算机及网络设备类 | C21: 多媒体主机 | D21: HP ML150 | E21: 台 | F21: 1 | G21: 炸药库 | K21: 7 | L21: 实际数量以现场清点数量为准
A22: 16 | B22: 计算机及网络设备类 | C22: 电脑 | D22: Rack pc IL 40S | E22: 台 | F22: 2 | G22: 炸药库 | K22: 11 | L22: 实际数量以现场清点数量为准
... A49: 43 | B49: 计算机及网络设备类 | C49: 激光打印机 | D49: HP Laserjet 5000LE | E49: 个 | F49: 1 | G49: 炸药库 | K49: 4 | L49: 实际数量以现场清点数量为准
A50: 44 | B50: 计算机及网络设备类 | C50: 旧硒鼓、墨盒 | E50: 批 | F50: 1 | K50: 1 | L50: 实际数量以现场清点数量为准
A51: 合 计 | F51: =SUM(F7:F50) -> 77 | K51: 0
A52: 减：减值准备
A53: 净 额 | K53: 0
A54: 被评估方填表人： | I54: 评估人员：
A55: 填表日期：2019年04月01日
H61: =I53+#REF!+#REF! -> #REF!

Sheet 废旧电视空调家电类
A1: 固定资产-废旧物资明细表
L2: 表4-6-4
A3: 评估基准日：2019年04月01日
A4: 被评估单位：黄河万家寨水利枢纽有限公司 | L4: 金额单位：人民币元
A5: 序号 | B5: 资产类别 | C5: 设备名称 | D5: 规格型号 | E5: 计量单位 | F5: 数量 | G5: 存放地点 | H5: 启用日期 | I5: 帐面价值 | K5: 评估单价 | L5: 备注
I6: 原值 | J6: 净值
A7: 1 | B7: 废旧电视空调家电类 | C7: 电热水器 | D7: 海尔FCD X8.8 | E7: 个 | F7: 1 | G7: 炸药库 | K7: 9 | L7: 实际数量以现场清点数量为准
A8: 2 | B8: 废旧电视空调家电类 | C8: 饮水机 | D8: 安吉尔 | E8: 个 | F8: 1 | G8: 炸药库 | K8: 5 | L8: 实际数量以现场清点数量为准
A9: 3 | B9: 废旧电视空调家电类 | C9: 吸尘器 | D9: FC8219 FC8200 | E9: 个 | F9: 1 | G9: 炸药库 | K9: 3 | L9: 实际数量以现场清点数量为准
A10: 4 | B10: 废旧电视空调家电类 | C10: 空调 | D10: KFR48GW/Z型挂机 | E10: 台 | F10: 1 | G10: 炸药库 | K10: 120 | L10: 实际数量以现场清点数量为准
A11: 5 | B11: 废旧电视空调家电类 | C11: 分体式空调（室内）（室外）机组 | D11: KFRd-70L---KFRd-70W | E11: 件 | F11: 2 | G11: 炸药库 | K11: 120 | L11: 实际数量以现场清点数量为准
A12: 6 | B12: 废旧电视空调家电类 | C12: 空调 | D12: KFR 72W/LEIVG | E12: 台 | F12: 2 | G12: 炸药库 | K12: 120 | L12: 实际数量以现场清点数量为准
A13: 7 | B13: 废旧电视空调家电类 | C13: 电视 | D13: L42M61F | E13: 台 | F13: 2 | G13: 炸药库 | K13: 12 | L13: 实际数量以现场清点数量为准
A14: 8 | B14: 废旧电视空调家电类 | C14: 电视 | D14: 21TB9000 | E14: 台 | F14: 2 | G14: 炸药库 | K14: 12 | L14: 实际数量以现场清点数量为准
A15: 9 | B15: 废旧电视空调家电类 | C15: 电视 | D15: 21D88AA | E15: 台 | F15: 1 | G15: 炸药库 | K15: 12 | L15: 实际数量以现场清点数量为准
A16: 10 | B16: 废旧电视空调家电类 | C16: 广播监听音箱 | D16: ZMP 032A | E16: 个 | F16: 1 | G16: 炸药库 | K16: 4 | L16: 实际数量以现场清点数量为准
A17: 合 计 | F17: =SUM(F7:F16) -> 14 | K17: 0
A18: 减：减值准备
A19: 净 额 | K19: 0
A20: 被评估方填表人： | I20: 评估人员：
A21: 填表日期：2019年04月01日
H27: =I19+#REF!+#REF! -> #REF!

Sheet 橡胶塑料类
A1: 固定资产-废旧物资明细表
L2: 表4-6-4
A3: 评估基准日：2019年04月01日
A4: 被评估单位：黄河万家寨水利枢纽有限公司 | L4: 金额单位：人民币元
A5: 序号 | B5: 资产类别 | C5: 设备名称 | D5: 规格型号 | E5: 计量单位 | F5: 数量 | G5: 存放地点 | H5: 启用日期 | I5: 帐面价值 | K5: 评估单价 | L5: 备注
I6: 原值 | J6: 净值
A7: 1 | B7: 橡胶塑料类 | C7: 12KV绝缘手套 | E7: 只 | F7: 1 | G7: 厂房废品库 | K7: 1 | L7: 实际数量以现场清点数量为准
A8: 2 | B8: 橡胶塑料类 | C8: 安全帽 | E8: 个 | F8: 51 | G8: 废品库 | K8: 1 | L8: 实际数量以现场清点数量为准
A9: 3 | B9: 橡胶塑料类 | C9: 安全帽 | E9: 个 | F9: 36 | G9: 龙口 | K9: 1 | L9: 实际数量以现场清点数量为准
A10: 4 | B10: 橡胶塑料类 | C10: 安全帽 | E10: 顶 | F10: 217 | G10: 废品库 | K10: 1 | L10: 实际数量以现场清点数量为准
A11: 5 | B11: 橡胶塑料类 | C11: 4#底孔弧门废旧水封 | E11: 套 | F11: 1 | G11: 炸药库 | K11: 13 | L11: 实际数量以现场清点数量为准
A12: 6 | B12: 橡胶塑料类 | C12: 标识牌 | E12: 箱 | F12: 1 | G12: 山上库 | K12: 4 | L12: 实际数量以现场清点数量为准
A13: 合 计 | F13: =SUM(F7:F12) -> 307 | K13: 0
A14: 减：减值准备
A15: 净 额 | K15: 0
A16: 被评估方填表人： | I16: 评估人员：
A17: 填表日期：2019年04月01日
H23: =I15+#REF!+#REF! -> #REF!

Sheet 废旧锅炉
A1: 固定资产-废旧物资明细表
L2: 表4-6-4
A3: 评估基准日：2019年04月01日
A4: 被评估单位：黄河万家寨水利枢纽有限公司 | L4: 金额单位：人民币元
A5: 序号 | B5: 资产类别 | C5: 设备名称 | D5: 规格型号 | E5: 计量单位 | F5: 数量 | G5: 存放地点 | H5: 启用日期 | I5: 帐面价值 | K5: 评估单价（元/吨） | L5: 备注
I6: 原值 | J6: 净值
A7: 1 | B7: 废旧锅炉类 | C7: 茶水锅炉 | E7: 个 | F7: 2 | G7: 龙口枢纽 机电库外 | K7: 1680 | L7: 实际数量以过磅为准
A8: 2 | B8: 废旧锅炉类 | C8: 锅炉 | D8: DZL2.8.0.795/70-AIII | E8: 台 | F8: 3 | G8: 仓库院内 | K8: 1680 | L8: 实际数量以过磅为准
A9: 3 | B9: 废旧锅炉类 | C9: 锅炉 | D9: D2C1.4-0.7/95/70-AII | E9: 台 | F9: 1 | G9: 炸药库 | K9: 1680 | L9: 实际数量以过磅为准
A10: 4 | B10: 废旧锅炉类 | C10: 常压锅炉 | E10: 台 | F10: 1 | G10: 仓库院内 | K10: 1680 | L10: 实际数量以过磅为准、6.79吨
A11: 合 计 | F11: =SUM(F7:F10) -> 7 | K11: 0
A12: 减：减值准备
A13: 净 额 | K13: 0
A14: 被评估方填表人： | I14: 评估人员：
A15: 填表日期：2019年04月01日
H21: =I13+#REF!+#REF! -> #REF!

Sheet 废旧电缆类
A1: 固定资产-废旧物资明细表
L2: 表4-6-4
A3: 评估基准日：2019年04月01日
A4: 被评估单位：黄河万家寨水利枢纽有限公司 | L4: 金额单位：人民币元
A5: 序号 | B5: 资产类别 | C5: 设备名称 | D5: 规格型号 | E5: 计量单位 | F5: 数量 | G5: 存放地点 | H5: 启用日期 | I5: 帐面价值 | K5: 评估单价 | L5: 备注
I6: 原值 | J6: 净值
A7: 1 | B7: 废旧电缆类 | C7: 室外电话线 | E7: 米 | F7: 100 | G7: 炸药库 | K7: 6 | L7: 实际数量以现场清点测量数量为准
A8: 2 | B8: 废旧电缆类 | C8: 电话中继线 | E8: 米 | F8: 200 | G8: 炸药库 | K8: 8 | L8: 实际数量以现场清点测量数量为准
A9: 3 | B9: 废旧电缆类 | C9: 电源线 | E9: 米 | F9: 200 | G9: 炸药库 | K9: 8 | L9: 实际数量以现场清点测量数量为准
A10: 4 | B10: 废旧电缆类 | C10: 2M线 | E10: 米 | F10: 300 | G10: 炸药库 | K10: 8 | L10: 实际数量以现场清点测量数量为准
A11: 5 | B11: 废旧电缆类 | C11: 2M电缆 | E11: 米 | F11: 20 | G11: 炸药库 | K11: 1680 | L11: 实际数量以过磅为准，单价计量单位吨
A12: 合 计 | F12: =SUM(F7:F11) -> 820 | K12: 0
A13: 减：减值准备
A14: 净 额 | K14: 0
A15: 被评估方填表人： | I15: 评估人员：
A16: 填表日期：2019年04月01日
H22: =I14+#REF!+#REF! -> #REF!

Sheet 废旧涂刷胶类 
A1: 固定资产-废旧物资明细表
L2: 表4-6-4
A3: 评估基准日：2019年04月01日
A4: 被评估单位：黄河万家寨水利枢纽有限公司 | L4: 金额单位：人民币元
A5: 序号 | B5: 资产类别 | C5: 设备名称 | D5: 规格型号 | E5: 计量单位 | F5: 数量 | G5: 存放地点 | H5: 启用日期 | I5: 帐面价值 | K5: 评估单价 | L5: 备注
I6: 原值 | J6: 净值
A7: 1 | B7: 废旧涂刷胶类 | C7: 绝缘盒灌注填料 | D7: 879B | E7: 箱 | F7: 8 | G7: 炸药库 | K7: 0 | L7: 无利用价值
A8: 2 | B8: 废旧涂刷胶类 | C8: 绝缘盒灌注填料 | D8: 881 | E8: 箱 | F8: 8 | G8: 炸药库 | K8: 0 | L8: 无利用价值
A9: 3 | B9: 废旧涂刷胶类 | C9: 绝缘盒灌注填料 | D9: 879A | E9: 箱 | F9: 3 | G9: 炸药库 | K9: 0 | L9: 无利用价值
A10: 4 | B10: 废旧涂刷胶类 | C10: 半导体填料 | D10: 879A、B | E10: 箱 | F10: 3 | G10: 炸药库 | K10: 0 | L10: 无利用价值
A11: 5 | B11: 废旧涂刷胶类 | C11: 室温固化涂刷胶 | D11: 56102A | E11: 箱 | F11: 1 | G11: 炸药库 | K11: 0 | L11: 无利用价值
A12: 6 | B12: 废旧涂刷胶类 | C12: 绝缘盒灌注填料 | D12: 879B | E12: 箱 | F12: 1 | G12: 炸药库 | K12: 0 | L12: 无利用价值
A13: 7 | B13: 废旧涂刷胶类 | C13: 绝缘盒灌注填料 | D13: 881A | E13: 箱 | F13: 1 | G13: 炸药库 | K13: 0 | L13: 无利用价值
A14: 8 | B14: 废旧涂刷胶类 | C14: 绝缘封口腻子 | D14: HDJ-18A:B | E14: 箱 | F14: 1 | G14: 炸药库 | K14: 0 | L14: 无利用价值
A15: 9 | B15: 废旧涂刷胶类 | C15: 绝缘盒灌注填料 | D15: 881A | E15: 箱 | F15: 2 | G15: 炸药库 | K15: 0 | L15: 无利用价值
A16: 10 | B16: 废旧涂刷胶类 | C16: 绝缘盒灌注填料 | D16: 879A | E16: 箱 | F16: 3 | G16: 炸药库 | K16: 0 | L16: 无利用价值
A17: 11 | B17: 废旧涂刷胶类 | C17: 半导体硅橡胶 | D17: HEC51104 | E17: 箱 | F17: 100 | G17: 炸药库 | K17: 0 | L17: 无利用价值
A18: 12 | B18: 废旧涂刷胶类 | C18: 防晕漆 | D18: HEC56615 | E18: 箱 | F18: 26 | G18: 炸药库 | K18: 0 | L18: 无利用价值
A19: 13 | B19: 废旧涂刷胶类 | C19: 绝缘盒封口腻子 | D19: HDJ-18B | E19: 箱 | F19: 7 | G19: 炸药库 | K19: 0 | L19: 无利用价值
A20: 14 | B20: 废旧涂刷胶类 | C20: 绝缘盒灌注填料 | D20: 879A | E20: 箱 | F20: 15 | G20: 炸药库 | K20: 0 | L20: 无利用价值
A21: 15 | B21: 废旧涂刷胶类 | C21: 绝缘盒灌注胶 | D21: 879A：B | E21: 箱 | F21: 4 | G21: 炸药库 | K21: 0 | L21: 无利用价值
A22: 16 | B22: 废旧涂刷胶类 | C22: 防电晕漆 | D22: 1235 | E22: 箱 | F22: 18 | G22: 炸药库 | K22: 0 | L22: 无利用价值
A23: 17 | B23: 废旧涂刷胶类 | C23: 绝缘盒灌注填料 | D23: 881A:B | E23: 箱 | F23: 3 | G23: 炸药库 | K23: 0 | L23: 无利用价值
A24: 18 | B24: 废旧涂刷胶类 | C24: 绝缘盒灌注胶 | D24: 881 | E24: 箱 | F24: 10 | G24: 炸药库 | K24: 0 | L24: 无利用价值
A25: 19 | B25: 废旧涂刷胶类 | C25: 半导体填料 | D25: 881A | E25: 箱 | F25: 1 | G25: 炸药库 | K25: 0 | L25: 无利用价值
A26: 20 | B26: 废旧涂刷胶类 | C26: 半导体填料 | D26: 898B | E26: 个 | F26: 2 | G26: 炸药库 | K26: 0 | L26: 无利用价值
A27: 21 | B27: 废旧涂刷胶类 | C27: 室温固化涂刷胶 | D27: HDJ-18B | E27: 箱 | F27: 2 | G27: 炸药库 | K27: 0 | L27: 无利用价值
A28: 22 | B28: 废旧涂刷胶类 | C28: 室温固化涂刷胶 | D28: 56102B | E28: 箱 | F28: 20 | G28: 炸药库 | K28: 0 | L28: 无利用价值
A29: 23 | B29: 废旧涂刷胶类 | C29: 室温固化涂刷胶 | D29: HDJ138A:B | E29: 箱 | F29: 1 | G29: 炸药库 | K29: 0 | L29: 无利用价值
A30: 24 | B30: 废旧涂刷胶类 | C30: 室温固化涂刷胶 | D30: 138AB | E30: 桶 | F30: 2 | G30: 炸药库 | K30: 0 | L30: 无利用价值
A31: 25 | B31: 废旧涂刷胶类 | C31: 环氧胶 | D31: 213 | E31: 桶 | F31: 21 | G31: 炸药库 | K31: 0 | L31: 无利用价值
A32: 26 | B32: 废旧涂刷胶类 | C32: 通用底漆固化剂 | D32: 280 | E32: 桶 | F32: 6 | G32: 炸药库 | K32: 0 | L32: 无利用价值
A33: 27 | B33: 废旧涂刷胶类 | C33: 环氧漆 | D33: 256 | E33: 桶 | F33: 3 | G33: 炸药库 | K33: 0 | L33: 无利用价值
A34: 28 | B34: 废旧涂刷胶类 | C34: 固化剂 | D34: 651 | E34: 桶 | F34: 1 | G34: 炸药库 | K34: 0 | L34: 无利用价值
A35: 29 | B35: 废旧涂刷胶类 | C35: 618树脂 | D35: 332-18 | E35: 桶 | F35: 1 | G35: 炸药库 | K35: 0 | L35: 无利用价值
A36: 30 | B36: 废旧涂刷胶类 | C36: 环氧量干红磁漆 | D36: 9130 | E36: 桶 | F36: 12 | G36: 炸药库 | K36: 0 | L36: 无利用价值
A37: 31 | B37: 废旧涂刷胶类 | C37: 环氧漆 | D37: 280 | E37: 桶 | F37: 2 | G37: 炸药库 | K37: 0 | L37: 无利用价值
A38: 32 | B38: 废旧涂刷胶类 | C38: 半导体填料 | D38: 898A | E38: 箱 | F38: 2 | G38: 炸药库 | K38: 0 | L38: 无利用价值
A39: 33 | B39: 废旧涂刷胶类 | C39: 半导体填料 | D39: 898B | E39: 箱 | F39: 2 | G39: 炸药库 | K39: 0 | L39: 无利用价值
A40: 34 | B40: 废旧涂刷胶类 | C40: 环氧底漆 | D40: 280 | E40: 桶 | F40: 5 | G40: 炸药库 | K40: 0 | L40: 无利用价值
A41: 35 | B41: 废旧涂刷胶类 | C41: 固化剂 | D41: 280 | E41: 桶 | F41: 4 | G41: 炸药库 | K41: 0 | L41: 无利用价值
A42: 36 | B42: 废旧涂刷胶类 | C42: 调和漆（红） | D42: 1桶/4KG | E42: 桶 | F42: 1 | G42: 炸药库 | K42: 0 | L42: 无利用价值
A43: 37 | B43: 废旧涂刷胶类 | C43: 银粉漆 | D43: 1桶/15KG | E43: 桶 | F43: 1 | G43: 炸药库 | K43: 0 | L43: 无利用价值
A44: 38 | B44: 废旧涂刷胶类 | C44: 调和漆（灰） | D44: 1桶/18KG | E44: 桶 | F44: 1 | G44: 炸药库 | K44: 0 | L44: 无利用价值
A45: 39 | B45: 废旧涂刷胶类 | C45: 宝绿漆 | D45: 1桶/18KG | E45: 桶 | F45: 1 | G45: 炸药库 | K45: 0 | L45: 无利用价值
A46: 40 | B46: 废旧涂刷胶类 | C46: 调和漆（红） | D46: 1桶/17KG | E46: 桶 | F46: 1 | G46: 炸药库 | K46: 0 | L46: 无利用价值
A47: 41 | B47: 废旧涂刷胶类 | C47: 防晕漆 | D47: HEC-56615 | E47: 箱 | F47: 44 | G47: 炸药库 | K47: 0 | L47: 无利用价值
A48: 42 | B48: 废旧涂刷胶类 | C48: 绝缘盒灌注填料 | D48: 879A | E48: 箱 | F48: 51 | G48: 炸药库 | K48: 0 | L48: 无利用价值
A49: 43 | B49: 废旧涂刷胶类 | C49: 绝缘盒灌注填料 | D49: 879B | E49: 箱 | F49: 6 | G49: 炸药库 | K49: 0 | L49: 无利用价值
A50: 44 | B50: 废旧涂刷胶类 | C50: 环保清漆 | D50: 20KG/桶 | E50: 桶 | F50: 1 | G50: 炸药库 | K50: 0 | L50: 无利用价值
A51: 45 | B51: 废旧涂刷胶类 | C51: 防电晕漆 | D51: 1235 | E51: 箱 | F51: 27 | G51: 炸药库 | K51: 0 | L51: 无利用价值
A52: 46 | B52: 废旧涂刷胶类 | C52: 绝缘盒灌注填料 | D52: 881-A | E52: 箱 | F52: 62 | G52: 炸药库 | K52: 0 | L52: 无利用价值
A53: 47 | B53: 废旧涂刷胶类 | C53: 硅橡胶 | D53: HEC-51104 | E53: 箱 | F53: 76 | G53: 炸药库 | K53: 0 | L53: 无利用价值
A54: 48 | B54: 废旧涂刷胶类 | C54: 室温固化胶 | D54: HDJ-138A | E54: 箱 | F54: 1 | G54: 炸药库 | K54: 0 | L54: 无利用价值
A55: 49 | B55: 废旧涂刷胶类 | C55: 室温固化胶 | D55: HDJ-138B | E55: 箱 | F55: 1 | G55: 炸药库 | K55: 0 | L55: 无利用价值
A56: 50 | B56: 废旧涂刷胶类 | C56: 环氧胶 | D56: 213 | E56: 箱 | F56: 16 | G56: 炸药库 | K56: 0 | L56: 无利用价值
A57: 51 | B57: 废旧涂刷胶类 | C57: 环氧树脂 | D57: 618 | E57: 箱 | F57: 3 | G57: 炸药库 | K57: 0 | L57: 无利用价值
A58: 52 | B58: 废旧涂刷胶类 | C58: 绝缘和封口腻子 | D58: HDJ-18A | E58: 桶 | F58: 42 | G58: 炸药库 | K58: 0 | L58: 无利用价值
A59: 53 | B59: 废旧涂刷胶类 | C59: 绝缘和封口腻子 | D59: HDJ-18B | E59: 桶 | F59: 48 | G59: 炸药库 | K59: 0 | L59: 无利用价值
A60: 54 | B60: 废旧涂刷胶类 | C60: 绝缘盒灌注填料 | D60: 879A:B | E60: 套 | F60: 2 | G60: 炸药库 | K60: 0 | L60: 无利用价值
A61: 55 | B61: 废旧涂刷胶类 | C61: 半导体填料 | D61: 898A:B | E61: 套 | F61: 4 | G61: 炸药库 | K61: 0 | L61: 无利用价值
A62: 56 | B62: 废旧涂刷胶类 | C62: 环氧脂晾干红磁漆 | D62: 9130 | E62: 桶 | F62: 12 | G62: 炸药库 | K62: 0 | L62: 无利用价值
A63: 57 | B63: 废旧涂刷胶类 | C63: 腊脂型防锈漆 | D63: T506 | E63: 桶 | F63: 2 | G63: 炸药库 | K63: 0 | L63: 无利用价值
A64: 58 | B64: 废旧涂刷胶类 | C64: 调和漆 | D64: 3KG/桶 | E64: 桶 | F64: 5 | G64: 炸药库 | K64: 0 | L64: 无利用价值
A65: 59 | B65: 废旧涂刷胶类 | C65: 固化剂 | D65: 2.4KG/桶 | E65: 桶 | F65: 2 | G65: 炸药库 | K65: 0 | L65: 无利用价值
A66: 60 | B66: 废旧涂刷胶类 | C66: 环氧底漆 | D66: 280 | E66: 桶 | F66: 6 | G66: 炸药库 | K66: 0 | L66: 无利用价值
A67: 61 | B67: 废旧涂刷胶类 | C67: 环氧漆 | D67: 456 | E67: 桶 | F67: 3 | G67: 炸药库 | K67: 0 | L67: 无利用价值
A68: 62 | B68: 废旧涂刷胶类 | C68: 固化剂 | D68: 550 | E68: 桶 | F68: 3 | G68: 炸药库 | K68: 0 | L68: 无利用价值
A69: 63 | B69: 废旧涂刷胶类 | C69: 固化剂 | D69: 456 | E69: 桶 | F69: 4 | G69: 炸药库 | K69: 0 | L69: 无利用价值
A70: 64 | B70: 废旧涂刷胶类 | C70: 绝缘盒封口腻子 | D70: HDJ-18 | E70: 桶 | F70: 38 | G70: 炸药库 | K70: 0 | L70: 无利用价值
A71: 65 | B71: 废旧涂刷胶类 | C71: 绝缘盒灌注胶 | D71: 879 | E71: 桶 | F71: 114 | G71: 炸药库 | K71: 0 | L71: 无利用价值
A72: 66 | B72: 废旧涂刷胶类 | C72: 半导体填料 | D72: 898B | E72: 桶 | F72: 5 | G72: 炸药库 | K72: 0 | L72: 无利用价值
A73: 67 | B73: 废旧涂刷胶类 | C73: 双组份半导体浸渍胶 | E73: 套 | F73: 11 | G73: 炸药库 | K73: 0 | L73: 无利用价值
A74: 合 计 | F74: =SUM(F7:F73) -> 895 | K74: 0
A75: 减：减值准备
A76: 净 额 | K76: 0
A77: 被评估方填表人： | I77: 评估人员：
A78: 填表日期：2019年04月01日
H84: =I76+#REF!+#REF! -> #REF!

Sheet 4-6-4四公司一类设备
A1: 固定资产-废旧设备明细表
P2: 表4-6-4
A3: 评估基准日：2018年11月07日
A4: 被评估单位：晋中路桥四公司一类 | P4: 金额单位：人民币元
A5: 序号 | B5: 评估编号 | C5: 资产编号 | D5: 设备名称 | E5: 规格型号 | F5: 存放地点 | G5: 数量 | H5: 计量单位 | I5: 购置日期 | J5: 启用日期 | K5: 帐面价值 | M5: 评估价值 | P5: 备注 | Q5: 寿命年限
K6: 原值 | L6: 净值 | M6: 原值 | N6: 成新率% | O6: 净值
A7: 1 | B7: 129 | C7: 0400000000000021 | D7: 载货汽车 | E7: 晋KLQ302 | F7: 南席 | G7: 1 | I7: 20100925 | K7: 37347 | L7: 1867.35 | M7: =K7*95% -> 35479.65 | N7: 15 | O7: =N7*M7/100 -> 5321.9475
A8: 2 | B8: 130 | C8: 0400000000000021 | D8: 载货汽车 | E8: 晋KLQ301 | F8: 南席 | G8: 1 | I8: 20100925 | K8: 37347 | L8: 1867.35 | M8: =K8*95% -> 35479.65 | N8: 15 | O8: =N8*M8/100 -> 5321.9475 | S8: 14
A9: 3 | B9: 131 | C9: 0400000000000017 | D9: 轻型货车 | E9: 晋KLQ627 | F9: 南席 | G9: 1 | I9: 20100617 | K9: 95162.49 | L9: 4758.12 | M9: =K9*95% -> 90404.365 | N9: 15 | O9: =N9*M9/100 -> 13560.655 | S9: 14
A10: 4 | B10: 132 | C10: 0400000000000039 | D10: 长安面包车 | E10: 晋KL4366 | F10: 南席 | G10: 1 | I10: 20110501 | K10: 59245 | L10: 2962.25 | M10: =K10*95% -> 56282.75 | N10: 15 | O10: =N10*M10/100 -> 8442.4125 | S10: 11
A11: 5 | B11: 133 | C11: 0400000000000016 | D11: 轿 车 | E11: 晋KLQ661 | F11: 南席 | G11: 1 | I11: 20100617 | K11: 99354.42 | L11: 4967.72 | M11: =K11*95% -> 94386.699 | N11: 15 | O11: =N11*M11/100 -> 14158.005 | S11: 16
A12: 6 | B12: 136 | C12: 01052 | D12: 静碾压路机 | F12: 南席 | G12: 1 | I12: 20010903 | K12: 193440 | L12: 9672 | M12: =K12*95% -> 183768 | N12: 11 | O12: =N12*M12/100 -> 20214.48 | Q12: 2001 | R12: =2018-Q12 -> 17 | S12: 11.5 | T12: =(15-R12)/15*100 -> -13.333333 | U12: 25 | V12: =T12*40%+U12*60% -> 9.6666667
A13: 7 | B13: 137 | C13: 01044 | D13: 推土机 | F13: 南席 | G13: 1 | I13: 20010903 | K13: 326000 | L13: 16300 | M13: =K13*95% -> 309700 | N13: 8 | O13: =N13*M13/100 -> 24776 | Q13: 2001 | R13: =2018-Q13 -> 17 | S13: 11.5 | T13: =(15-R13)/15*100 -> -13.333333 | U13: 25 | V13: =T13*40%+U13*60% -> 9.6666667
A14: 8 | B14: 138 | C14: 0400000000000038 | D14: 自卸三轮车 | F14: 南席 | G14: 1 | I14: 20110822 | K14: 10200 | L14: 510 | M14: =K14*95% -> 9690 | N14: 15 | O14: =N14*M14/100 -> 1453.5 | Q14: 2011 | R14: =2018-Q14 -> 7 | S14: 1 | T14: =(15-R14)/15*100 -> 53.333333 | U14: 25 | V14: =T14*40%+U14*60% -> 36.333333
A15: 9 | B15: 139 | C15: 0400000000000038 | D15: 自卸三轮车 | F15: 南席 | G15: 1 | I15: 20110822 | K15: 10200 | L15: 510 | M15: =K15*95% -> 9690 | N15: 15 | O15: =N15*M15/100 -> 1453.5 | Q15: 2011 | R15: =2018-Q15 -> 7 | S15: 1 | T15: =(15-R15)/15*100 -> 53.333333 | U15: 25 | V15: =T15*40%+U15*60% -> 36.333333
A16: 10 | B16: 140 | C16: 0500000000000001 | D16: 洗石机 | F16: 南席 | G16: 1 | I16: 20090716 | K16: 65000 | L16: 3250 | M16: =K16*95% -> 61750 | N16: 12 | O16: =N16*M16/100 -> 7410 | Q16: 2009 | R16: =2018-Q16 -> 9 | S16: 1.4 | T16: =(15-R16)/15*100 -> 40 | U16: 25 | V16: =T16*40%+U16*60% -> 31
A17: 11 | B17: 141 | C17: 0100000000000047 | D17: 震动洗石机 | F17: 南席 | G17: 1 | I17: 20110812 | K17: 30670 | L17: 11246 | M17: =K17*95% -> 29136.5 | N17: 12 | O17: =N17*M17/100 -> 3496.38 | Q17: 2011 | R17: =2018-Q17 -> 7 | S17: 1.4 | T17: =(15-R17)/15*100 -> 53.333333 | U17: 25 | V17: =T17*40%+U17*60% -> 36.333333
A18: 12 | B18: 50 | C18: 01077 | D18: 蒸汽锅炉 | F18: 鸣李 | G18: 1 | I18: 20011203 | K18: 65856 | L18: 3292.8 | M18: =K18*95% -> 62563.2 | N18: =V18 -> 9.6666667 | O18: =N18*M18/100 -> 6047.776 | Q18: 2001 | R18: =2018-Q18 -> 17 | S18: 1 | T18: =(15-R18)/15*100 -> -13.333333 | U18: 25 | V18: =T18*40%+U18*60% -> 9.6666667
A19: 13 | B19: 149 | C19: 500000000000061 | D19: 锅炉 | F19: 南席 | G19: 1 | I19: 20110625 | K19: 63000 | L19: 3150 | M19: =K19*95% -> 59850 | N19: 15 | O19: =N19*M19/100 -> 8977.5 | Q19: 2011 | R19: =2018-Q19 -> 7 | S19: 1.4 | T19: =(15-R19)/15*100 -> 53.333333 | U19: 25 | V19: =T19*40%+U19*60% -> 36.333333
A20: 14 | B20: 150 | C20: 0500000000000027 | D20: 锅 炉 | F20: 南席 | G20: 1 | I20: 20081231 | K20: 14000 | L20: 700 | M20: =K20*95% -> 13300 | N20: =V20-10 -> 18.333333 | O20: =N20*M20/100 -> 2438.3333 | Q20: 2008 | R20: =2018-Q20 -> 10 | S20: 1.5 | T20: =(15-R20)/15*100 -> 33.333333 | U20: 25 | V20: =T20*40%+U20*60% -> 28.333333
A21: 15 | B21: 151 | C21: 0500000000000042 | D21: 锅 炉 | F21: 南席 | G21: 1 | I21: 20100622 | K21: 18000 | L21: 900 | M21: =K21*95% -> 17100 | N21: =V21-10 -> 23.666667 | O21: =N21*M21/100 -> 4047 | Q21: 2010 | R21: =2018-Q21 -> 8 | S21: 2 | T21: =(15-R21)/15*100 -> 46.666667 | U21: 25 | V21: =T21*40%+U21*60% -> 33.666667
A22: 16 | B22: 152 | C22: 0500000000000028 | D22: 常压锅炉 | F22: 南席 | G22: 1 | I22: 20100202 | K22: 30000 | L22: 1500 | M22: =K22*95% -> 28500 | N22: =V22-10 -> 23.666667 | O22: =N22*M22/100 -> 6745 | Q22: 2010 | R22: =2018-Q22 -> 8 | S22: 14 | T22: =(15-R22)/15*100 -> 46.666667 | U22: 25 | V22: =T22*40%+U22*60% -> 33.666667
A23: 17 | B23: 153 | C23: 500000000000016 | D23: 冲天管蒸汽锅炉 | F23: 南席 | G23: 1 | I23: 20091228 | K23: 31000 | L23: 1550 | M23: =K23*95% -> 29450 | N23: =V23-10 -> 21 | O23: =N23*M23/100 -> 6184.5 | Q23: 2009 | R23: =2018-Q23 -> 9 | S23: 22 | T23: =(15-R23)/15*100 -> 40 | U23: 25 | V23: =T23*40%+U23*60% -> 31
A24: 18 | B24: 156 | C24: 0300000000000014 | D24: 常压水暖锅炉 | F24: 南席 | G24: 1 | I24: 20091228 | K24: 73000 | L24: 3650 | M24: =K24*95% -> 69350 | N24: 13 | O24: =N24*M24/100 -> 9015.5 | Q24: 2009 | R24: =2018-Q24 -> 9 | S24: 2 | T24: =(15-R24)/15*100 -> 40 | U24: 25 | V24: =T24*40%+U24*60% -> 31
A25: 19 | B25: 154 | C25: 308 | D25: 茶 炉 | F25: 南席 | G25: 1 | I25: 20081231 | K25: 3650 | L25: 182.5 | M25: =K25*95% -> 3467.5 | N25: =V25-10 -> 18.333333 | O25: =N25*M25/100 -> 635.70833 | Q25: 2008 | R25: =2018-Q25 -> 10 | S25: 10 | T25: =(15-R25)/15*100 -> 33.333333 | U25: 25 | V25: =T25*40%+U25*60% -> 28.333333
A26: 20 | B26: 155 | C26: 0300000000000013 | D26: 茶浴炉 | F26: 南席 | G26: 1 | I26: 20091228 | K26: 14700 | L26: 735 | M26: =K26*95% -> 13965 | N26: =V26-10 -> 21 | O26: =N26*M26/100 -> 2932.65 | Q26: 2009 | R26: =2018-Q26 -> 9 | S26: 1 | T26: =(15-R26)/15*100 -> 40 | U26: 25 | V26: =T26*40%+U26*60% -> 31
A27: 21 | B27: 171 | C27: 0500000000000003 | D27: 工程照明车 | F27: 南席 | G27: 1 | I27: 20100925 | K27: 15000 | L27: 750 | M27: =K27*95% -> 14250 | N27: 7 | O27: =N27*M27/100 -> 997.5 | Q27: 2010 | R27: =2018-Q27 -> 8 | S27: 1 | T27: =(15-R27)/15*100 -> 46.666667 | U27: 25 | V27: =T27*40%+U27*60% -> 33.666667
A28: 22 | B28: 175 | C28: 0400000000000008 | D28: 电子汽车衡 | F28: 南席 | G28: 1 | I28: 20091027 | K28: 45000 | L28: 2250 | M28: =K28*95% -> 42750 | N28: 13 | O28: =N28*M28/100 -> 5557.5 | Q28: 2009 | R28: =2018-Q28 -> 9 | S28: 3 | T28: =(15-R28)/15*100 -> 40 | U28: 25 | V28: =T28*40%+U28*60% -> 31
A29: 23 | B29: 8 | C29: 0100000000000022 | D29: 发电机 | F29: 南席 | G29: 1 | I29: 20100722 | K29: 5800 | L29: 1437.6 | M29: =K29*95% -> 5510 | N29: 15 | O29: =N29*M29/100 -> 826.5 | Q29: 2010 | R29: =2018-Q29 -> 8 | S29: 16 | T29: =(20-R29)/20*100 -> 60 | U29: 25 | V29: =T29*40%+U29*60% -> 39
A30: 24 | B30: 10 | C30: 0500000000000009 | D30: 发电机 | F30: 南席 | G30: 1 | I30: 20091009 | K30: 3900 | L30: 195 | M30: =K30*95% -> 3705 | N30: 15 | O30: =N30*M30/100 -> 555.75 | Q30: 2009 | R30: =2018-Q30 -> 9 | S30: 16 | T30: =(20-R30)/20*100 -> 55 | U30: 25 | V30: =T30*40%+U30*60% -> 37
A31: 25 | B31: 11 | C31: 0500000000000047 | D31: 发电机 | F31: 南席 | G31: 1 | I31: 20100715 | K31: 3700 | L31: 185 | M31: =K31*95% -> 3515 | N31: 15 | O31: =N31*M31/100 -> 527.25 | Q31: 2010 | R31: =2018-Q31 -> 8 | S31: 14 | T31: =(20-R31)/20*100 -> 60 | U31: 25 | V31: =T31*40%+U31*60% -> 39
A32: 26 | B32: 14 | C32: 0500000000000048 | D32: 发电机 | F32: 鸣李 | G32: 1 | I32: 20100807 | K32: 3700 | L32: 185 | M32: =K32*95% -> 3515 | N32: 15 | O32: =N32*M32/100 -> 527.25 | Q32: 2010 | R32: =2018-Q32 -> 8 | T32: =(20-R32)/20*100 -> 60 | U32: 25 | V32: =T32*40%+U32*60% -> 39
A33: 27 | B33: 7 | C33: 01111 | D33: 发电机 | F33: 南席 | G33: 1 | I33: 20081231 | K33: 2150 | L33: 294.82 | M33: =K33*95% -> 2042.5 | N33: 15 | O33: =N33*M33/100 -> 306.375 | Q33: 2008 | R33: =2018-Q33 -> 10 | S33: 3.3 | T33: =(20-R33)/20*100 -> 50 | U33: 25 | V33: =T33*40%+U33*60% -> 35
A34: 28 | B34: 9 | C34: 0100000000000009 | D34: 发电机 | F34: 南席 | G34: 1 | I34: 20091228 | K34: 4430 | L34: 852.86 | M34: =K34*95% -> 4208.5 | N34: 15 | O34: =N34*M34/100 -> 631.275 | Q34: 2009 | R34: =2018-Q34 -> 9 | S34: 3.3 | T34: =(20-R34)/20*100 -> 55 | U34: 25 | V34: =T34*40%+U34*60% -> 37
A35: 29 | B35: 12 | C35: 0500000000000031 | D35: 发电机 | F35: 鸣李 | G35: 1 | I35: 20091031 | K35: 3500 | L35: 175 | M35: =K35*95% -> 3325 | N35: 15 | O35: =N35*M35/100 -> 498.75 | Q35: 2009 | R35: =2018-Q35 -> 9 | S35: 2 | T35: =(20-R35)/20*100 -> 55 | U35: 25 | V35: =T35*40%+U35*60% -> 37
A36: 30 | B36: 13 | C36: 0500000000000032 | D36: 发电机 | F36: 南席 | G36: 1 | I36: 20100314 | K36: 3600 | L36: 180 | M36: =K36*95% -> 3420 | N36: 15 | O36: =N36*M36/100 -> 513 | Q36: 2010 | R36: =2018-Q36 -> 8 | S36: 0.3 | T36: =(20-R36)/20*100 -> 60 | U36: 25 | V36: =T36*40%+U36*60% -> 39
A37: 31 | B37: 15 | C37: 0500000000000087 | D37: 发电机 | F37: 鸣李 | G37: 1 | I37: 20070524 | K37: 31000 | L37: 1550 | M37: =K37*95% -> 29450 | N37: 3 | O37: =N37*M37/100 -> 883.5 | Q37: 2007 | R37: =2018-Q37 -> 11 | S37: 0.03 | T37: =(20-R37)/20*100 -> 45 | U37: 25 | V37: =T37*40%+U37*60% -> 33
A38: 32 | B38: 146 | C38: 01090 | D38: 发电机 | F38: 南席 | G38: 1 | I38: 20011203 | K38: 75000 | L38: 3750 | M38: =K38*95% -> 71250 | N38: 11 | O38: =N38*M38/100 -> 7837.5 | Q38: 2001 | R38: =2018-Q38 -> 17 | S38: 0.04 | T38: =(20-R38)/20*100 -> 15 | U38: 25 | V38: =T38*40%+U38*60% -> 21
A39: 33 | B39: 147 | C39: 0100000000000002 | D39: 发电机 | F39: 南席 | G39: 1 | I39: 20090815 | K39: 4100 | L39: 659.24 | M39: =K39*95% -> 3895 | N39: 15 | O39: =N39*M39/100 -> 584.25 | Q39: 2009 | R39: =2018-Q39 -> 9 | S39: 0.06 | T39: =(20-R39)/20*100 -> 55 | U39: 25 | V39: =T39*40%+U39*60% -> 37
A40: 34 | B40: 148 | C40: 0500000000000012 | D40: 发电机 | F40: 南席 | G40: 1 | I40: 20091031 | K40: 10800 | L40: 540 | M40: =K40*95% -> 10260 | N40: 37 | O40: =N40*M40/100 -> 3796.2 | Q40: 2009 | R40: =2018-Q40 -> 9 | S40: 0.06 | T40: =(20-R40)/20*100 -> 55 | U40: 25 | V40: =T40*40%+U40*60% -> 37
A41: 35 | B41: 51 | C41: 0500000000000011 | D41: 发电机 | F41: 鸣李 | G41: 1 | I41: 20100314 | K41: 3500 | L41: 175 | M41: =K41*95% -> 3325 | N41: 15 | O41: =N41*M41/100 -> 498.75 | Q41: 2010 | R41: =2018-Q41 -> 8 | S41: 0.03 | T41: =(20-R41)/20*100 -> 60 | U41: 25 | V41: =T41*40%+U41*60% -> 39
A42: 36 | B42: 17 | C42: 01108 | D42: 夯实机 | F42: 南席 | G42: 1 | I42: 20081231 | K42: 17000 | L42: 2330.78 | M42: =K42*95% -> 16150 | N42: 1 | O42: =N42*M42/100 -> 161.5 | Q42: 2008 | R42: =2018-Q42 -> 10 | S42: 0.05 | T42: =(15-R42)/15*100 -> 33.333333 | U42: 25 | V42: =T42*40%+U42*60% -> 28.333333
A43: 37 | B43: 18 | C43: 01109 | D43: 夯实机 | F43: 南席 | G43: 1 | I43: 20081231 | K43: 18000 | L43: 2467.5 | M43: =K43*95% -> 17100 | N43: =V43-10 -> 18.333333 | O43: =N43*M43/100 -> 3135 | Q43: 2008 | R43: =2018-Q43 -> 10 | S43: 0.03 | T43: =(15-R43)/15*100 -> 33.333333 | U43: 25 | V43: =T43*40%+U43*60% -> 28.333333
A44: 38 | B44: 19 | C44: 0100000000000051 | D44: 双向平板夯 | F44: 南席 | G44: 1 | I44: 20110926 | K44: 16000 | L44: 6120.13 | M44: =K44*95% -> 15200 | N44: 17 | O44: =N44*M44/100 -> 2584 | Q44: 2011 | R44: =2018-Q44 -> 7 | S44: 0.025 | T44: =(15-R44)/15*100 -> 53.333333 | U44: 25 | V44: =T44*40%+U44*60% -> 36.333333
A45: 39 | B45: 20 | C45: 0100000000000051 | D45: 双向平板夯 | F45: 南席 | G45: 1 | I45: 20110926 | K45: 16000 | L45: 6120.13 | M45: =K45*95% -> 15200 | N45: 17 | O45: =N45*M45/100 -> 2584 | Q45: 2011 | R45: =2018-Q45 -> 7 | T45: =(15-R45)/15*100 -> 53.333333 | U45: 25 | V45: =T45*40%+U45*60% -> 36.333333
A46: 40 | B46: 26 | C46: 0500000000000014 | D46: 打夯机 | F46: 南席 | G46: 1 | I46: 20091116 | K46: 19000 | L46: 950 | M46: =K46*95% -> 18050 | N46: =V46-10 -> 21 | O46: =N46*M46/100 -> 3790.5 | Q46: 2009 | R46: =2018-Q46 -> 9 | T46: =(15-R46)/15*100 -> 40 | U46: 25 | V46: =T46*40%+U46*60% -> 31
A47: 41 | B47: 23 | C47: 0500000000000050 | D47: 水磨机 | F47: 南席 | G47: 1 | I47: 20101203 | K47: 2200 | L47: 110 | M47: =K47*95% -> 2090 | N47: 20 | O47: =N47*M47/100 -> 418 | Q47: 2010 | R47: =2018-Q47 -> 8 | T47: =(15-R47)/15*100 -> 46.666667 | U47: 25 | V47: =T47*40%+U47*60% -> 33.666667
A48: 42 | B48: 41 | C48: 0500000000000085 | D48: 暖风机 | F48: 鸣李 | G48: 1 | I48: 20070524 | K48: 19400 | L48: 970 | M48: =K48*95% -> 18430 | N48: =V48-10 -> 15.666667 | O48: =N48*M48/100 -> 2887.3667 | Q48: 2007 | R48: =2018-Q48 -> 11 | T48: =(15-R48)/15*100 -> 26.666667 | U48: 25 | V48: =T48*40%+U48*60% -> 25.666667
A49: 43 | B49: 54 | C49: 01078 | D49: 空压机 | F49: 鸣李 | G49: 1 | I49: 20031203 | K49: 3000 | L49: 150 | M49: =K49*95% -> 2850 | N49: =V49 -> 15 | O49: =N49*M49/100 -> 427.5 | Q49: 2003 | R49: =2018-Q49 -> 15 | T49: =(15-R49)/15*100 -> 0 | U49: 25 | V49: =T49*40%+U49*60% -> 15
A50: 44 | B50: 55 | C50: 01095 | D50: 变压器 | F50: 鸣李 | G50: 1 | I50: 20031203 | K50: 13400 | L50: 670 | M50: =K50*95% -> 12730 | N50: =V50-10 -> 21 | O50: =N50*M50/100 -> 2673.3 | Q50: 2003 | R50: =2018-Q50 -> 15 | T50: =(25-R50)/25*100 -> 40 | U50: 25 | V50: =T50*40%+U50*60% -> 31
A51: 45 | B51: 56 | C51: 01101 | D51: 变压器 | F51: 鸣李 | G51: 1 | I51: 20031203 | K51: 59350 | L51: 2967.5 | M51: =K51*95% -> 56382.5 | N51: =V51-10 -> 21 | O51: =N51*M51/100 -> 11840.325 | Q51: 2003 | R51: =2018-Q51 -> 15 | T51: =(25-R51)/25*100 -> 40 | U51: 25 | V51: =T51*40%+U51*60% -> 31
A52: 46 | B52: 142 | C52: 01104 | D52: 变压器 | F52: 南席 | G52: 1 | I52: 20081231 | K52: 176000 | L52: 24127.03 | M52: =K52*95% -> 167200 | N52: 10 | O52: =N52*M52/100 -> 16720 | Q52: 2008 | R52: =2018-Q52 -> 10 | T52: =(20-R52)/20*100 -> 50 | U52: 25 | V52: =T52*40%+U52*60% -> 35
A53: 47 | B53: 168 | C53: 100000000000054 | D53: 背台式灭火吹风机 | F53: 南席 | G53: 1 | I53: 20111229 | K53: 13200 | L53: 5049 | M53: =K53*95% -> 12540 | N53: 5 | O53: =N53*M53/100 -> 627 | Q53: 2011 | R53: =2018-Q53 -> 7 | T53: =(15-R53)/15*100 -> 53.333333 | U53: 25 | V53: =T53*40%+U53*60% -> 36.333333
A54: 48 | B54: 169 | C54: 0100000000000064 | D54: KS背负式内燃吹风机 | F54: 南席 | G54: 1 | I54: 20140815 | K54: 3400 | L54: 2161.68 | M54: =K54*95% -> 3230 | N54: 15 | O54: =N54*M54/100 -> 484.5 | Q54: 2014 | R54: =2018-Q54 -> 4 | T54: =(15-R54)/15*100 -> 73.333333 | U54: 25 | V54: =T54*40%+U54*60% -> 44.333333
A55: 49 | B55: 63 | C55: 01063 | D55: 水磨石机 | F55: 鸣李 | G55: 1 | I55: 20010903 | K55: 3200 | L55: 160 | M55: =K55*95% -> 3040 | N55: =V55 -> 9.6666667 | O55: =N55*M55/100 -> 293.86667 | Q55: 2001 | R55: =2018-Q55 -> 17 | T55: =(15-R55)/15*100 -> -13.333333 | U55: 25 | V55: =T55*40%+U55*60% -> 9.6666667
A56: 50 | B56: 64 | C56: 01064 | D56: 水磨石机 | F56: 鸣李 | G56: 1 | I56: 20011203 | K56: 6400 | L56: 320 | M56: =K56*95% -> 6080 | N56: =V56 -> 9.6666667 | O56: =N56*M56/100 -> 587.73333 | Q56: 2001 | R56: =2018-Q56 -> 17 | S56: 0.05 | T56: =(15-R56)/15*100 -> -13.333333 | U56: 25 | V56: =T56*40%+U56*60% -> 9.6666667
A57: 51 | B57: 65 | C57: 01065 | D57: 刻纹机 | F57: 鸣李 | G57: 1 | I57: 20011203 | K57: 10000 | L57: 500 | M57: =K57*95% -> 9500 | N57: =V57 -> 9.6666667 | O57: =N57*M57/100 -> 918.33333 | Q57: 2001 | R57: =2018-Q57 -> 17 | T57: =(15-R57)/15*100 -> -13.333333 | U57: 25 | V57: =T57*40%+U57*60% -> 9.6666667
A58: 52 | B58: 66 | C58: 01066 | D58: 绗架式刻纹机 | F58: 鸣李 | G58: 1 | I58: 20011203 | K58: 47000 | L58: 2350 | M58: =K58*95% -> 44650 | N58: =V58 -> 9.6666667 | O58: =N58*M58/100 -> 4316.1667 | Q58: 2001 | R58: =2018-Q58 -> 17 | T58: =(15-R58)/15*100 -> -13.333333 | U58: 25 | V58: =T58*40%+U58*60% -> 9.6666667
A59: 53 | B59: 143 | C59: 0500000000000086 | D59: 搅拌机 | F59: 南席 | G59: 1 | I59: 20070524 | K59: 65000 | L59: 3250 | M59: =K59*95% -> 61750 | N59: 12 | O59: =N59*M59/100 -> 7410 | Q59: 2007 | R59: =2018-Q59 -> 11 | T59: =(15-R59)/15*100 -> 26.666667 | U59: 25 | V59: =T59*40%+U59*60% -> 25.666667
A60: 54 | B60: 170 | C60: 0500000000000050 | D60: 水磨机 | F60: 南席 | G60: 1 | I60: 20101203 | K60: 2200 | L60: 110 | M60: =K60*95% -> 2090 | N60: =V60-10 -> 23.666667 | O60: =N60*M60/100 -> 494.63333 | Q60: 2010 | R60: =2018-Q60 -> 8 | T60: =(15-R60)/15*100 -> 46.666667 | U60: 25 | V60: =T60*40%+U60*60% -> 33.666667
A61: 55 | B61: 172 | C61: 1073 | D61: 钢筋切断机 | F61: 南席 | G61: 1 | I61: 20011203 | K61: 2980 | L61: 149 | M61: =K61*95% -> 2831 | N61: =V61 -> 9.6666667 | O61: =N61*M61/100 -> 273.66333 | Q61: 2001 | R61: =2018-Q61 -> 17 | T61: =(15-R61)/15*100 -> -13.333333 | U61: 25 | V61: =T61*40%+U61*60% -> 9.6666667
A62: 56 | B62: 173 | C62: 500000000000015 | D62: 制管机 | F62: 南席 | G62: 1 | I62: 20091116 | K62: 29800 | L62: 1490 | M62: =K62*95% -> 28310 | N62: =V62-10 -> 21 | O62: =N62*M62/100 -> 5945.1 | Q62: 2009 | R62: =2018-Q62 -> 9 | S62: 0.03 | T62: =(15-R62)/15*100 -> 40 | U62: 25 | V62: =T62*40%+U62*60% -> 31
A63: 57 | B63: 183 | C63: 0500000000000057 | D63: 汽油发电机 | F63: 南席 | G63: 1 | I63: 20101115 | K63: 24000 | L63: 1200 | M63: =K63*95% -> 22800 | N63: 1 | O63: =N63*M63/100 -> 228 | P63: 小发电机 | Q63: 2010 | R63: =2018-Q63 -> 8 | S63: 0.6 | T63: =(20-R63)/20*100 -> 60 | U63: 25 | V63: =T63*40%+U63*60% -> 39
A64: 58 | B64: 185 | C64: 0500000000000051 | D64: 黑猫清洗机 | F64: 鸣李 | G64: 1 | I64: 20101203 | K64: 2523 | L64: 126.15 | M64: =K64*95% -> 2396.85 | N64: =V64-10 -> 23.666667 | O64: =N64*M64/100 -> 567.2545 | Q64: 2010 | R64: =2018-Q64 -> 8 | S64: 0.3 | T64: =(15-R64)/15*100 -> 46.666667 | U64: 25 | V64: =T64*40%+U64*60% -> 33.666667
A65: 59 | B65: 177 | C65: 1074 | D65: 油 罐 | F65: 南席 | G65: 1 | I65: 20011203 | K65: 10000 | L65: 500 | M65: =K65*95% -> 9500 | N65: =V65 -> 9.6666667 | O65: =N65*M65/100 -> 918.33333 | Q65: 2001 | R65: =2018-Q65 -> 17 | S65: 0.6 | T65: =(15-R65)/15*100 -> -13.333333 | U65: 25 | V65: =T65*40%+U65*60% -> 9.6666667
A66: 60 | B66: 178 | C66: 0200000000000041 | D66: 油 罐 | F66: 南席 | G66: 1 | I66: 20101005 | K66: 7200 | L66: 360 | M66: =K66*95% -> 6840 | N66: =V66-10 -> 23.666667 | O66: =N66*M66/100 -> 1618.8 | Q66: 2010 | R66: =2018-Q66 -> 8 | S66: 2 | T66: =(15-R66)/15*100 -> 46.666667 | U66: 25 | V66: =T66*40%+U66*60% -> 33.666667
A67: 61 | B67: 179 | C67: 500000000000010 | D67: 油 罐 | F67: 南席 | G67: 1 | I67: 20091009 | K67: 6400 | L67: 320 | M67: =K67*95% -> 6080 | N67: =V67-10 -> 21 | O67: =N67*M67/100 -> 1276.8 | Q67: 2009 | R67: =2018-Q67 -> 9 | S67: 0.2 | T67: =(15-R67)/15*100 -> 40 | U67: 25 | V67: =T67*40%+U67*60% -> 31
A68: 62 | B68: 180 | C68: 500000000000010 | D68: 油 罐 | F68: 南席 | G68: 1 | I68: 20091009 | K68: 6400 | L68: 320 | M68: =K68*95% -> 6080 | N68: =V68-10 -> 21 | O68: =N68*M68/100 -> 1276.8 | Q68: 2009 | R68: =2018-Q68 -> 9 | S68: 0.6 | T68: =(15-R68)/15*100 -> 40 | U68: 25 | V68: =T68*40%+U68*60% -> 31
A69: 合 计 | K69: =SUM(K7:K68) -> 2091404.9 | L69: =SUM(L7:L68) -> 152099.51 | M69: =SUM(M7:M68) -> 1986834.7 | O69: =SUM(O7:O68) -> 251632.62
A70: 减：减值准备 | O70: =IF(OR(L70<=0,L70=""),"",(IF(M70="",0,M70)-L70)/L70*100)
A71: 净 额 | K71: =K69 -> 2091404.9 | L71: =L69 -> 152099.51 | M71: =M69-M70 -> 1986834.7 | O71: =O69 -> 251632.62
A72: 被评估方填表人：
A73: 填表日期：

Sheet 4-6-4四公司二类设备
A1: 固定资产-废旧设备明细表
P2: 表4-6-4
A3: 评估基准日：2018年11月07日
A4: 被评估单位：晋中路桥四公司二类 | P4: 金额单位：人民币元
A5: 序号 | B5: 评估编号 | C5: 资产编号 | D5: 设备名称 | E5: 规格型号 | F5: 存放地点 | G5: 数量 | H5: 计量单位 | I5: 购置日期 | J5: 启用日期 | K5: 帐面价值 | M5: 评估价值 | N5: 评估单价 | O5: 增值率% | P5: 备注 | Q5: 寿命年限
K6: 原值 | L6: 净值
A7: 1 | B7: 1 | C7: 0400000000000029 | D7: 平板车 | F7: 南席 | G7: 1 | H7: 台 | I7: 20010523 | K7: 781100 | L7: 39055 | M7: =Q7*1650 -> 4950 | Q7: 3
A8: 2 | B8: 2 | C8: 01102 | D8: 洒 水 车 | F8: 南席 | G8: 1 | H8: 台 | I8: 20031203 | K8: 40000 | L8: 2000 | M8: =Q8*1650 -> 3300 | Q8: 2 | S8: 14
A9: 3 | B9: 3 | C9: 01103 | D9: 洒 水 车 | F9: 鸣李 | G9: 1 | H9: 台 | I9: 20031203 | K9: 40000 | L9: 2000 | M9: =Q9*1650 -> 2145 | Q9: 1.3 | S9: 14
A10: 4 | B10: 4 | C10: 01049 | D10: 振动压路机 | F10: 鸣李 | G10: 1 | H10: 台 | I10: 20010903 | K10: 338000 | L10: 16900 | M10: =Q10*1650 -> 18150 | Q10: 11 | S10: 11
A11: 5 | B11: 5 | C11: 01051 | D11: 振动压路机 | F11: 鸣李 | G11: 1 | H11: 台 | I11: 20010903 | K11: 336000 | L11: 16800 | M11: =Q11*1650 -> 18150 | Q11: 11 | S11: 16
A12: 6 | B12: 6 | C12: 0100000000000014 | D12: 摊铺机（三滚轴） | F12: 南席 | G12: 1 | H12: 台 | I12: 20091231 | K12: 13700 | L12: 2637.08 | M12: =Q12*1650 -> 330 | Q12: 0.2 | S12: 11.5
A13: 7 | B13: 16 | C13: 01119 | D13: 击成柜 | F13: 鸣李 | G13: 1 | H13: 台 | I13: 20081231 | K13: 14076.67 | L13: 1929.71 | M13: =Q13*1650 -> 49.5 | Q13: 0.03 | S13: 11.5
A14: 8 | B14: 21 | C14: 1112 | D14: 水 泵 | F14: 南席 | G14: 1 | H14: 台 | I14: 20081231 | K14: 4400 | L14: 603.53 | M14: 50 | Q14: 50元 | S14: 1
A15: 9 | B15: 22 | C15: 100000000000023 | D15: 污水泵 | F15: 南席 | G15: 1 | H15: 台 | I15: 20100729 | K15: 3800 | L15: 942.4 | M15: 80 | Q15: 80元 | S15: 1
A16: 10 | B16: 24 | C16: 0500000000000090 | D16: 摆线针减速机 | F16: 南席 | G16: 1 | H16: 台 | I16: 20120602 | K16: 2300 | L16: 115 | M16: =Q16*1650 -> 49.5 | Q16: 0.03 | S16: 1.4
A17: 11 | B17: 25 | C17: 0500000000000090 | D17: 摆线针减速机 | F17: 南席 | G17: 1 | H17: 台 | I17: 20120602 | K17: 2300 | L17: 115 | M17: =Q17*1650 -> 49.5 | Q17: 0.03 | S17: 1.4
A18: 12 | B18: 27 | C18: 0500000000000019 | D18: 水 泵 | F18: 南席 | G18: 1 | H18: 台 | I18: 20091228 | K18: 2860 | L18: 143 | M18: 50 | Q18: 50元 | S18: 1
A19: 13 | B19: 28 | C19: 0500000000000019 | D19: 水 泵 | F19: 南席 | G19: 1 | H19: 台 | I19: 20091228 | K19: 2860 | L19: 143 | M19: 50 | Q19: 50元 | S19: 1.4
A20: 14 | B20: 29 | C20: 0500000000000022 | D20: 水 泵 | F20: 南席 | G20: 1 | H20: 台 | I20: 20091228 | K20: 3816 | L20: 190.8 | M20: =Q20*1650 -> 247.5 | Q20: 0.15 | S20: 1.5
A21: 15 | B21: 30 | C21: 0500000000000022 | D21: 水 泵 | F21: 南席 | G21: 1 | H21: 台 | I21: 20091228 | K21: 3816 | L21: 190.8 | M21: =Q21*1650 -> 247.5 | Q21: 0.15 | S21: 2
A22: 16 | B22: 31 | C22: 0500000000000005 | D22: 污水泵 | F22: 南席 | G22: 1 | H22: 台 | I22: 20091009 | K22: 2350 | L22: 117.5 | M22: 80 | Q22: 80元 | S22: 14
A23: 17 | B23: 32 | C23: 0500000000000040 | D23: 污水泵 | F23: 南席 | G23: 1 | H23: 台 | I23: 20100622 | K23: 2400 | L23: 120 | M23: 80 | Q23: 80元 | S23: 22
A24: 18 | B24: 33 | C24: 0500000000000056 | D24: 真空断路 | F24: 南席 | G24: 1 | H24: 台 | I24: 20101211 | K24: 18000 | L24: 900 | M24: =Q24*1650 -> 0 | P24: 含入37项 | Q24: 0 | S24: 2
A25: 19 | B25: 34 | C25: 0500000000000045 | D25: 6F开关 | F25: 南席 | G25: 1 | H25: 台 | I25: 20101031 | K25: 23500 | L25: 1175 | M25: =Q25*1650 -> 0 | P25: 含入38项 | Q25: 0 | S25: 10
A26: 20 | B26: 35 | C26: 0400000000000043 | D26: 螺旋输送机 | F26: 南席 | G26: 1 | H26: 台 | I26: 20090511 | K26: 26330 | L26: 1316.5 | M26: =Q26*1650 -> 82.5 | Q26: 0.05 | S26: 1
A27: 21 | B27: 36 | C27: 0500000000000058 | D27: 一体化综合配电柜 | F27: 南席 | G27: 1 | H27: 台 | I27: 20101214 | K27: 14000 | L27: 700 | M27: 60 | Q27: 100元 | S27: 1
A28: 22 | B28: 37 | C28: 0500000000000058 | D28: 一体化综合配电柜 | F28: 南席 | G28: 1 | H28: 台 | I28: 20101214 | K28: 14000 | L28: 700 | M28: 60 | Q28: 100元 | S28: 3
A29: 23 | B29: 38 | C29: 0500000000000058 | D29: 一体化综合配电柜 | F29: 南席 | G29: 1 | H29: 台 | I29: 20101214 | K29: 14000 | L29: 700 | M29: 60 | Q29: 100元 | S29: 16
A30: 24 | B30: 39 | C30: 0500000000000082 | D30: 炸药库防盗门 | F30: 鸣李 | G30: 1 | H30: 台 | I30: 20070524 | K30: 5200 | L30: 260 | M30: 10 | Q30: 20元 | S30: 16
A31: 25 | B31: 40 | C31: 0500000000000088 | D31: 滚丝机 | F31: 鸣李 | G31: 1 | H31: 台 | I31: 20070524 | K31: 11800 | L31: 590 | M31: =Q31*1650 -> 330 | Q31: 0.2 | S31: 14
A32: 26 | B32: 42 | C32: 01061 | D32: 切缝机 | F32: 鸣李 | G32: 1 | H32: 台 | I32: 20010903 | K32: 3800 | L32: 190 | M32: =Q32*1650 -> 82.5 | Q32: 0.05
A33: 27 | B33: 43 | C33: 01062 | D33: 切缝机 | F33: 鸣李 | G33: 1 | H33: 台 | I33: 20010903 | K33: 13120 | L33: 656 | M33: =Q33*1650 -> 82.5 | Q33: 0.05 | S33: 3.3
A34: 28 | B34: 44 | C34: 01053 | D34: 拖式振动碾 | F34: 鸣李 | G34: 1 | H34: 台 | I34: 20020903 | K34: 230000 | L34: 11500 | M34: =Q34*1650 -> 13200 | Q34: 8 | S34: 3.3
A35: 29 | B35: 45 | C35: 01068 | D35: 冲击夯 | F35: 鸣李 | G35: 1 | H35: 台 | I35: 20011203 | K35: 23600 | L35: 1180 | M35: =Q35*1650 -> 49.5 | Q35: 0.03 | S35: 2
A36: 30 | B36: 46 | C36: 01069 | D36: 冲击夯 | F36: 鸣李 | G36: 1 | H36: 台 | I36: 20011203 | K36: 2700 | L36: 135 | M36: =Q36*1650 -> 49.5 | Q36: 0.03 | S36: 0.3
A37: 31 | B37: 47 | C37: 01070 | D37: 冲击夯 | F37: 鸣李 | G37: 1 | H37: 台 | I37: 20031203 | K37: 23400 | L37: 1170 | M37: =Q37*1650 -> 82.5 | Q37: 0.05 | S37: 0.03
A38: 32 | B38: 48 | C38: 01071 | D38: 强制式砼搅拌机 | F38: 鸣李 | G38: 1 | H38: 台 | I38: 20011203 | K38: 100000 | L38: 5000 | M38: =Q38*1650 -> 8250 | Q38: 5 | S38: 0.04
A39: 33 | B39: 49 | C39: 01060 | D39: 粉料输送机 | F39: 鸣李 | G39: 1 | H39: 台 | I39: 20010903 | K39: 58800 | L39: 2940 | M39: =Q39*1650 -> 1320 | Q39: 0.8 | S39: 0.06
A40: 34 | B40: 52 | C40: 01100 | D40: 发电机 | F40: 鸣李 | G40: 1 | H40: 台 | I40: 20031203 | K40: 70720 | L40: 3536 | M40: =Q40*1650 -> 1320 | Q40: 0.8 | S40: 0.06
A41: 35 | B41: 53 | C41: 01079 | D41: 离心式潜水泵 | F41: 鸣李 | G41: 1 | H41: 台 | I41: 20011203 | K41: 1000 | L41: 50 | M41: =Q41*1650 -> 33 | Q41: 0.02 | S41: 0.03
A42: 36 | B42: 57 | C42: 01097 | D42: 配电柜 | F42: 鸣李 | G42: 1 | H42: 台 | I42: 20021203 | K42: 19000 | L42: 950 | M42: 50 | Q42: 50元 | S42: 0.05
A43: 37 | B43: 58 | C43: 01098 | D43: 配电柜 | F43: 鸣李 | G43: 1 | H43: 台 | I43: 20031203 | K43: 19000 | L43: 950 | M43: 50 | Q43: 51元 | S43: 0.03
A44: 38 | B44: 59 | C44: 01080 | D44: 污水泵 | F44: 鸣李 | G44: 1 | H44: 台 | I44: 20021203 | K44: 2300 | L44: 115 | M44: 50 | Q44: 52元 | S44: 0.025
A45: 39 | B45: 60 | C45: 01085 | D45: 对焊机 | F45: 鸣李 | G45: 1 | H45: 台 | I45: 20011203 | K45: 12000 | L45: 600 | M45: =Q45*1650 -> 247.5 | Q45: 0.15
A46: 40 | B46: 61 | C46: 01057 | D46: 稳定土厂拌 | F46: 南席 | G46: 1 | H46: 台 | I46: 20010903 | K46: 450000 | L46: 22500 | M46: =Q46*1650 -> 4950 | Q46: 3
A47: 41 | B47: 62 | C47: 01058 | D47: 水泥料仓 | F47: 南席 | G47: 1 | H47: 台 | I47: 20010903 | K47: 15000 | L47: 750 | M47: =Q47*1650 -> 4950 | Q47: 3
A48: 42 | B48: 67 | C48: 01067 | D48: 水泥整平机 | F48: 鸣李 | G48: 1 | H48: 台 | I48: 20011203 | K48: 62400 | L48: 3120 | M48: =Q48*1650 -> 82.5 | Q48: 0.05
A49: 43 | B49: 68 | C49: 0200000000000008 | D49: 压力机 | F49: 南席 | G49: 1 | H49: 台 | I49: 20091228 | K49: 13000 | L49: 650 | M49: =Q49*1650 -> 495 | Q49: 0.3
A50: 44 | B50: 69 | C50: 0200000000000026 | D50: 压力机 | F50: 南席 | G50: 1 | H50: 台 | I50: 20100622 | K50: 14880 | L50: 744 | M50: =Q50*1650 -> 495 | Q50: 0.3
A51: 45 | B51: 70 | C51: 0200000000000049 | D51: 恒应力压力机 | F51: 鸣李 | G51: 1 | H51: 台 | I51: 20101108 | K51: 21000 | L51: 1050 | M51: =Q51*1650 -> 495 | Q51: 0.3
A52: 46 | B52: 71 | C52: 0200000000000006 | D52: 万能材料试验机 | F52: 南席 | G52: 1 | H52: 台 | I52: 20091031 | K52: 48000 | L52: 2400 | M52: =Q52*1650 -> 132 | Q52: 0.08
A53: 47 | B53: 72 | C53: 0200000000000047 | D53: 万能材料试验机 | F53: 鸣李 | G53: 1 | H53: 台 | I53: 20101108 | K53: 35000 | L53: 1750 | M53: =Q53*1650 -> 330 | Q53: 0.2
A54: 48 | B54: 73 | C54: 0200000000000003 | D54: 砼搅拌机 | F54: 鸣李 | G54: 1 | H54: 台 | I54: 20091031 | K54: 4200 | L54: 210 | M54: =Q54*1650 -> 330 | Q54: 0.2
A55: 49 | B55: 74 | C55: 0200000000000032 | D55: 测压电动脱模器 | F55: 南席 | G55: 1 | H55: 台 | I55: 20100622 | K55: 5760 | L55: 288 | M55: =Q55*1650 -> 165 | Q55: 0.1
A56: 50 | B56: 75 | C56: 0200000000000038 | D56: 路面钻孔机 | F56: 鸣李 | G56: 1 | H56: 台 | I56: 20100925 | K56: 8000 | L56: 400 | M56: =Q56*1650 -> 165 | Q56: 0.1 | S56: 0.05
A57: 51 | B57: 76 | C57: 0200000000000063 | D57: 电脑沥青针入度仪 | F57: 南席 | G57: 1 | H57: 台 | I57: 20111203 | K57: 2600 | L57: 130 | M57: 2 | Q57: 2元
A58: 52 | B58: 77 | C58: 0200000000000037 | D58: 全自动沥青抽提仪 | F58: 鸣李 | G58: 1 | H58: 台 | I58: 20100925 | K58: 30000 | L58: 1500 | M58: 10 | Q58: 10元
A59: 53 | B59: 78 | C59: 0200000000000016 | D59: 最大理论密度试验仪 | F59: 南席 | G59: 1 | H59: 台 | I59: 20100617 | K59: 3900 | L59: 195 | M59: 10 | Q59: 10元
A60: 54 | B60: 79 | C60: 0200000000000020 | D60: 沥青旋转薄膜烘箱 | F60: 鸣李 | G60: 1 | H60: 台 | I60: 20100617 | K60: 10500 | L60: 525 | M60: =Q60*1650 -> 132 | Q60: 0.08
A61: 55 | B61: 80 | C61: 0200000000000012 | D61: 标准养护箱 | F61: 南席 | G61: 1 | H61: 台 | I61: 20091228 | K61: 4000 | L61: 200 | M61: =Q61*1650 -> 16.5 | Q61: 0.01
A62: 56 | B62: 81 | C62: 0200000000000013 | D62: 标准养护室温湿自控仪 | F62: 南席 | G62: 1 | H62: 台 | I62: 20091228 | K62: 2600 | L62: 130 | M62: =Q62*1650 -> 16.5 | Q62: 0.01 | S62: 0.03
A63: 57 | B63: 82 | C63: 0200000000000001 | D63: 全自动标养控制仪 | F63: 鸣李 | G63: 1 | H63: 台 | I63: 20091031 | K63: 14500 | L63: 725 | M63: =Q63*1650 -> 49.5 | Q63: 0.03 | S63: 0.6
A64: 58 | B64: 83 | C64: 0200000000000018 | D64: 恒温控制设备 | F64: 鸣李 | G64: 1 | H64: 台 | I64: 20100617 | K64: 3000 | L64: 150 | M64: =Q64*1650 -> 16.5 | Q64: 0.01 | S64: 0.3
A65: 59 | B65: 84 | C65: 0213 | D65: 净水天平 | F65: 南席 | G65: 1 | H65: 台 | I65: 20040503 | K65: 4500 | L65: 225 | M65: 5 | Q65: 5元 | S65: 0.6
A66: 60 | B66: 85 | C66: 0200000000000009 | D66: 数显抗压机 | F66: 南席 | G66: 1 | H66: 台 | I66: 20091228 | K66: 11500 | L66: 575 | M66: =Q66*1650 -> 165 | Q66: 0.1 | S66: 2
A67: 61 | B67: 86 | C67: 0235 | D67: 压力机 | F67: 鸣李 | G67: 1 | H67: 台 | I67: 20041203 | K67: 29000 | L67: 1450 | M67: =Q67*1650 -> 495 | Q67: 0.3 | S67: 0.2
A68: 62 | B68: 87 | C68: 0205 | D68: 万能机 | F68: 南席 | G68: 1 | H68: 台 | I68: 20010503 | K68: 87000 | L68: 4350 | M68: =Q68*1650 -> 165 | Q68: 0.1 | S68: 0.6
A69: 63 | B69: 88 | C69: 0200000000000024 | D69: 水泥胶砂振动台 | F69: 南席 | G69: 1 | H69: 台 | I69: 20100622 | K69: 2080 | L69: 104 | M69: 20 | Q69: 20元 | S69: 0.15
A70: 64 | B70: 89 | C70: 0221 | D70: 胶砂振动台 | F70: 鸣李 | G70: 1 | H70: 台 | I70: 20010503 | K70: 4500 | L70: 225 | M70: =Q70*1650 -> 24.75 | Q70: 0.015 | S70: 0.15
A71: 65 | B71: 90 | C71: 0224 | D71: 强制式搅拌机 | F71: 南席 | G71: 1 | H71: 台 | I71: 20020503 | K71: 5600 | L71: 280 | M71: =Q71*1650 -> 82.5 | Q71: 0.05 | S71: 0.35
A72: 66 | B72: 91 | C72: 0207 | D72: 延伸仪 | F72: 鸣李 | G72: 1 | H72: 台 | I72: 20010503 | K72: 3800 | L72: 190 | M72: =Q72*1650 -> 82.5 | Q72: 0.05 | S72: 0.39
A73: 67 | B73: 92 | C73: 0220 | D73: 胶砂搅拌机 | F73: 鸣李 | G73: 1 | H73: 台 | I73: 20010503 | K73: 4800 | L73: 240 | M73: =Q73*1650 -> 99 | Q73: 0.06 | S73: 0.015
A74: 68 | B74: 93 | C74: 0232 | D74: 电动脱模器 | F74: 南席 | G74: 1 | H74: 台 | I74: 20010503 | K74: 8100 | L74: 405 | M74: =Q74*1650 -> 132 | Q74: 0.08 | S74: 0.1
A75: 69 | B75: 94 | C75: 0215 | D75: 钻芯取样机 | F75: 南席 | G75: 1 | H75: 台 | I75: 20040503 | K75: 26900 | L75: 1345 | M75: =Q75*1650 -> 132 | Q75: 0.08 | S75: 0.01
A76: 70 | B76: 95 | C76: 0210 | D76: 马歇尔击实仪 | F76: 鸣李 | G76: 1 | H76: 台 | I76: 20010503 | K76: 13000 | L76: 650 | M76: =Q76*1650 -> 132 | Q76: 0.08 | S76: 1.5
A77: 71 | B77: 96 | C77: 0209 | D77: 马歇尔击实仪 | F77: 南席 | G77: 1 | H77: 台 | I77: 20040503 | K77: 16900 | L77: 845 | M77: =Q77*1650 -> 24.75 | Q77: 0.015 | S77: 4
A78: 72 | B78: 97 | C78: 0200000000000025 | D78: 水泥电动抗折机 | F78: 南席 | G78: 1 | H78: 台 | I78: 20100622 | K78: 3200 | L78: 160 | M78: =Q78*1650 -> 16.5 | Q78: 0.01 | S78: 3.5
A79: 73 | B79: 98 | C79: 2022 | D79: 抗折仪 | F79: 鸣李 | G79: 1 | H79: 台 | I79: 20010503 | K79: 4800 | L79: 240 | M79: =Q79*1650 -> 82.5 | Q79: 0.05 | S79: 1.2
A80: 74 | B80: 99 | C80: 0240 | D80: CBR仪 | F80: 南席 | G80: 1 | H80: 台 | I80: 20041203 | K80: 7500 | L80: 375 | M80: =Q80*1650 -> 24.75 | Q80: 0.015 | S80: 1
A81: 75 | B81: 100 | C81: 0242 | D81: 路强仪 | F81: 南席 | G81: 1 | H81: 台 | I81: 20041203 | K81: 11060 | L81: 553 | M81: =Q81*1650 -> 49.5 | Q81: 0.03 | S81: 0.5
... A85: 79 | B85: 104 | C85: 0218 | D85: 净浆搅拌机 | F85: 鸣李 | G85: 1 | H85: 台 | I85: 20010503 | K85: 3600 | L85: 180 | M85: =Q85*1650 -> 16.5 | Q85: 0.01 | S85: 0.8
A86: 80 | B86: 105 | C86: 0214 | D86: 摆式摩擦仪 | F86: 鸣李 | G86: 1 | H86: 台 | I86: 20020503 | K86: 4600 | L86: 230 | M86: 5 | Q86: 5元 | S86: 0.52
